Workbook
Name _ETR13: #REF!
Name _ETR13: #REF!
Name _ETR13: #REF!
Name _ETR13: #REF!
Name _ETR13: #REF!
Name _ETR13: #REF!
Name _ETR13: #REF!
Name _ETR13: #REF!
Name _ETR13: #REF!
Name _ETR13: #REF!
Name _ETR13: #REF!
Name _ORO13: #REF!
Name _ORO13: #REF!
Name _ORO13: #REF!
Name _ORO13: #REF!
Name _ORO13: #REF!
Name _ORO13: #REF!
Name _ORO13: #REF!
Name _ORO13: #REF!
Name _ORO13: #REF!
Name _ORO13: #REF!
Name _ORO13: #REF!
Name _ORO14: #REF!
Name _ORO14: #REF!
Name _ORO14: #REF!
Name _ORO14: #REF!
Name _ORO14: #REF!
Name _ORO14: #REF!
Name _ORO14: #REF!
Name _ORO14: #REF!
Name _ORO14: #REF!
Name _ORO14: #REF!
Name _ORO14: #REF!
Name _ORO15: #REF!
Name _ORO15: #REF!
Name _ORO15: #REF!
Name _ORO15: #REF!
Name _ORO15: #REF!
Name _ORO15: #REF!
Name _ORO15: #REF!
Name _ORO15: #REF!
Name _ORO15: #REF!
Name _ORO15: #REF!
Name _ORO15: #REF!
Name _ORO16: #REF!
Name _ORO16: #REF!
Name _ORO16: #REF!
Name _ORO16: #REF!
Name _ORO16: #REF!
Name _ORO16: #REF!
Name _ORO16: #REF!
Name _ORO16: #REF!
Name _ORO16: #REF!
Name _ORO16: #REF!
Name _ORO16: #REF!
Name _ORO17: #REF!
Name _ORO17: #REF!
Name _ORO17: #REF!
Name _ORO17: #REF!
Name _ORO17: #REF!

Sheet RESUMEN GRAL
D2: ALCALDÍA MAYOR DE BOGOTÁ D.C.
D3: ALCALDÍA LOCAL DE KENNEDY
D4: ÁREA DE GESTIÓN DE DESARROLLO LOCAL KENNEDY
C5: ALCALDÍA LOCAL DE KENNEDY | D5: OFICINA DE INFRAESTRUCTURA DEL FDLK
C7: OBJETO DE LA LICITACIÓN: | D7: "EJECUTAR A MONTO AGOTABLE POR EL SISTEMA DE PRECIOS UNITARIOS LAS OBRAS Y ACTIVIDADES PARA EL DIAGNOSTICO Y LA CONSERVACIÓN DE PUENTES VEHICULARES Y/O PEATONALES SOBRE CUERPOS DE AGUA DE LA LOCALIDAD DE KENNEDY”
C9: CONTRATO No. | D9: FDLK-LP-XX-2021
C10: MODALIDAD DE CONTRATACÒN | D10: LICITACION PUBLICA
C11: TIPO DE CONTRATO | D11: CONTRATO DE OBRA PÚBLICA
C12: FECHA: | D12: =TODAY() -> 44865
C14: ACTIVIDADES | D14: MESES | E14: MONTOS
C15: Actividades previas | D15: 2 | E15: 0
C16: EJECUCIÓN DE OBRAS | D16: 3 | E16: ='D. ENTRADA obra'!D15 -> 369171412
C17: TOTAL PROYECTO DIRECTO | D17: =SUM(D15:D16) -> 5 | E17: =SUM(E15:E16) -> 369171412
C19: AIU OBRA | D19: ='AIU OBRA'!L70 -> 0.39927475 | E19: =($E$17*D19) -> 1.4740082e+08
C20: PGA Y SST (Incl. AIU e IVA) | D20: ='PGA Y SST'!O121 -> 0.092783257 | E20: =$E$17*D20 -> 34252926
C21: PGS (Incl. AIU e IVA) | D21: =PGS!L53 -> 0.034757328 | E21: =$E$17*D21 -> 12831412
C22: PMT (Incl. AIU e IVA) | D22: =PMT!P37 -> 0.074377029 | E22: =$E$17*D22 -> 27457873
C23: Costo estimado Ajustes | E23: ='Presupuesto Obra Consolidado'!H75 -> 5537571
C24: COSTO TOTAL DEL PROYECTO DE OBRA | E24: =ROUND(SUM(E17:E23),0) -> 596652016
C26: OBJETO DEL CONCURSO: | D26: "REALIZAR LA INTERVENTORÍA TÉCNICA, ADMINISTRATIVA, FINANCIERA, JURÍDICA, SOCIAL, AMBIENTAL Y SST AL CONTRATO DE OBRA PÚBLICA QUE TENDRÁ POR OBJETO CONTRACTUAL: "EJECUTAR A MONTO AGOTABLE POR EL SISTEMA DE PRECIOS UNITARIOS FIJOS LAS OBRAS Y ACTIVIDADES PARA EL DIAGNOSTICO Y LA CONSERVACIÓN DE PUENTES VEHICULARES Y/O PEATONALES SOBRE CUERPOS DE AGUA DE LA LOCALIDAD DE KENNEDY”
C28: PROCESO No. | D28: FDLK-CMA-XXX-2021
C29: MODALIDAD DE CONTRATACION | D29: CONCURSO DE MERITOS
C30: TIPOA DE CONTRATO | D30: CONTRATO DE INTERVENTORÍA
C31: FECHA: | D31: =TODAY() -> 44865
C33: ACTIVIDADES | D33: MESES | E33: MONTOS
C34: EJECUCIÓN DE INTERVENTORIA Y ENTREGA | D34: 5 | E34: =ROUND(119098600.4,0) -> 119098600
C35: EPP | E35: =ROUND(3631215.96638655,0) -> 3631216
C36: IVA (19%) | D36: 0.19 | E36: =ROUND((E34+E35)*D36,0) -> 23318665
C37: COSTO TOTAL DEL PROYECTO DE INTERVENTORIA | D37: 5 | E37: =ROUND(SUM(E34:E36),0) -> 146048481 | H37: =E42-E40 -> -55374497
E38: =E37/E24 -> 0.24478
C40: COSTO TOTAL DEL PROYECTOS DE PUENTES SOBRE CUERPOS DE AGUA | E40: =E37+E24 -> 742700497
E42: 687326000
E43: =E40-E42 -> 55374497

Sheet D. ENTRADA obra
C2: ALCALDÍA MAYOR DE BOGOTÁ D.C.
C3: ALCALDÍA LOCAL DE KENNEDY
C4: ÁREA DE GESTIÓN DE DESARROLLO LOCAL KENNEDY
B5: ALCALDÍA LOCAL DE KENNEDY | C5: OFICINA DE INFRAESTRUCTURA DEL FDLK
B7: OBJETO DE LA LICITACIÓN: | C7: "EJECUTAR A MONTO AGOTABLE POR EL SISTEMA DE PRECIOS UNITARIOS LAS OBRAS Y ACTIVIDADES PARA EL DIAGNOSTICO Y LA CONSERVACIÓN DE PUENTES VEHICULARES Y/O PEATONALES SOBRE CUERPOS DE AGUA DE LA LOCALIDAD DE KENNEDY”
B9: CONTRATO No. | C9: -
B10: MODALIDAD DE PROYECTO | C10: CONTRATO DE OBRA PÚBLICA
B11: FECHA: | C11: =TODAY() -> 44865
B13: ACTIVIDADES | C13: MESES | D13: MONTOS
B14: PRELIMINARES | C14: 1.5 | D14: 0
B15: EJECUCIÓN DE OBRAS | C15: 3 | D15: ='Presupuesto Obra Consolidado'!H65 -> 369171412
B16: TOTAL PROYECTO | C16: =SUM(C14:C15) -> 4.5 | D16: =SUM(D14:D15) -> 369171412
B18: AIU OBRA | C18: ='AIU OBRA'!L70 -> 0.39927475 | D18: =ROUND(($D$16*C18),0) -> 147400822
B19: PGA Y SST (Incl. AIU) | C19: ='PGA Y SST'!O121 -> 0.092783257 | D19: =$D$16*C19 -> 34252926
B20: PGS (Incl. AIU) | C20: =PGS!L53 -> 0.034757328 | D20: =$D$16*C20 -> 12831412
B21: PMT (Incl. AIU) | C21: =PMT!P37 -> 0.074377029 | D21: =$D$16*C21 -> 27457873
B22: Ajustes | C22: 0 | D22: =Ajustes!H66 -> 5537571
B23: COSTO TOTAL DEL PROYECTO | D23: =ROUND(SUM(D16:D22),0) -> 596652016
D24: 541277519
D25: =D23-D24 -> 55374497

Sheet 1. Presupuesto 24119475
B2: FORMATO
B3: Presupuesto General de Obras - Costos Directos
B4: CÓDIGO | D4: PROCESO | G4: VERSIÓN
B5: FO-DP-01 | D5: Conservación de puentes | G5: 1 | H5: ALCALDÍA LOCAL DE KENNEDY
B7: ALCALDÍA LOCAL DE KENNEDY
B8: ÁREA DE GESTIÓN DE DESARROLLO LOCAL KENNEDY
B9: OFICINA DE INFRAESTRUCTURA DEL FDLK
B10: OBJETO DE LA LICITACIÓN | D10: ='D. ENTRADA obra'!C7 -> "EJECUTAR A MONTO AGOTABLE POR EL SISTEMA DE PRECIOS UNITARIOS LAS OBRAS Y ACTIVIDADES PARA EL DIAGNOSTICO Y LA CONSERVACIÓN DE PUENTES VEHICULARES Y/O PEATONALES SOBRE CUERPOS DE AGUA DE LA LOCALIDAD DE KENNEDY”
B12: Puente Peatonal 24119475 - CL 45 S por KR 73 (Río Tunjuelito)
E14: Fecha de Actualización: 10 de Octubre de 2022 | J14: L= | K14: 29
J15: W= | K15: 4.5
B16: CODIGO IDU | C16: ÍTEM | D16: DESCRIPCIÓN | E16: UNIDAD | F16: CANTIDAD | G16: PRECIO UNITARIO | H16: VALOR TOTAL | J16: luces | K16: 4
C17: 1 | D17: Preliminares | H17: =SUM(H18:H20) -> 1101977
B18: 6162 | C18: =C17*1000+1 -> 1001 | D18: =K18 -> DIAGNOSTICO DE ESPACIO PUBLICO Y CICLORRUTA Y PUENTES PEATONALES (VISUAL). INCLUYE LEVANTAMIENTO TOPOGRÁFICO Y GEORREFERENCIACIÓN DE ELEMENTOS | E18: =L18 -> M2 | F18: =((P23+P29+P35)*O21)+1000 -> 1882.81 | G18: =J18 -> 119 | H18: =ROUND(F18*G18,0) -> 224054 | J18: =LOOKUP(B18,$C$80:$C$4513,$F$80:$F$4513) -> 119 | K18: =LOOKUP(B18,$C$80:$C$4513,$D$80:$D$4513) -> DIAGNOSTICO DE ESPACIO PUBLICO Y CICLORRUTA Y PUENTES PEATONALES (VISUAL). INCLUYE LEVANTAMIENTO TOPOGRÁFICO Y GEORREFERENCIACIÓN DE ELEMENTOS | L18: =LOOKUP(B18,$C$80:$C$4513,$E$80:$E$4513) -> M2
B19: 3688 | C19: =C18+1 -> 1002 | D19: =K19 -> DESMONTE Y REINSTALACION DE SEÑALES VIALES (INCLUYE DADO DE ANCLAJE) | E19: =L19 -> UN | F19: 8 | G19: =J19 -> 41764 | H19: =ROUND(F19*G19,0) -> 334112 | J19: =LOOKUP(B19,$C$80:$C$4513,$F$80:$F$4513) -> 41764 | K19: =LOOKUP(B19,$C$80:$C$4513,$D$80:$D$4513) -> DESMONTE Y REINSTALACION DE SEÑALES VIALES (INCLUYE DADO DE ANCLAJE) | L19: =LOOKUP(B19,$C$80:$C$4513,$E$80:$E$4513) -> UN
B20: 6153 | C20: =C19+1 -> 1003 | D20: =K20 -> CORTE Y RETIRO DE CÉSPED (HASTA 40 CM - INCLUYE RETIRO DE DESPERDICIOS). NO INCLUYE TRANSPORTE Y RETIRO DE SOBRANTES. | E20: =L20 -> M2 | F20: =(P23+P29+P35)*O21 -> 882.81 | G20: =J20 -> 616 | H20: =ROUND(F20*G20,0) -> 543811 | J20: =LOOKUP(B20,$C$80:$C$4513,$F$80:$F$4513) -> 616 | K20: =LOOKUP(B20,$C$80:$C$4513,$D$80:$D$4513) -> CORTE Y RETIRO DE CÉSPED (HASTA 40 CM - INCLUYE RETIRO DE DESPERDICIOS). NO INCLUYE TRANSPORTE Y RETIRO DE SOBRANTES. | L20: =LOOKUP(B20,$C$80:$C$4513,$E$80:$E$4513) -> M2
C21: 2 | D21: Mantenimiento y Conservacion de Elementos Estructurales | H21: =SUM(H22:H29) -> 75388214 | N21: GEOMETRIA GENERAL | O21: 1 | P21: AREA | R21: Carpeta de rodadura
B22: 4947 | C22: =C21*1000+1 -> 2001 | D22: =K22 -> LAVADO DE ESTRUCTURA EN CONCRETO Y/O METÁLICAS. INCLUYE ALQUILER DE HIDROLAVADORA 1300W MOTOR A GASOLINA PRESIÓN 3200 PSI. INCLUYE IMPLEMENTOS DE ASEO (DETERGENTE INDUSTRIAL), AGUA, COMBUSTIBLE Y MANO DE OBRA. | E22: =L22 -> M2 | F22: =(P23+P29+P35+(S26*S27*3*O25)+(S28*S27*3*3))*O21*1.05 -> 2752.407 | G22: =J22 -> 3972 | H22: =ROUND(F22*G22,0) -> 10932561 | J22: =LOOKUP(B22,$C$80:$C$4513,$F$80:$F$4513) -> 3972 | K22: =LOOKUP(B22,$C$80:$C$4513,$D$80:$D$4513) -> LAVADO DE ESTRUCTURA EN CONCRETO Y/O METÁLICAS. INCLUYE ALQUILER DE HIDROLAVADORA 1300W MOTOR A GASOLINA PRESIÓN 3200 PSI. INCLUYE IMPLEMENTOS DE ASEO (DETERGENTE INDUSTRIAL), AGUA, COMBUSTIBLE Y MANO DE OBRA. | L22: =LOOKUP(B22,$C$80:$C$4513,$E$80:$E$4513) -> M2 | N22: ANCHO | O22: 4.5 | R22: No. De juntas | S22: 2
B23: 6275 | C23: =C22+1 -> 2002 | D23: =K23 -> REPARACIÓN DE SOLDADURAS JUNTAS A FILETE, CON REMOCIÓN DE PINTURA EXISTENTE, REMOCIÓN DEL DEFECTO MEDIANTE DISCO DE CORTE DE 1/8" PARA GENERAR BISEL Y LUEGO DISCO DE PULIDO DE 1/4" PARA MEJORAR INCLINACIÓN DE CARAS Y FACILITAR PROCESO DE COLOCACIÓN DE MATERIAL DE APORTE. INCLUYE: GATEO MEDIANTE TUBERÍA Y GATOS HIDRÁULICO DE 100 TON EN 2 PUNTOS PARA SOPORTE DE TRAMOS A REPARAR; REMOCIÓN DE PINTURA, APLICACIÓN DE CORDÓN DE SOLDADURA 7018 X1/8" CON ADECUADA PENETRACIÓN; APLICACIÓN DE CORDÓN DE PRESENTACIÓN EN 5/32", APLICACIÓN DE ANTICORROSIVO A BASE DE CROMATO DE ZINC Y ESMALTE EN 5 MILS; EQUIPO, ANDAMIO, MATERIALES, HERRAMIENTA Y MANO DE OBRA. | E23: =L23 -> ML | F23: =O23*4*O21*0.2*1.1 -> 130.372 | G23: =J23 -> 103779 | H23: =ROUND(F23*G23,0) -> 13529876 | J23: =LOOKUP(B23,$C$80:$C$4513,$F$80:$F$4513) -> 103779 | K23: =LOOKUP(B23,$C$80:$C$4513,$D$80:$D$4513) -> REPARACIÓN DE SOLDADURAS JUNTAS A FILETE, CON REMOCIÓN DE PINTURA EXISTENTE, REMOCIÓN DEL DEFECTO MEDIANTE DISCO DE CORTE DE 1/8" PARA GENERAR BISEL Y LUEGO DISCO DE PULIDO DE 1/4" PARA MEJORAR INCLINACIÓN DE CARAS Y FACILITAR PROCESO DE COLOCACIÓN DE MATERIAL DE APORTE. INCLUYE: GATEO MEDIANTE TUBERÍA Y GATOS HIDRÁULICO DE 100 TON EN 2 PUNTOS PARA SOPORTE DE TRAMOS A REPARAR; REMOCIÓN DE PINTURA, APLICACIÓN DE CORDÓN DE SOLDADURA 7018 X1/8" CON ADECUADA PENETRACIÓN; APLICACIÓN DE CORDÓN DE PRESENTACIÓN EN 5/32", APLICACIÓN DE ANTICORROSIVO A BASE DE CROMATO DE ZINC Y ESMALTE EN 5 MILS; EQUIPO, ANDAMIO, MATERIALES, HERRAMIENTA Y MANO DE OBRA. | L23: =LOOKUP(B23,$C$80:$C$4513,$E$80:$E$4513) -> ML | N23: LONGITUD | O23: 148.15 | P23: =O23*O22 -> 666.675 | R23: Sendero Peatonal (ancho) | S23: 4.5
B24: 9055 | C24: =C23+1 -> 2003 | D24: =K24 -> SUMINISTRO Y APLICACIÓN DE UNA CAPA DE ANTICORROSIVO DE 3MM DE ESPESOR DE PELÍCULA SECA IMPRIMANTE EPÓXICO, PREVIA PREPARACIÓN DE LA SUPERFICIE MEDIANTE LIMPIEZA MANUAL O MECÁNICA, SEGÚN LAS NORMAS SSPC-SP2 | E24: =L24 -> ML | F24: =O23*O21*3*1.1 -> 488.895 | G24: =J24 -> 11882 | H24: =ROUND(F24*G24,0) -> 5809050 | J24: =LOOKUP(B24,$C$80:$C$4513,$F$80:$F$4513) -> 11882 | K24: =LOOKUP(B24,$C$80:$C$4513,$D$80:$D$4513) -> SUMINISTRO Y APLICACIÓN DE UNA CAPA DE ANTICORROSIVO DE 3MM DE ESPESOR DE PELÍCULA SECA IMPRIMANTE EPÓXICO, PREVIA PREPARACIÓN DE LA SUPERFICIE MEDIANTE LIMPIEZA MANUAL O MECÁNICA, SEGÚN LAS NORMAS SSPC-SP2 | L24: =LOOKUP(B24,$C$80:$C$4513,$E$80:$E$4513) -> ML | N24: LUZ MAYOR | O24: 29 | R24: barandas alto | S24: 1.11
B25: 6262 | C25: =C24+1 -> 2004 | D25: =K25 -> PINTURA ACRÍLICA, MONOCOMPONENTE, IMPERMEABLE, ELÁSTICO, DE ALTA RESISTENCIA A LA CARBONATACIÓN, LAVABLE, CONSUMO DE 0,32 GL/M2, PARA UN ESPESOR DE PELÍCULA SECA DE 12 MILS. INCLUYE TODOS LOS COSTOS DE SUMINISTRO DE MATERIALES, EQUIPOS (COMPRESOR, PISTOLA, RODILLO, ANDAMIOS, PROVISIONAL DE ENERGÍA), TRANSPORTES, MANEJO, ALMACENAMIENTO, DESPERDICIOS Y MANO DE OBRA. | E25: =L25 -> M2 | F25: =((O23*S27)+(O23*1.5*2))*O21*1.1 -> 1222.2375 | G25: =J25 -> 28199 | H25: =ROUND(F25*G25,0) -> 34465875 | J25: =LOOKUP(B25,$C$80:$C$4513,$F$80:$F$4513) -> 28199 | K25: =LOOKUP(B25,$C$80:$C$4513,$D$80:$D$4513) -> PINTURA ACRÍLICA, MONOCOMPONENTE, IMPERMEABLE, ELÁSTICO, DE ALTA RESISTENCIA A LA CARBONATACIÓN, LAVABLE, CONSUMO DE 0,32 GL/M2, PARA UN ESPESOR DE PELÍCULA SECA DE 12 MILS. INCLUYE TODOS LOS COSTOS DE SUMINISTRO DE MATERIALES, EQUIPOS (COMPRESOR, PISTOLA, RODILLO, ANDAMIOS, PROVISIONAL DE ENERGÍA), TRANSPORTES, MANEJO, ALMACENAMIENTO, DESPERDICIOS Y MANO DE OBRA. | L25: =LOOKUP(B25,$C$80:$C$4513,$E$80:$E$4513) -> M2 | N25: NUMERO DE LUCES | O25: 4 | R25: Elementos estructurales
B26: 6352 | C26: =C25+1 -> 2005 | D26: =K26 -> PINTURA RECUBRIMIENTO ELÁSTICO EN RESINA ACRÍLICA APLICADA SOBRE CONCRETO. DOS (2) MANOS. INCLUYE SUMINISTRO Y COLOCACIÓN DE PINTURA. | E26: =L26 -> M2 | F26: =S28*2.5*3*S27 -> 143.775 | G26: =J26 -> 74080 | H26: =ROUND(F26*G26,0) -> 10650852 | J26: =LOOKUP(B26,$C$80:$C$4513,$F$80:$F$4513) -> 74080 | K26: =LOOKUP(B26,$C$80:$C$4513,$D$80:$D$4513) -> PINTURA RECUBRIMIENTO ELÁSTICO EN RESINA ACRÍLICA APLICADA SOBRE CONCRETO. DOS (2) MANOS. INCLUYE SUMINISTRO Y COLOCACIÓN DE PINTURA. | L26: =LOOKUP(B26,$C$80:$C$4513,$E$80:$E$4513) -> M2 | N26: ACCESOS | R26: viga en I | S26: 29
J27: =LOOKUP(B27,$C$80:$C$4513,$F$80:$F$4513) -> #N/A | K27: =LOOKUP(B27,$C$80:$C$4513,$D$80:$D$4513) -> #N/A | L27: =LOOKUP(B27,$C$80:$C$4513,$E$80:$E$4513) -> #N/A | N27: No. De escaleras | O27: 2 | R27: tablero ancho | S27: 4.5
J28: =LOOKUP(B28,$C$80:$C$4513,$F$80:$F$4513) -> #N/A | K28: =LOOKUP(B28,$C$80:$C$4513,$D$80:$D$4513) -> #N/A | L28: =LOOKUP(B28,$C$80:$C$4513,$E$80:$E$4513) -> #N/A | N28: ancho | O28: 4.5 | P28: ärea escalera | R28: Apoyo en Concreto (pilar) altura mayor | S28: 4.26
J29: =LOOKUP(B29,$C$80:$C$4513,$F$80:$F$4513) -> #N/A | K29: =LOOKUP(B29,$C$80:$C$4513,$D$80:$D$4513) -> #N/A | L29: =LOOKUP(B29,$C$80:$C$4513,$E$80:$E$4513) -> #N/A | N29: longitud | O29: 9.81 | P29: =O29*O28 -> 44.145
C30: 3 | D30: Mantenimiento Barandas y Elementos de Protección | H30: =SUM(H31:H35) -> 79510210 | N30: No. De Rampas | O30: 2
B31: 4947 | C31: =C30*1000+1 -> 3001 | D31: =K31 -> LAVADO DE ESTRUCTURA EN CONCRETO Y/O METÁLICAS. INCLUYE ALQUILER DE HIDROLAVADORA 1300W MOTOR A GASOLINA PRESIÓN 3200 PSI. INCLUYE IMPLEMENTOS DE ASEO (DETERGENTE INDUSTRIAL), AGUA, COMBUSTIBLE Y MANO DE OBRA. | E31: =L31 -> M2 | F31: =((O23+O29+O35)*S24*4)*1.05 -> 914.59116 | G31: =J31 -> 3972 | H31: =ROUND(F31*G31,0) -> 3632756 | J31: =LOOKUP(B31,$C$80:$C$4513,$F$80:$F$4513) -> 3972 | K31: =LOOKUP(B31,$C$80:$C$4513,$D$80:$D$4513) -> LAVADO DE ESTRUCTURA EN CONCRETO Y/O METÁLICAS. INCLUYE ALQUILER DE HIDROLAVADORA 1300W MOTOR A GASOLINA PRESIÓN 3200 PSI. INCLUYE IMPLEMENTOS DE ASEO (DETERGENTE INDUSTRIAL), AGUA, COMBUSTIBLE Y MANO DE OBRA. | L31: =LOOKUP(B31,$C$80:$C$4513,$E$80:$E$4513) -> M2 | N31: Ancho | O31: 4.5 | P31: Área Escalera
B32: 5395 | C32: =C31+1 -> 3002 | D32: =K32 -> BARANDAS. DESMONTE E INSTALACION. INCLUYE ACOPIO EN EL FRENTE DE OBRA. (NO INCLUYE TRASLADO DEL MATERIAL SOBRANTE, NI RETIRO DE ESCOMBROS). | E32: =L32 -> ML | F32: =((O35*2*O30)+(O29*2*O27))*1.05 -> 201.726 | G32: =J32 -> 35220 | H32: =ROUND(F32*G32,0) -> 7104790 | J32: =LOOKUP(B32,$C$80:$C$4513,$F$80:$F$4513) -> 35220 | K32: =LOOKUP(B32,$C$80:$C$4513,$D$80:$D$4513) -> BARANDAS. DESMONTE E INSTALACION. INCLUYE ACOPIO EN EL FRENTE DE OBRA. (NO INCLUYE TRASLADO DEL MATERIAL SOBRANTE, NI RETIRO DE ESCOMBROS). | L32: =LOOKUP(B32,$C$80:$C$4513,$E$80:$E$4513) -> ML
B33: 5952 | C33: =C32+1 -> 3003 | D33: =K33 -> BARANDA METÁLICA M81 (INSTALADO Y PINTADO) | E33: =L33 -> ML | F33: =((O35*2*O30)+(O29*2*O27))*1.05 -> 201.726 | G33: =J33 -> 273700 | H33: =ROUND(F33*G33,0) -> 55212406 | J33: =LOOKUP(B33,$C$80:$C$4513,$F$80:$F$4513) -> 273700 | K33: =LOOKUP(B33,$C$80:$C$4513,$D$80:$D$4513) -> BARANDA METÁLICA M81 (INSTALADO Y PINTADO) | L33: =LOOKUP(B33,$C$80:$C$4513,$E$80:$E$4513) -> ML
B34: 9055 | C34: =C33+1 -> 3004 | D34: =K34 -> SUMINISTRO Y APLICACIÓN DE UNA CAPA DE ANTICORROSIVO DE 3MM DE ESPESOR DE PELÍCULA SECA IMPRIMANTE EPÓXICO, PREVIA PREPARACIÓN DE LA SUPERFICIE MEDIANTE LIMPIEZA MANUAL O MECÁNICA, SEGÚN LAS NORMAS SSPC-SP2 | E34: =L34 -> ML | F34: =(O23*2)*1.05 -> 311.115 | G34: =J34 -> 11882 | H34: =ROUND(F34*G34,0) -> 3696668 | J34: =LOOKUP(B34,$C$80:$C$4513,$F$80:$F$4513) -> 11882 | K34: =LOOKUP(B34,$C$80:$C$4513,$D$80:$D$4513) -> SUMINISTRO Y APLICACIÓN DE UNA CAPA DE ANTICORROSIVO DE 3MM DE ESPESOR DE PELÍCULA SECA IMPRIMANTE EPÓXICO, PREVIA PREPARACIÓN DE LA SUPERFICIE MEDIANTE LIMPIEZA MANUAL O MECÁNICA, SEGÚN LAS NORMAS SSPC-SP2 | L34: =LOOKUP(B34,$C$80:$C$4513,$E$80:$E$4513) -> ML
B35: 6294 | C35: =C34+1 -> 3005 | D35: =K35 -> REPARACIÓN DE BARANDAS EXISTENTES. INCLUYE LIMPIEZA, MORTERO DE REPARACIÓN, INHIBIDOR DE CORROSIÓN, PINTURA ANTICARBONATACIÓN, SUMINISTRO DE MANO DE OBRA, EQUIPOS Y MANEJO DE DESPERDICIOS. | E35: =L35 -> ML | F35: =(O23*2)*1.05 -> 311.115 | G35: =J35 -> 31704 | H35: =ROUND(F35*G35,0) -> 9863590 | J35: =LOOKUP(B35,$C$80:$C$4513,$F$80:$F$4513) -> 31704 | K35: =LOOKUP(B35,$C$80:$C$4513,$D$80:$D$4513) -> REPARACIÓN DE BARANDAS EXISTENTES. INCLUYE LIMPIEZA, MORTERO DE REPARACIÓN, INHIBIDOR DE CORROSIÓN, PINTURA ANTICARBONATACIÓN, SUMINISTRO DE MANO DE OBRA, EQUIPOS Y MANEJO DE DESPERDICIOS. | L35: =LOOKUP(B35,$C$80:$C$4513,$E$80:$E$4513) -> ML | N35: Longitud | O35: 38.22 | P35: =O35*O31 -> 171.99
C36: 4 | D36: Mantenimiento y Conservación de Senderos Peatonales | H36: =SUM(H37:H59) -> 65129088
B37: 3011 | C37: =C36*1000+1 -> 4001 | D37: =K37 -> DEMOLICION MANUAL SARDINEL EXISTENTE (INCLUYE CARGUE). NO INCLUYE TRANSPORTE Y DISPOSICIÓN FINAL DE SOBRANTES. | E37: =L37 -> ML | F37: =((O23/1.6)*0.4*2*2)*1.05 -> 155.5575 | G37: =J37 -> 4523 | H37: =ROUND(F37*G37,0) -> 703587 | J37: =LOOKUP(B37,$C$80:$C$4513,$F$80:$F$4513) -> 4523 | K37: =LOOKUP(B37,$C$80:$C$4513,$D$80:$D$4513) -> DEMOLICION MANUAL SARDINEL EXISTENTE (INCLUYE CARGUE). NO INCLUYE TRANSPORTE Y DISPOSICIÓN FINAL DE SOBRANTES. | L37: =LOOKUP(B37,$C$80:$C$4513,$E$80:$E$4513) -> ML
B38: 3012 | C38: =C37+1 -> 4002 | D38: =K38 -> DEMOLICIÓN PISOS DE CONCRETO (ESPESOR VARIABLE HASTA 0.10 M. INCLUYE CARGUE). NO INCLUYE TRANSPORTE Y DISPOSICIÓN FINAL DE SOBRANTES. | E38: =L38 -> M2 | F38: =((P35*O30*0.7)+(P29*O27*0.7))*1.05 -> 317.71845 | G38: =J38 -> 6331 | H38: =ROUND(F38*G38,0) -> 2011476 | J38: =LOOKUP(B38,$C$80:$C$4513,$F$80:$F$4513) -> 6331 | K38: =LOOKUP(B38,$C$80:$C$4513,$D$80:$D$4513) -> DEMOLICIÓN PISOS DE CONCRETO (ESPESOR VARIABLE HASTA 0.10 M. INCLUYE CARGUE). NO INCLUYE TRANSPORTE Y DISPOSICIÓN FINAL DE SOBRANTES. | L38: =LOOKUP(B38,$C$80:$C$4513,$E$80:$E$4513) -> M2
B39: 6224 | C39: =C38+1 -> 4003 | D39: =K39 -> DEMOLICIÓN RECUBRIMIENTO ESTRUCTURAL DE ZONAS CON DESCASCARAMIENTO, HASTA DESCUBRIR EL REFUERZO EXISTENTE VERIFICANDO PH EN CONCRETO. INCLUYE TODOS LOS COSTOS DE SUMINISTRO DE MATERIALES, EQUIPOS, CARGUE Y TRANSPORTE DE MATERIALES SOBRANTES A BOTADERO AUTORIZADO Y MANO DE OBRA. | E39: =L39 -> M2 | F39: =(P29*0.1*O27)*1.05 -> 9.27045 | G39: =J39 -> 11514 | H39: =ROUND(F39*G39,0) -> 106740 | J39: =LOOKUP(B39,$C$80:$C$4513,$F$80:$F$4513) -> 11514 | K39: =LOOKUP(B39,$C$80:$C$4513,$D$80:$D$4513) -> DEMOLICIÓN RECUBRIMIENTO ESTRUCTURAL DE ZONAS CON DESCASCARAMIENTO, HASTA DESCUBRIR EL REFUERZO EXISTENTE VERIFICANDO PH EN CONCRETO. INCLUYE TODOS LOS COSTOS DE SUMINISTRO DE MATERIALES, EQUIPOS, CARGUE Y TRANSPORTE DE MATERIALES SOBRANTES A BOTADERO AUTORIZADO Y MANO DE OBRA. | L39: =LOOKUP(B39,$C$80:$C$4513,$E$80:$E$4513) -> M2
B40: 6281 | C40: =C39+1 -> 4004 | D40: =K40 -> RESTITUCIÓN RECUBRIMIENTO DE TABLERO O VIGAS CABEZAL, EN ZONAS DE SANEADO DE REFUERZO O DONDE EXISTA PÉRDIDA DE RECUBRIMIENTO, CON MORTERO MODIFICADO CON RESINA ACRÍLICA DE DOS COMPONENTES PARA REPARACIONES ESTRUCTURALES. INCLUYE TODOS LOS COSTOS DE SUMINISTRO DE MATERIALES, EQUIPOS, HERRAMIENTA MENOR, ANDAMIOS, LIMPIEZA AIRE A PRESIÓN, TRANSPORTES, MANEJO, ALMACENAMIENTO, DESPERDICIOS, CARGUE Y TRANSPORTE DE MATERIALES SOBRANTES A BOTADERO AUTORIZADO Y MANO DE OBRA. | E40: =L40 -> M2 | F40: =F39 -> 9.27045 | G40: =J40 -> 44431 | H40: =ROUND(F40*G40,0) -> 411895 | J40: =LOOKUP(B40,$C$80:$C$4513,$F$80:$F$4513) -> 44431 | K40: =LOOKUP(B40,$C$80:$C$4513,$D$80:$D$4513) -> RESTITUCIÓN RECUBRIMIENTO DE TABLERO O VIGAS CABEZAL, EN ZONAS DE SANEADO DE REFUERZO O DONDE EXISTA PÉRDIDA DE RECUBRIMIENTO, CON MORTERO MODIFICADO CON RESINA ACRÍLICA DE DOS COMPONENTES PARA REPARACIONES ESTRUCTURALES. INCLUYE TODOS LOS COSTOS DE SUMINISTRO DE MATERIALES, EQUIPOS, HERRAMIENTA MENOR, ANDAMIOS, LIMPIEZA AIRE A PRESIÓN, TRANSPORTES, MANEJO, ALMACENAMIENTO, DESPERDICIOS, CARGUE Y TRANSPORTE DE MATERIALES SOBRANTES A BOTADERO AUTORIZADO Y MANO DE OBRA. | L40: =LOOKUP(B40,$C$80:$C$4513,$E$80:$E$4513) -> M2
B41: 5426 | C41: =C40+1 -> 4005 | D41: =K41 -> CONCRETO 4000 PSI GRAVA COMÚN PARA RAMPAS Y ESCALERAS (PREMEZCLADO. INCL. SUMINISTRO, FORMALETEO Y COLOCACIÓN. NO INCL. REFUERZO, CURADO). | E41: =L41 -> M3 | F41: =(F38*0.1)*1.05 -> 33.360437 | G41: =J41 -> 621990 | H41: =ROUND(F41*G41,0) -> 20749858 | J41: =LOOKUP(B41,$C$80:$C$4513,$F$80:$F$4513) -> 621990 | K41: =LOOKUP(B41,$C$80:$C$4513,$D$80:$D$4513) -> CONCRETO 4000 PSI GRAVA COMÚN PARA RAMPAS Y ESCALERAS (PREMEZCLADO. INCL. SUMINISTRO, FORMALETEO Y COLOCACIÓN. NO INCL. REFUERZO, CURADO). | L41: =LOOKUP(B41,$C$80:$C$4513,$E$80:$E$4513) -> M3
B42: 7992 | C42: =C41+1 -> 4006 | D42: =K42 -> REPOSICIÓN DE SELLO DE JUNTAS DE PAVIMENTO DE CONCRETO HIDRÁULICO, ANCHO HASTA DE 5/8" (16 MM). (INCLUYE LIMPIEZA, SUMINISTRO E INSTALACIÓN DE FONDO Y SELLANTE). | E42: =L42 -> ML | F42: =((O23/4)*4.5)*1.05 -> 175.00219 | G42: =J42 -> 15497 | H42: =ROUND(F42*G42,0) -> 2712009 | J42: =LOOKUP(B42,$C$80:$C$4513,$F$80:$F$4513) -> 15497 | K42: =LOOKUP(B42,$C$80:$C$4513,$D$80:$D$4513) -> REPOSICIÓN DE SELLO DE JUNTAS DE PAVIMENTO DE CONCRETO HIDRÁULICO, ANCHO HASTA DE 5/8" (16 MM). (INCLUYE LIMPIEZA, SUMINISTRO E INSTALACIÓN DE FONDO Y SELLANTE). | L42: =LOOKUP(B42,$C$80:$C$4513,$E$80:$E$4513) -> ML
B43: 4239 | C43: =C42+1 -> 4007 | D43: =K43 -> CORTE Y AMPLIACIÓN DE JUNTA EN PAVIMENTO DE CONCRETO HIDRAULICO | E43: =L43 -> ML | F43: =((O35/2)*4.5*2)*1.05 -> 180.5895 | G43: =J43 -> 4712 | H43: =ROUND(F43*G43,0) -> 850938 | J43: =LOOKUP(B43,$C$80:$C$4513,$F$80:$F$4513) -> 4712 | K43: =LOOKUP(B43,$C$80:$C$4513,$D$80:$D$4513) -> CORTE Y AMPLIACIÓN DE JUNTA EN PAVIMENTO DE CONCRETO HIDRAULICO | L43: =LOOKUP(B43,$C$80:$C$4513,$E$80:$E$4513) -> ML
B44: 3837 | C44: =C43+1 -> 4008 | D44: =K44 -> SELLADO DE JUNTAS EN PAVIMENTO DE CONCRETO HIDRAULICO (INCLUYE LIMPIEZA, SUMINISTRO E INSTALACIÓN DE FONDO Y SELLANTE) | E44: =L44 -> ML | F44: =F43 -> 180.5895 | G44: =J44 -> 10949 | H44: =ROUND(F44*G44,0) -> 1977274 | J44: =LOOKUP(B44,$C$80:$C$4513,$F$80:$F$4513) -> 10949 | K44: =LOOKUP(B44,$C$80:$C$4513,$D$80:$D$4513) -> SELLADO DE JUNTAS EN PAVIMENTO DE CONCRETO HIDRAULICO (INCLUYE LIMPIEZA, SUMINISTRO E INSTALACIÓN DE FONDO Y SELLANTE) | L44: =LOOKUP(B44,$C$80:$C$4513,$E$80:$E$4513) -> ML
B45: 3708 | C45: =C44+1 -> 4009 | D45: =K45 -> ACERO DE REFUERZO FY=60000 PSI. SUMINISTRO E INSTALACIÓN. DE ACUERDO A LO ESTIPULADO POR LA NSR-10, NORMA ASTM A-706, ICONTEC 2289 PARA EL ACERO PDR-60. INCLUYE TODOS LOS COSTOS DE SUMINISTRO DE MATERIALES (REFUERZO (G60) FIGURADO, CORRUGADO, INCLUYE EL ALAMBRE DE AMARRE), EQUIPOS, TRANSPORTES, MANEJO, ALMACENAMIENTO, DESPERDICIOS Y MANO DE OBRA. | E45: =L45 -> KG | F45: =75*F41*1.07 -> 2677.1751 | G45: =J45 -> 3979 | H45: =ROUND(F45*G45,0) -> 10652480 | J45: =LOOKUP(B45,$C$80:$C$4513,$F$80:$F$4513) -> 3979 | K45: =LOOKUP(B45,$C$80:$C$4513,$D$80:$D$4513) -> ACERO DE REFUERZO FY=60000 PSI. SUMINISTRO E INSTALACIÓN. DE ACUERDO A LO ESTIPULADO POR LA NSR-10, NORMA ASTM A-706, ICONTEC 2289 PARA EL ACERO PDR-60. INCLUYE TODOS LOS COSTOS DE SUMINISTRO DE MATERIALES (REFUERZO (G60) FIGURADO, CORRUGADO, INCLUYE EL ALAMBRE DE AMARRE), EQUIPOS, TRANSPORTES, MANEJO, ALMACENAMIENTO, DESPERDICIOS Y MANO DE OBRA. | L45: =LOOKUP(B45,$C$80:$C$4513,$E$80:$E$4513) -> KG
B46: 3464 | C46: =C45+1 -> 4010 | D46: =K46 -> EXCAVACION MANUAL EN MATERIAL COMUN. INCLUYE CARGUE. | E46: =L46 -> M3 | F46: =(P35)*0.3*1.05 -> 54.17685 | G46: =J46 -> 31876 | H46: =ROUND(F46*G46,0) -> 1726941 | J46: =LOOKUP(B46,$C$80:$C$4513,$F$80:$F$4513) -> 31876 | K46: =LOOKUP(B46,$C$80:$C$4513,$D$80:$D$4513) -> EXCAVACION MANUAL EN MATERIAL COMUN. INCLUYE CARGUE. | L46: =LOOKUP(B46,$C$80:$C$4513,$E$80:$E$4513) -> M3
B47: 3851 | C47: =C46+1 -> 4011 | D47: =K47 -> RELLENO PARA ANDENES EN SUBBASE GRANULAR B-400 (SUMINISTRO, EXTENDIDO, HUMEDECIMIENTO Y COMPACTACIÓN) | E47: =L47 -> M3 | F47: =P35*0.3*1.05 -> 54.17685 | G47: =J47 -> 82225 | H47: =ROUND(F47*G47,0) -> 4454691 | J47: =LOOKUP(B47,$C$80:$C$4513,$F$80:$F$4513) -> 82225 | K47: =LOOKUP(B47,$C$80:$C$4513,$D$80:$D$4513) -> RELLENO PARA ANDENES EN SUBBASE GRANULAR B-400 (SUMINISTRO, EXTENDIDO, HUMEDECIMIENTO Y COMPACTACIÓN) | L47: =LOOKUP(B47,$C$80:$C$4513,$E$80:$E$4513) -> M3
B48: 3567 | C48: =C47+1 -> 4012 | D48: =K48 -> MURO EN BLOQUE ESTRUCTURAL TIPO PIEDRA GRIS (REFERENCIA: PI-16. INCLUYE SUMINISTRO Y CONSTRUCCIÓN) | E48: =L48 -> M2 | F48: =O29*1.3 -> 12.753 | G48: =J48 -> 78445 | H48: =ROUND(F48*G48,0) -> 1000409 | J48: =LOOKUP(B48,$C$80:$C$4513,$F$80:$F$4513) -> 78445 | K48: =LOOKUP(B48,$C$80:$C$4513,$D$80:$D$4513) -> MURO EN BLOQUE ESTRUCTURAL TIPO PIEDRA GRIS (REFERENCIA: PI-16. INCLUYE SUMINISTRO Y CONSTRUCCIÓN) | L48: =LOOKUP(B48,$C$80:$C$4513,$E$80:$E$4513) -> M2
B49: 4588 | C49: =C48+1 -> 4013 | D49: =K49 -> CONSTRUCCIÓN DE ESCALERAS EN CONCRETO 3000 PSI GRAVA COMÚN. INCLUYE EXCAVACIÓN MANUAL, SUBBASE GRANULAR CLASE B, ACERO DE REFUERZO Y TRANSPORTE Y DISPOSICIÓN FINAL DE ESCOMBROS. | E49: =L49 -> M2 | F49: =P29 -> 44.145 | G49: =J49 -> 333358 | H49: =ROUND(F49*G49,0) -> 14716089 | J49: =LOOKUP(B49,$C$80:$C$4513,$F$80:$F$4513) -> 333358 | K49: =LOOKUP(B49,$C$80:$C$4513,$D$80:$D$4513) -> CONSTRUCCIÓN DE ESCALERAS EN CONCRETO 3000 PSI GRAVA COMÚN. INCLUYE EXCAVACIÓN MANUAL, SUBBASE GRANULAR CLASE B, ACERO DE REFUERZO Y TRANSPORTE Y DISPOSICIÓN FINAL DE ESCOMBROS. | L49: =LOOKUP(B49,$C$80:$C$4513,$E$80:$E$4513) -> M2
B50: 5202 | C50: =C49+1 -> 4014 | D50: =K50 -> JUNTA METÁLICA CON ÁNGULO DE 3"X1/4". SUMINISTRO Y COLOCACIÓN. (PARA UN SOLO COSTADO DE LA JUNTA). | E50: =L50 -> ML | F50: 0 | G50: =J50 -> 54528 | H50: =ROUND(F50*G50,0) -> 0 | J50: =LOOKUP(B50,$C$80:$C$4513,$F$80:$F$4513) -> 54528 | K50: =LOOKUP(B50,$C$80:$C$4513,$D$80:$D$4513) -> JUNTA METÁLICA CON ÁNGULO DE 3"X1/4". SUMINISTRO Y COLOCACIÓN. (PARA UN SOLO COSTADO DE LA JUNTA). | L50: =LOOKUP(B50,$C$80:$C$4513,$E$80:$E$4513) -> ML
B51: 4918 | C51: =C50+1 -> 4015 | D51: =K51 -> JUNTA DE DILATACIÓN ELASTOMÉRICA 250 TAMAÑO 64 X 70 MM (INCLUYE SUMINISTRO E INSTALACIÓN Y TODOS LOS COSTOS DE SUMINISTRO E INSTALACIÓN DE MATERIAL PARA ANCLAJE.. | E51: =L51 -> ML | F51: 0 | G51: =J51 -> 136718 | H51: =ROUND(F51*G51,0) -> 0 | J51: =LOOKUP(B51,$C$80:$C$4513,$F$80:$F$4513) -> 136718 | K51: =LOOKUP(B51,$C$80:$C$4513,$D$80:$D$4513) -> JUNTA DE DILATACIÓN ELASTOMÉRICA 250 TAMAÑO 64 X 70 MM (INCLUYE SUMINISTRO E INSTALACIÓN Y TODOS LOS COSTOS DE SUMINISTRO E INSTALACIÓN DE MATERIAL PARA ANCLAJE.. | L51: =LOOKUP(B51,$C$80:$C$4513,$E$80:$E$4513) -> ML
B52: 4581 | C52: =C51+1 -> 4016 | D52: =K52 -> RETIRO DE ADOQUIN SOBRE MORTERO | E52: =L52 -> M2 | F52: 0 | G52: =J52 -> 2180 | H52: =ROUND(F52*G52,0) -> 0 | J52: =LOOKUP(B52,$C$80:$C$4513,$F$80:$F$4513) -> 2180 | K52: =LOOKUP(B52,$C$80:$C$4513,$D$80:$D$4513) -> RETIRO DE ADOQUIN SOBRE MORTERO | L52: =LOOKUP(B52,$C$80:$C$4513,$E$80:$E$4513) -> M2
B53: 3696 | C53: =C52+1 -> 4017 | D53: =K53 -> PISO EN ADOQUIN DE ARCILLA 26X6X6CM (SUMINISTRO E INSTALACIÓN. INCLUYE BASE 4CM ARENA NIVELACIÓN Y ARENA DE SELLO) | E53: =L53 -> M2 | F53: 0 | G53: =J53 -> 70782 | H53: =ROUND(F53*G53,0) -> 0 | J53: =LOOKUP(B53,$C$80:$C$4513,$F$80:$F$4513) -> 70782 | K53: =LOOKUP(B53,$C$80:$C$4513,$D$80:$D$4513) -> PISO EN ADOQUIN DE ARCILLA 26X6X6CM (SUMINISTRO E INSTALACIÓN. INCLUYE BASE 4CM ARENA NIVELACIÓN Y ARENA DE SELLO) | L53: =LOOKUP(B53,$C$80:$C$4513,$E$80:$E$4513) -> M2
B54: 7861 | C54: =C53+1 -> 4018 | D54: =K54 -> RETIRO DE PISO EN LAMINA ALFAJOR | E54: =L54 -> ML | F54: 0 | G54: =J54 -> 42514 | H54: =ROUND(F54*G54,0) -> 0 | J54: =LOOKUP(B54,$C$80:$C$4513,$F$80:$F$4513) -> 42514 | K54: =LOOKUP(B54,$C$80:$C$4513,$D$80:$D$4513) -> RETIRO DE PISO EN LAMINA ALFAJOR | L54: =LOOKUP(B54,$C$80:$C$4513,$E$80:$E$4513) -> ML
B55: 5214 | C55: =C54+1 -> 4019 | D55: =K55 -> LAMINA ALFAJOR 6MM CON SOPORTE EN NEOPRENO PARA PERMITIR FLUJO VEHICULAR SOBRE JUNTAS DEMOLIDAS. INCLUYE RETIRO Y POSTERIOR COLOCACIÓN Y TRANSPORTE. | E55: =L55 -> M2 | F55: 0 | G55: =J55 -> 159002 | H55: =ROUND(F55*G55,0) -> 0 | J55: =LOOKUP(B55,$C$80:$C$4513,$F$80:$F$4513) -> 159002 | K55: =LOOKUP(B55,$C$80:$C$4513,$D$80:$D$4513) -> LAMINA ALFAJOR 6MM CON SOPORTE EN NEOPRENO PARA PERMITIR FLUJO VEHICULAR SOBRE JUNTAS DEMOLIDAS. INCLUYE RETIRO Y POSTERIOR COLOCACIÓN Y TRANSPORTE. | L55: =LOOKUP(B55,$C$80:$C$4513,$E$80:$E$4513) -> M2
B56: 5190 | C56: =C55+1 -> 4020 | D56: =K56 -> CORTE CON EQUIPO DE OXICORTE PARA EL RETIRO DE LA JUNTA METALICA EXISTENTE EN EL PUENTE. | E56: =L56 -> ML | F56: 0 | G56: =J56 -> 8701 | H56: =ROUND(F56*G56,0) -> 0 | J56: =LOOKUP(B56,$C$80:$C$4513,$F$80:$F$4513) -> 8701 | K56: =LOOKUP(B56,$C$80:$C$4513,$D$80:$D$4513) -> CORTE CON EQUIPO DE OXICORTE PARA EL RETIRO DE LA JUNTA METALICA EXISTENTE EN EL PUENTE. | L56: =LOOKUP(B56,$C$80:$C$4513,$E$80:$E$4513) -> ML
B57: 5207 | C57: =C56+1 -> 4021 | D57: =K57 -> SANEADO DE CONCRETO DE RECUBRIMIENTO. INCLUYE ESCARIFICACIÓN DE CONCRETO PROFUNDIDAD ENTRE 2CM Y 7CM, LIMPIEZA Y APLICACIÓN DE RECUBRIMIENTO ANTICORROSIVO PARA EL ACERO DE REFUERZO EXISTENTE Y MORTERO DE REPARACIÓN ESTRUCTURAL. NIVEL DE TRABAJO+3.0M | E57: =L57 -> M2 | F57: 0 | G57: =J57 -> 177612 | H57: =ROUND(F57*G57,0) -> 0 | J57: =LOOKUP(B57,$C$80:$C$4513,$F$80:$F$4513) -> 177612 | K57: =LOOKUP(B57,$C$80:$C$4513,$D$80:$D$4513) -> SANEADO DE CONCRETO DE RECUBRIMIENTO. INCLUYE ESCARIFICACIÓN DE CONCRETO PROFUNDIDAD ENTRE 2CM Y 7CM, LIMPIEZA Y APLICACIÓN DE RECUBRIMIENTO ANTICORROSIVO PARA EL ACERO DE REFUERZO EXISTENTE Y MORTERO DE REPARACIÓN ESTRUCTURAL. NIVEL DE TRABAJO+3.0M | L57: =LOOKUP(B57,$C$80:$C$4513,$E$80:$E$4513) -> M2
B58: 5058 | C58: =C57+1 -> 4022 | D58: =K58 -> FILOS (INCLUYE SUMINISTRO Y COLOCACIÓN DE MORTERO 1:4 IMPERMEABILIZADO HECHO EN OBRA) | E58: =L58 -> ML | F58: 0 | G58: =J58 -> 7038 | H58: =ROUND(F58*G58,0) -> 0 | J58: =LOOKUP(B58,$C$80:$C$4513,$F$80:$F$4513) -> 7038 | K58: =LOOKUP(B58,$C$80:$C$4513,$D$80:$D$4513) -> FILOS (INCLUYE SUMINISTRO Y COLOCACIÓN DE MORTERO 1:4 IMPERMEABILIZADO HECHO EN OBRA) | L58: =LOOKUP(B58,$C$80:$C$4513,$E$80:$E$4513) -> ML
B59: 3017 | C59: =C58+1 -> 4023 | D59: =K59 -> TRANSPORTE Y DISPOSICIÓN FINAL DE ESCOMBROS EN SITIO AUTORIZADO (DISTANCIA DE TRANSPORTE 21 KM). A DISTANCIA MAYOR DEL ACARREO LIBRE (90 M) EN SITIO AUTORIZADO POR LA ENTIDAD AMBIENTAL COMPETENTE. | E59: =L59 -> M3 | F59: =F46+F41 -> 87.537287 | G59: =J59 -> 34896 | H59: =ROUND(F59*G59,0) -> 3054701 | J59: =LOOKUP(B59,$C$80:$C$4513,$F$80:$F$4513) -> 34896 | K59: =LOOKUP(B59,$C$80:$C$4513,$D$80:$D$4513) -> TRANSPORTE Y DISPOSICIÓN FINAL DE ESCOMBROS EN SITIO AUTORIZADO (DISTANCIA DE TRANSPORTE 21 KM). A DISTANCIA MAYOR DEL ACARREO LIBRE (90 M) EN SITIO AUTORIZADO POR LA ENTIDAD AMBIENTAL COMPETENTE. | L59: =LOOKUP(B59,$C$80:$C$4513,$E$80:$E$4513) -> M3
B60: COSTO DIRECTO DE OBRA | H60: =ROUND(H17+H21+H30+H36,0) -> 221129489
B62: Observaciones:
B65: COSTO DIRECTO | H65: =H60 -> 221129489
B66: ADMINISTRACION | G66: ='AIU OBRA'!L65 -> 0.29927475 | H66: =ROUND($H$65*G66,0) -> 66178472 | J66: |
B67: IMPREVISTOS | G67: ='AIU OBRA'!L66 -> 0.01 | H67: =ROUND($H$65*G67,0) -> 2211295
B68: UTILIDAD | G68: ='AIU OBRA'!L67 -> 0.09 | H68: =ROUND($H$65*G68,0) -> 19901654
B69: AIU | G69: ='AIU OBRA'!L70 -> 0.39927475
B70: VALOR COSTO INDIRECTOS | H70: =ROUND(SUM(H66:H68),0) -> 88291421
B71: COSTO TOTAL CON AIU | H71: =ROUND(SUM(H65,H70),0) -> 309420910
B72: Costos Gestión Ambiental | D72: INCLUYE AIU | G72: ='PGA Y SST'!O121 -> 0.092783257 | H72: =ROUND($H$65*G72,0) -> 20517114
B73: Costos Gestión Social | D73: INCLUYE AIU | G73: ='Presupuesto Obra Consolidado'!G73 -> 0.034757328 | H73: =ROUND($H$65*G73,0) -> 7685870
B74: Costos Plan de Manejo de Tráfico | G74: =PMT!P37 -> 0.074377029 | H74: =ROUND($H$65*G74,0) -> 16446955
B75: VALOR TOTAL | H75: =ROUND((SUM(H71:H74)),0) -> 354070849
C79: Código | D79: Nombre | E79: UM | F79: Valor | G79: Fecha Actualización | H79: Aplica Nota*
C80: 3007 | D80: REPLANTEO GENERAL | E80: M2 | F80: 727 | G80: Actualización 2022 -I
C81: 3009 | D81: EXCAVACION MANUAL PARA REDES PROFUNDIDAD 0M - 2M (INCLUYE CARGUE) | E81: M3 | F81: 31876 | G81: Actualización 2022 -I
C82: 3010 | D82: DEMOLICION PAVIMENTO ASFALTICO (INCLUYE CARGUE). NO INCLUYE TRANSPORTE Y DISPOSICIÓN FINAL DE SOBRANTES. | E82: M3 | F82: 30579 | G82: Actualización 2022 -I
C83: 3011 | D83: DEMOLICION MANUAL SARDINEL EXISTENTE (INCLUYE CARGUE). NO INCLUYE TRANSPORTE Y DISPOSICIÓN FINAL DE SOBRANTES. | E83: ML | F83: 4523 | G83: Actualización 2022 -I
C84: 3012 | D84: DEMOLICIÓN PISOS DE CONCRETO (ESPESOR VARIABLE HASTA 0.10 M. INCLUYE CARGUE). NO INCLUYE TRANSPORTE Y DISPOSICIÓN FINAL DE SOBRANTES. | E84: M2 | F84: 6331 | G84: Actualización 2022 -I
C85: 3015 | D85: RETIRO DE POSTES DE AP/LA (INCLUYE TRASLADO A SITIO DE ACOPIO) | E85: UN | F85: 206755 | G85: Actualización 2022 -I
C86: 3017 | D86: TRANSPORTE Y DISPOSICIÓN FINAL DE ESCOMBROS EN SITIO AUTORIZADO (DISTANCIA DE TRANSPORTE 21 KM). A DISTANCIA MAYOR DEL ACARREO LIBRE (90 M) EN SITIO AUTORIZADO POR LA ENTIDAD AMBIENTAL COMPETENTE. | E86: M3 | F86: 34896 | G86: Actualización 2022 -I
C87: 3018 | D87: RELLENO EN TIERRA NEGRA PARA EMPRADIZACION (SUMINISTRO Y EXTENDIDO) | E87: M3 | F87: 62305 | G87: Actualización 2022 -I
C88: 3021 | D88: DEMOLICION PAVIMENTO ASFALTICO (ESPESOR VARIABLE. INCLUYE CARGUE). NO INCLUYE TRANSPORTE Y DISPOSICIÓN FINAL DE SOBRANTES. | E88: M2 | F88: 5770 | G88: Actualización 2022 -I
C89: 3022 | D89: DEMOLICIÓN PISOS DE CONCRETO (INCLUYE CARGUE). NO INCLUYE TRANSPORTE Y DISPOSICIÓN FINAL DE SOBRANTES. | E89: M3 | F89: 46434 | G89: Actualización 2022 -I
C90: 3024 | D90: RELLENO PARA REDES EN ARENA DE PEÑA (SUMINISTRO, EXTENDIDO, HUMEDECIMIENTO Y COMPACTACIÓN) | E90: M3 | F90: 109001 | G90: Actualización 2022 -I
C91: 3027 | D91: SARDINEL TIPO A10 (SUMINISTRO E INSTALACIÓN. INCLUYE 3CM MORTERO 1:5) | E91: ML | F91: 58698 | G91: Actualización 2022 -I
... C103: 3056 | D103: 16 DUCTOS D=4" PVC-TDP (INCLUYE SUMINISTRO E INSTALACIÓN. NO INCLUYE RELLENOS) | E103: ML | F103: 386062 | G103: Actualización 2022 -I
C104: 3057 | D104: CAMARA DE INSPECCIÓN T-13 ETB (H=2.3M. INCLUYE BASE, MUROS, CUBIERTA, ARO-BASE Y ARO-TAPA) | E104: UN | F104: 3895907 | G104: Actualización 2022 -I | H104: x
C105: 3058 | D105: CAMARA DE INSPECCIÓN T-13A ETB (H=2.3M. INCLUYE BASE, MUROS, CUBIERTA, ARO-BASE Y ARO-TAPA) | E105: UN | F105: 6454374 | G105: Actualización 2022 -I | H105: x
C106: 3059 | D106: CAMARA DE INSPECCIÓN T-14 ETB (H=2.3M. INCLUYE BASE, MUROS, CUBIERTA, ARO-BASE Y ARO-TAPA) | E106: UN | F106: 3966559 | G106: Actualización 2022 -I | H106: x
C107: 3062 | D107: PISO EN LOSETA PREFABRICADA A30 (SUMINISTRO E INSTALACIÓN. INCLUYE BASE 4CM ARENA NIVELACIÓN Y ARENA DE SELLO) | E107: M2 | F107: 63302 | G107: Actualización 2022 -I
C108: 3064 | D108: TUBERIA CONCRETO D=8" CL. I SIN REFUERZO (INCLUYE SUMINISTRO E INSTALACIÓN) | E108: ML | F108: 66902 | G108: Actualización 2022 -I
C109: 3065 | D109: TUBERIA CONCRETO D=10" CL. I SIN REFUERZO (INCLUYE SUMINISTRO E INSTALACIÓN) | E109: ML | F109: 80175 | G109: Actualización 2022 -I
C110: 3066 | D110: TUBERIA CONCRETO D=12" CL. I SIN REFUERZO (INCLUYE SUMINISTRO E INSTALACIÓN) | E110: ML | F110: 110995 | G110: Actualización 2022 -I
C111: 3067 | D111: TUBERIA CONCRETO D=14" CL. I SIN REFUERZO (INCLUYE SUMINISTRO E INSTALACIÓN) | E111: ML | F111: 131764 | G111: Actualización 2022 -I
C112: 3068 | D112: TUBERIA CONCRETO D=16" CL. I SIN REFUERZO (INCLUYE SUMINISTRO E INSTALACIÓN) | E112: ML | F112: 168915 | G112: Actualización 2022 -I
C113: 3069 | D113: TUBERIA CONCRETO D=18" CL. I SIN REFUERZO (INCLUYE SUMINISTRO E INSTALACIÓN) | E113: ML | F113: 212140 | G113: Actualización 2022 -I
C114: 3070 | D114: TUBERIA CONCRETO D=20" CL. I SIN REFUERZO (INCLUYE SUMINISTRO E INSTALACIÓN) | E114: ML | F114: 271361 | G114: Actualización 2022 -I
C115: 3071 | D115: TUBERIA CONCRETO D=24" CL. I SIN REFUERZO (INCLUYE SUMINISTRO E INSTALACIÓN) | E115: ML | F115: 391003 | G115: Actualización 2022 -I
C116: 3151 | D116: SUMIDERO LATERAL SL-100, H=1.25M (FUNDIDO EN SITIO, CONCRETO PREMEZCLADO. INCL. SUMIN, FORM, REF. Y CONSTR. INCL. TAPA) | E116: UN | F116: 2168636 | G116: Actualización 2022 -I | H116: x
C117: 3155 | D117: DEMOLICION SUMIDERO EXISTENTE (INCLUYE CARGUE) | E117: UN | F117: 154808 | G117: Actualización 2022 -I
C118: 3159 | D118: 2 DUCTOS D=3" PVC-EB (INCLUYE SUMINISTRO E INSTALACIÓN. NO INCLUYE RELLENOS). NORMA CS207. | E118: ML | F118: 33352 | G118: Actualización 2022 -I
C119: 3163 | D119: SEPARADOR 'NEW JERSEY' BIDIRECCIONAL 1.5M X 0.6M X 1.1M (PREFABRICADO. INCLUYE SUM. E INST. NO INC. MATERIAL DE BASE) | E119: ML | F119: 331155 | G119: Actualización 2022 -I
C120: 3172 | D120: SIEMBRA DE GRAMA (INCLUYE SUMINISTRO E INSTALACIÓN. NO INCLUYE TIERRA NEGRA) | E120: M2 | F120: 11976 | G120: Actualización 2022 -I
C121: 3178 | D121: DEMARCACION PASO PEATONAL-CEBRA (E=15 MILS, ACRÍLICA BASE AGUA. INC. SUMIN. Y APLIC. CON EQUIPO. INCL. MICROESFERAS) | E121: M2 | F121: 35194 | G121: Actualización 2022 -I
...

Sheet 2. Presupuesto 24119394
B2: FORMATO
B3: Presupuesto General de Obras - Costos Directos
B4: CÓDIGO | D4: PROCESO | G4: VERSIÓN
B5: FO-DP-01 | D5: Conservación de puentes | G5: 1 | H5: ALCALDÍA LOCAL DE KENNEDY
B7: ALCALDÍA LOCAL DE KENNEDY
B8: ÁREA DE GESTIÓN DE DESARROLLO LOCAL KENNEDY
B9: OFICINA DE INFRAESTRUCTURA DEL FDLK
B10: OBJETO DE LA LICITACIÓN | D10: ='D. ENTRADA obra'!C7 -> "EJECUTAR A MONTO AGOTABLE POR EL SISTEMA DE PRECIOS UNITARIOS LAS OBRAS Y ACTIVIDADES PARA EL DIAGNOSTICO Y LA CONSERVACIÓN DE PUENTES VEHICULARES Y/O PEATONALES SOBRE CUERPOS DE AGUA DE LA LOCALIDAD DE KENNEDY”
B12: Puente Peatonal 24119394- AV Ciudad de Villavicencio por KR 96 (Canal Tintal II - Box Coulvert)
E14: Fecha de Actualización: 10 de Octubre de 2022 | J14: L= | K14: 18.2
J15: W= | K15: 8.22
B16: CODIGO IDU | C16: ÍTEM | D16: DESCRIPCIÓN | E16: UNIDAD | F16: CANTIDAD | G16: PRECIO UNITARIO | H16: VALOR TOTAL | J16: luces | K16: 1
C17: 1 | D17: Preliminares | H17: =SUM(H18:H20) -> 616833
B18: 6162 | C18: =C17*1000+1 -> 1001 | D18: =K18 -> DIAGNOSTICO DE ESPACIO PUBLICO Y CICLORRUTA Y PUENTES PEATONALES (VISUAL). INCLUYE LEVANTAMIENTO TOPOGRÁFICO Y GEORREFERENCIACIÓN DE ELEMENTOS | E18: =L18 -> M2 | F18: =((P23+P29+P35)*O21)+1000 -> 1222.75 | G18: =J18 -> 119 | H18: =ROUND(F18*G18,0) -> 145507 | J18: =LOOKUP(B18,$C$80:$C$4513,$F$80:$F$4513) -> 119 | K18: =LOOKUP(B18,$C$80:$C$4513,$D$80:$D$4513) -> DIAGNOSTICO DE ESPACIO PUBLICO Y CICLORRUTA Y PUENTES PEATONALES (VISUAL). INCLUYE LEVANTAMIENTO TOPOGRÁFICO Y GEORREFERENCIACIÓN DE ELEMENTOS | L18: =LOOKUP(B18,$C$80:$C$4513,$E$80:$E$4513) -> M2
B19: 3688 | C19: =C18+1 -> 1002 | D19: =K19 -> DESMONTE Y REINSTALACION DE SEÑALES VIALES (INCLUYE DADO DE ANCLAJE) | E19: =L19 -> UN | F19: 8 | G19: =J19 -> 41764 | H19: =ROUND(F19*G19,0) -> 334112 | J19: =LOOKUP(B19,$C$80:$C$4513,$F$80:$F$4513) -> 41764 | K19: =LOOKUP(B19,$C$80:$C$4513,$D$80:$D$4513) -> DESMONTE Y REINSTALACION DE SEÑALES VIALES (INCLUYE DADO DE ANCLAJE) | L19: =LOOKUP(B19,$C$80:$C$4513,$E$80:$E$4513) -> UN
B20: 6153 | C20: =C18+1 -> 1002 | D20: =K20 -> CORTE Y RETIRO DE CÉSPED (HASTA 40 CM - INCLUYE RETIRO DE DESPERDICIOS). NO INCLUYE TRANSPORTE Y RETIRO DE SOBRANTES. | E20: =L20 -> M2 | F20: =(P23+P29+P35)*O21 -> 222.75 | G20: =J20 -> 616 | H20: =ROUND(F20*G20,0) -> 137214 | J20: =LOOKUP(B20,$C$80:$C$4513,$F$80:$F$4513) -> 616 | K20: =LOOKUP(B20,$C$80:$C$4513,$D$80:$D$4513) -> CORTE Y RETIRO DE CÉSPED (HASTA 40 CM - INCLUYE RETIRO DE DESPERDICIOS). NO INCLUYE TRANSPORTE Y RETIRO DE SOBRANTES. | L20: =LOOKUP(B20,$C$80:$C$4513,$E$80:$E$4513) -> M2
C21: 2 | D21: Mantenimiento y Conservacion de Elementos Estructurales | H21: =SUM(H22:H29) -> 29958663 | N21: GEOMETRIA GENERAL | O21: 2 | P21: AREA | R21: Carpeta de rodadura
B22: 4947 | C22: =C21*1000+1 -> 2001 | D22: =K22 -> LAVADO DE ESTRUCTURA EN CONCRETO Y/O METÁLICAS. INCLUYE ALQUILER DE HIDROLAVADORA 1300W MOTOR A GASOLINA PRESIÓN 3200 PSI. INCLUYE IMPLEMENTOS DE ASEO (DETERGENTE INDUSTRIAL), AGUA, COMBUSTIBLE Y MANO DE OBRA. | E22: =L22 -> M2 | F22: =(P23+P29+P35+(S26*S27*3*O25)+(S28*S27*3*3))*O21*1.05 -> 693.86625 | G22: =J22 -> 3972 | H22: =ROUND(F22*G22,0) -> 2756037 | J22: =LOOKUP(B22,$C$80:$C$4513,$F$80:$F$4513) -> 3972 | K22: =LOOKUP(B22,$C$80:$C$4513,$D$80:$D$4513) -> LAVADO DE ESTRUCTURA EN CONCRETO Y/O METÁLICAS. INCLUYE ALQUILER DE HIDROLAVADORA 1300W MOTOR A GASOLINA PRESIÓN 3200 PSI. INCLUYE IMPLEMENTOS DE ASEO (DETERGENTE INDUSTRIAL), AGUA, COMBUSTIBLE Y MANO DE OBRA. | L22: =LOOKUP(B22,$C$80:$C$4513,$E$80:$E$4513) -> M2 | N22: ANCHO | O22: 2.25 | R22: No. De juntas | S22: 2
B23: 6275 | C23: =C22+1 -> 2002 | D23: =K23 -> REPARACIÓN DE SOLDADURAS JUNTAS A FILETE, CON REMOCIÓN DE PINTURA EXISTENTE, REMOCIÓN DEL DEFECTO MEDIANTE DISCO DE CORTE DE 1/8" PARA GENERAR BISEL Y LUEGO DISCO DE PULIDO DE 1/4" PARA MEJORAR INCLINACIÓN DE CARAS Y FACILITAR PROCESO DE COLOCACIÓN DE MATERIAL DE APORTE. INCLUYE: GATEO MEDIANTE TUBERÍA Y GATOS HIDRÁULICO DE 100 TON EN 2 PUNTOS PARA SOPORTE DE TRAMOS A REPARAR; REMOCIÓN DE PINTURA, APLICACIÓN DE CORDÓN DE SOLDADURA 7018 X1/8" CON ADECUADA PENETRACIÓN; APLICACIÓN DE CORDÓN DE PRESENTACIÓN EN 5/32", APLICACIÓN DE ANTICORROSIVO A BASE DE CROMATO DE ZINC Y ESMALTE EN 5 MILS; EQUIPO, ANDAMIO, MATERIALES, HERRAMIENTA Y MANO DE OBRA. | E23: =L23 -> ML | F23: =O23*4*O21*0.2*1.1 -> 87.12 | G23: =J23 -> 103779 | H23: =ROUND(F23*G23,0) -> 9041226 | J23: =LOOKUP(B23,$C$80:$C$4513,$F$80:$F$4513) -> 103779 | K23: =LOOKUP(B23,$C$80:$C$4513,$D$80:$D$4513) -> REPARACIÓN DE SOLDADURAS JUNTAS A FILETE, CON REMOCIÓN DE PINTURA EXISTENTE, REMOCIÓN DEL DEFECTO MEDIANTE DISCO DE CORTE DE 1/8" PARA GENERAR BISEL Y LUEGO DISCO DE PULIDO DE 1/4" PARA MEJORAR INCLINACIÓN DE CARAS Y FACILITAR PROCESO DE COLOCACIÓN DE MATERIAL DE APORTE. INCLUYE: GATEO MEDIANTE TUBERÍA Y GATOS HIDRÁULICO DE 100 TON EN 2 PUNTOS PARA SOPORTE DE TRAMOS A REPARAR; REMOCIÓN DE PINTURA, APLICACIÓN DE CORDÓN DE SOLDADURA 7018 X1/8" CON ADECUADA PENETRACIÓN; APLICACIÓN DE CORDÓN DE PRESENTACIÓN EN 5/32", APLICACIÓN DE ANTICORROSIVO A BASE DE CROMATO DE ZINC Y ESMALTE EN 5 MILS; EQUIPO, ANDAMIO, MATERIALES, HERRAMIENTA Y MANO DE OBRA. | L23: =LOOKUP(B23,$C$80:$C$4513,$E$80:$E$4513) -> ML | N23: LONGITUD | O23: 49.5 | P23: =O23*O22 -> 111.375 | R23: Sendero Peatonal (ancho) | S23: 2.25
B24: 9055 | C24: =C23+1 -> 2003 | D24: =K24 -> SUMINISTRO Y APLICACIÓN DE UNA CAPA DE ANTICORROSIVO DE 3MM DE ESPESOR DE PELÍCULA SECA IMPRIMANTE EPÓXICO, PREVIA PREPARACIÓN DE LA SUPERFICIE MEDIANTE LIMPIEZA MANUAL O MECÁNICA, SEGÚN LAS NORMAS SSPC-SP2 | E24: =L24 -> ML | F24: =O23*O21*3*1.1 -> 326.7 | G24: =J24 -> 11882 | H24: =ROUND(F24*G24,0) -> 3881849 | J24: =LOOKUP(B24,$C$80:$C$4513,$F$80:$F$4513) -> 11882 | K24: =LOOKUP(B24,$C$80:$C$4513,$D$80:$D$4513) -> SUMINISTRO Y APLICACIÓN DE UNA CAPA DE ANTICORROSIVO DE 3MM DE ESPESOR DE PELÍCULA SECA IMPRIMANTE EPÓXICO, PREVIA PREPARACIÓN DE LA SUPERFICIE MEDIANTE LIMPIEZA MANUAL O MECÁNICA, SEGÚN LAS NORMAS SSPC-SP2 | L24: =LOOKUP(B24,$C$80:$C$4513,$E$80:$E$4513) -> ML | N24: LUZ MAYOR | O24: 32.45 | R24: barandas alto | S24: 1
B25: 6262 | C25: =C24+1 -> 2004 | D25: =K25 -> PINTURA ACRÍLICA, MONOCOMPONENTE, IMPERMEABLE, ELÁSTICO, DE ALTA RESISTENCIA A LA CARBONATACIÓN, LAVABLE, CONSUMO DE 0,32 GL/M2, PARA UN ESPESOR DE PELÍCULA SECA DE 12 MILS. INCLUYE TODOS LOS COSTOS DE SUMINISTRO DE MATERIALES, EQUIPOS (COMPRESOR, PISTOLA, RODILLO, ANDAMIOS, PROVISIONAL DE ENERGÍA), TRANSPORTES, MANEJO, ALMACENAMIENTO, DESPERDICIOS Y MANO DE OBRA. | E25: =L25 -> M2 | F25: =((O23*S27)+(O23*1.2*2))*O21*1.1 -> 506.385 | G25: =J25 -> 28199 | H25: =ROUND(F25*G25,0) -> 14279551 | J25: =LOOKUP(B25,$C$80:$C$4513,$F$80:$F$4513) -> 28199 | K25: =LOOKUP(B25,$C$80:$C$4513,$D$80:$D$4513) -> PINTURA ACRÍLICA, MONOCOMPONENTE, IMPERMEABLE, ELÁSTICO, DE ALTA RESISTENCIA A LA CARBONATACIÓN, LAVABLE, CONSUMO DE 0,32 GL/M2, PARA UN ESPESOR DE PELÍCULA SECA DE 12 MILS. INCLUYE TODOS LOS COSTOS DE SUMINISTRO DE MATERIALES, EQUIPOS (COMPRESOR, PISTOLA, RODILLO, ANDAMIOS, PROVISIONAL DE ENERGÍA), TRANSPORTES, MANEJO, ALMACENAMIENTO, DESPERDICIOS Y MANO DE OBRA. | L25: =LOOKUP(B25,$C$80:$C$4513,$E$80:$E$4513) -> M2 | N25: NUMERO DE LUCES | O25: 1 | R25: Elementos estructurales
B26: 6352 | C26: =C25+1 -> 2005 | D26: =K26 -> PINTURA RECUBRIMIENTO ELÁSTICO EN RESINA ACRÍLICA APLICADA SOBRE CONCRETO. DOS (2) MANOS. INCLUYE SUMINISTRO Y COLOCACIÓN DE PINTURA. | E26: =L26 -> M2 | F26: 0 | G26: =J26 -> 74080 | H26: =ROUND(F26*G26,0) -> 0 | J26: =LOOKUP(B26,$C$80:$C$4513,$F$80:$F$4513) -> 74080 | K26: =LOOKUP(B26,$C$80:$C$4513,$D$80:$D$4513) -> PINTURA RECUBRIMIENTO ELÁSTICO EN RESINA ACRÍLICA APLICADA SOBRE CONCRETO. DOS (2) MANOS. INCLUYE SUMINISTRO Y COLOCACIÓN DE PINTURA. | L26: =LOOKUP(B26,$C$80:$C$4513,$E$80:$E$4513) -> M2 | N26: ACCESOS | R26: viga en I | S26: 32.45
J27: =LOOKUP(B27,$C$80:$C$4513,$F$80:$F$4513) -> #N/A | K27: =LOOKUP(B27,$C$80:$C$4513,$D$80:$D$4513) -> #N/A | L27: =LOOKUP(B27,$C$80:$C$4513,$E$80:$E$4513) -> #N/A | N27: No. De escaleras | R27: tablero ancho | S27: 2.25
J28: =LOOKUP(B28,$C$80:$C$4513,$F$80:$F$4513) -> #N/A | K28: =LOOKUP(B28,$C$80:$C$4513,$D$80:$D$4513) -> #N/A | L28: =LOOKUP(B28,$C$80:$C$4513,$E$80:$E$4513) -> #N/A | N28: ancho | P28: ärea escaleras | R28: Apoyo en Concreto (pilar) altura mayor | S28: 0
J29: =LOOKUP(B29,$C$80:$C$4513,$F$80:$F$4513) -> #N/A | K29: =LOOKUP(B29,$C$80:$C$4513,$D$80:$D$4513) -> #N/A | L29: =LOOKUP(B29,$C$80:$C$4513,$E$80:$E$4513) -> #N/A | N29: longitud | P29: =O29*O28*O27 -> 0
C30: 3 | D30: Mantenimiento estructura metálica y Barandas | H30: =SUM(H31:H35) -> 20505594 | N30: No. De Rampas
B31: 4947 | C31: =C30*1000+1 -> 3001 | D31: =K31 -> LAVADO DE ESTRUCTURA EN CONCRETO Y/O METÁLICAS. INCLUYE ALQUILER DE HIDROLAVADORA 1300W MOTOR A GASOLINA PRESIÓN 3200 PSI. INCLUYE IMPLEMENTOS DE ASEO (DETERGENTE INDUSTRIAL), AGUA, COMBUSTIBLE Y MANO DE OBRA. | E31: =L31 -> M2 | F31: =(O23*4*O21)*1.05 -> 415.8 | G31: =J31 -> 3972 | H31: =ROUND(F31*G31,0) -> 1651558 | J31: =LOOKUP(B31,$C$80:$C$4513,$F$80:$F$4513) -> 3972 | K31: =LOOKUP(B31,$C$80:$C$4513,$D$80:$D$4513) -> LAVADO DE ESTRUCTURA EN CONCRETO Y/O METÁLICAS. INCLUYE ALQUILER DE HIDROLAVADORA 1300W MOTOR A GASOLINA PRESIÓN 3200 PSI. INCLUYE IMPLEMENTOS DE ASEO (DETERGENTE INDUSTRIAL), AGUA, COMBUSTIBLE Y MANO DE OBRA. | L31: =LOOKUP(B31,$C$80:$C$4513,$E$80:$E$4513) -> M2 | N31: Ancho | P31: Área Escaleras
B32: 5395 | C32: =C31+1 -> 3002 | D32: =K32 -> BARANDAS. DESMONTE E INSTALACION. INCLUYE ACOPIO EN EL FRENTE DE OBRA. (NO INCLUYE TRASLADO DEL MATERIAL SOBRANTE, NI RETIRO DE ESCOMBROS). | E32: =L32 -> ML | F32: =(O23*2*O21)*1.05 -> 207.9 | G32: =J32 -> 35220 | H32: =ROUND(F32*G32,0) -> 7322238 | J32: =LOOKUP(B32,$C$80:$C$4513,$F$80:$F$4513) -> 35220 | K32: =LOOKUP(B32,$C$80:$C$4513,$D$80:$D$4513) -> BARANDAS. DESMONTE E INSTALACION. INCLUYE ACOPIO EN EL FRENTE DE OBRA. (NO INCLUYE TRASLADO DEL MATERIAL SOBRANTE, NI RETIRO DE ESCOMBROS). | L32: =LOOKUP(B32,$C$80:$C$4513,$E$80:$E$4513) -> ML
B33: 5952 | C33: =C32+1 -> 3003 | D33: =K33 -> BARANDA METÁLICA M81 (INSTALADO Y PINTADO) | E33: =L33 -> ML | F33: 0 | G33: =J33 -> 273700 | H33: =ROUND(F33*G33,0) -> 0 | J33: =LOOKUP(B33,$C$80:$C$4513,$F$80:$F$4513) -> 273700 | K33: =LOOKUP(B33,$C$80:$C$4513,$D$80:$D$4513) -> BARANDA METÁLICA M81 (INSTALADO Y PINTADO) | L33: =LOOKUP(B33,$C$80:$C$4513,$E$80:$E$4513) -> ML
B34: 9055 | C34: =C33+1 -> 3004 | D34: =K34 -> SUMINISTRO Y APLICACIÓN DE UNA CAPA DE ANTICORROSIVO DE 3MM DE ESPESOR DE PELÍCULA SECA IMPRIMANTE EPÓXICO, PREVIA PREPARACIÓN DE LA SUPERFICIE MEDIANTE LIMPIEZA MANUAL O MECÁNICA, SEGÚN LAS NORMAS SSPC-SP2 | E34: =L34 -> ML | F34: =(O23*8)*1.05 -> 415.8 | G34: =J34 -> 11882 | H34: =ROUND(F34*G34,0) -> 4940536 | J34: =LOOKUP(B34,$C$80:$C$4513,$F$80:$F$4513) -> 11882 | K34: =LOOKUP(B34,$C$80:$C$4513,$D$80:$D$4513) -> SUMINISTRO Y APLICACIÓN DE UNA CAPA DE ANTICORROSIVO DE 3MM DE ESPESOR DE PELÍCULA SECA IMPRIMANTE EPÓXICO, PREVIA PREPARACIÓN DE LA SUPERFICIE MEDIANTE LIMPIEZA MANUAL O MECÁNICA, SEGÚN LAS NORMAS SSPC-SP2 | L34: =LOOKUP(B34,$C$80:$C$4513,$E$80:$E$4513) -> ML
B35: 6294 | C35: =C33+1 -> 3004 | D35: =K35 -> REPARACIÓN DE BARANDAS EXISTENTES. INCLUYE LIMPIEZA, MORTERO DE REPARACIÓN, INHIBIDOR DE CORROSIÓN, PINTURA ANTICARBONATACIÓN, SUMINISTRO DE MANO DE OBRA, EQUIPOS Y MANEJO DE DESPERDICIOS. | E35: =L35 -> ML | F35: =(O23*4)*1.05 -> 207.9 | G35: =J35 -> 31704 | H35: =ROUND(F35*G35,0) -> 6591262 | J35: =LOOKUP(B35,$C$80:$C$4513,$F$80:$F$4513) -> 31704 | K35: =LOOKUP(B35,$C$80:$C$4513,$D$80:$D$4513) -> REPARACIÓN DE BARANDAS EXISTENTES. INCLUYE LIMPIEZA, MORTERO DE REPARACIÓN, INHIBIDOR DE CORROSIÓN, PINTURA ANTICARBONATACIÓN, SUMINISTRO DE MANO DE OBRA, EQUIPOS Y MANEJO DE DESPERDICIOS. | L35: =LOOKUP(B35,$C$80:$C$4513,$E$80:$E$4513) -> ML | N35: Longitud | P35: =O35*O31*O30 -> 0
C36: 4 | D36: Senderos peatonales | H36: =SUM(H37:H59) -> 25364638
B37: 3011 | C37: =C36*1000+1 -> 4001 | D37: =K37 -> DEMOLICION MANUAL SARDINEL EXISTENTE (INCLUYE CARGUE). NO INCLUYE TRANSPORTE Y DISPOSICIÓN FINAL DE SOBRANTES. | E37: =L37 -> ML | F37: =O22*3*1.05 -> 7.0875 | G37: =J37 -> 4523 | H37: =ROUND(F37*G37,0) -> 32057 | J37: =LOOKUP(B37,$C$80:$C$4513,$F$80:$F$4513) -> 4523 | K37: =LOOKUP(B37,$C$80:$C$4513,$D$80:$D$4513) -> DEMOLICION MANUAL SARDINEL EXISTENTE (INCLUYE CARGUE). NO INCLUYE TRANSPORTE Y DISPOSICIÓN FINAL DE SOBRANTES. | L37: =LOOKUP(B37,$C$80:$C$4513,$E$80:$E$4513) -> ML
B38: 3012 | C38: =C37+1 -> 4002 | D38: =K38 -> DEMOLICIÓN PISOS DE CONCRETO (ESPESOR VARIABLE HASTA 0.10 M. INCLUYE CARGUE). NO INCLUYE TRANSPORTE Y DISPOSICIÓN FINAL DE SOBRANTES. | E38: =L38 -> M2 | F38: =O22*2.5*3*1.05 -> 17.71875 | G38: =J38 -> 6331 | H38: =ROUND(F38*G38,0) -> 112177 | J38: =LOOKUP(B38,$C$80:$C$4513,$F$80:$F$4513) -> 6331 | K38: =LOOKUP(B38,$C$80:$C$4513,$D$80:$D$4513) -> DEMOLICIÓN PISOS DE CONCRETO (ESPESOR VARIABLE HASTA 0.10 M. INCLUYE CARGUE). NO INCLUYE TRANSPORTE Y DISPOSICIÓN FINAL DE SOBRANTES. | L38: =LOOKUP(B38,$C$80:$C$4513,$E$80:$E$4513) -> M2
B39: 6224 | C39: =C38+1 -> 4003 | D39: =K39 -> DEMOLICIÓN RECUBRIMIENTO ESTRUCTURAL DE ZONAS CON DESCASCARAMIENTO, HASTA DESCUBRIR EL REFUERZO EXISTENTE VERIFICANDO PH EN CONCRETO. INCLUYE TODOS LOS COSTOS DE SUMINISTRO DE MATERIALES, EQUIPOS, CARGUE Y TRANSPORTE DE MATERIALES SOBRANTES A BOTADERO AUTORIZADO Y MANO DE OBRA. | E39: =L39 -> M2 | F39: =P23*O21*1.05 -> 233.8875 | G39: =J39 -> 11514 | H39: =ROUND(F39*G39,0) -> 2692981 | J39: =LOOKUP(B39,$C$80:$C$4513,$F$80:$F$4513) -> 11514 | K39: =LOOKUP(B39,$C$80:$C$4513,$D$80:$D$4513) -> DEMOLICIÓN RECUBRIMIENTO ESTRUCTURAL DE ZONAS CON DESCASCARAMIENTO, HASTA DESCUBRIR EL REFUERZO EXISTENTE VERIFICANDO PH EN CONCRETO. INCLUYE TODOS LOS COSTOS DE SUMINISTRO DE MATERIALES, EQUIPOS, CARGUE Y TRANSPORTE DE MATERIALES SOBRANTES A BOTADERO AUTORIZADO Y MANO DE OBRA. | L39: =LOOKUP(B39,$C$80:$C$4513,$E$80:$E$4513) -> M2
B40: 6281 | C40: =C39+1 -> 4004 | D40: =K40 -> RESTITUCIÓN RECUBRIMIENTO DE TABLERO O VIGAS CABEZAL, EN ZONAS DE SANEADO DE REFUERZO O DONDE EXISTA PÉRDIDA DE RECUBRIMIENTO, CON MORTERO MODIFICADO CON RESINA ACRÍLICA DE DOS COMPONENTES PARA REPARACIONES ESTRUCTURALES. INCLUYE TODOS LOS COSTOS DE SUMINISTRO DE MATERIALES, EQUIPOS, HERRAMIENTA MENOR, ANDAMIOS, LIMPIEZA AIRE A PRESIÓN, TRANSPORTES, MANEJO, ALMACENAMIENTO, DESPERDICIOS, CARGUE Y TRANSPORTE DE MATERIALES SOBRANTES A BOTADERO AUTORIZADO Y MANO DE OBRA. | E40: =L40 -> M2 | F40: =F39 -> 233.8875 | G40: =J40 -> 44431 | H40: =ROUND(F40*G40,0) -> 10391856 | J40: =LOOKUP(B40,$C$80:$C$4513,$F$80:$F$4513) -> 44431 | K40: =LOOKUP(B40,$C$80:$C$4513,$D$80:$D$4513) -> RESTITUCIÓN RECUBRIMIENTO DE TABLERO O VIGAS CABEZAL, EN ZONAS DE SANEADO DE REFUERZO O DONDE EXISTA PÉRDIDA DE RECUBRIMIENTO, CON MORTERO MODIFICADO CON RESINA ACRÍLICA DE DOS COMPONENTES PARA REPARACIONES ESTRUCTURALES. INCLUYE TODOS LOS COSTOS DE SUMINISTRO DE MATERIALES, EQUIPOS, HERRAMIENTA MENOR, ANDAMIOS, LIMPIEZA AIRE A PRESIÓN, TRANSPORTES, MANEJO, ALMACENAMIENTO, DESPERDICIOS, CARGUE Y TRANSPORTE DE MATERIALES SOBRANTES A BOTADERO AUTORIZADO Y MANO DE OBRA. | L40: =LOOKUP(B40,$C$80:$C$4513,$E$80:$E$4513) -> M2
B41: 5426 | C41: =C40+1 -> 4005 | D41: =K41 -> CONCRETO 4000 PSI GRAVA COMÚN PARA RAMPAS Y ESCALERAS (PREMEZCLADO. INCL. SUMINISTRO, FORMALETEO Y COLOCACIÓN. NO INCL. REFUERZO, CURADO). | E41: =L41 -> M3 | F41: =F38*0.1 -> 1.771875 | G41: =J41 -> 621990 | H41: =ROUND(F41*G41,0) -> 1102089 | J41: =LOOKUP(B41,$C$80:$C$4513,$F$80:$F$4513) -> 621990 | K41: =LOOKUP(B41,$C$80:$C$4513,$D$80:$D$4513) -> CONCRETO 4000 PSI GRAVA COMÚN PARA RAMPAS Y ESCALERAS (PREMEZCLADO. INCL. SUMINISTRO, FORMALETEO Y COLOCACIÓN. NO INCL. REFUERZO, CURADO). | L41: =LOOKUP(B41,$C$80:$C$4513,$E$80:$E$4513) -> M3
B42: 7992 | C42: =C41+1 -> 4006 | D42: =K42 -> REPOSICIÓN DE SELLO DE JUNTAS DE PAVIMENTO DE CONCRETO HIDRÁULICO, ANCHO HASTA DE 5/8" (16 MM). (INCLUYE LIMPIEZA, SUMINISTRO E INSTALACIÓN DE FONDO Y SELLANTE). | E42: =L42 -> ML | F42: 0 | G42: =J42 -> 15497 | H42: =ROUND(F42*G42,0) -> 0 | J42: =LOOKUP(B42,$C$80:$C$4513,$F$80:$F$4513) -> 15497 | K42: =LOOKUP(B42,$C$80:$C$4513,$D$80:$D$4513) -> REPOSICIÓN DE SELLO DE JUNTAS DE PAVIMENTO DE CONCRETO HIDRÁULICO, ANCHO HASTA DE 5/8" (16 MM). (INCLUYE LIMPIEZA, SUMINISTRO E INSTALACIÓN DE FONDO Y SELLANTE). | L42: =LOOKUP(B42,$C$80:$C$4513,$E$80:$E$4513) -> ML
B43: 4239 | C43: =C42+1 -> 4007 | D43: =K43 -> CORTE Y AMPLIACIÓN DE JUNTA EN PAVIMENTO DE CONCRETO HIDRAULICO | E43: =L43 -> ML | F43: =((O22*15))*O21 -> 67.5 | G43: =J43 -> 4712 | H43: =ROUND(F43*G43,0) -> 318060 | J43: =LOOKUP(B43,$C$80:$C$4513,$F$80:$F$4513) -> 4712 | K43: =LOOKUP(B43,$C$80:$C$4513,$D$80:$D$4513) -> CORTE Y AMPLIACIÓN DE JUNTA EN PAVIMENTO DE CONCRETO HIDRAULICO | L43: =LOOKUP(B43,$C$80:$C$4513,$E$80:$E$4513) -> ML
B44: 3837 | C44: =C43+1 -> 4008 | D44: =K44 -> SELLADO DE JUNTAS EN PAVIMENTO DE CONCRETO HIDRAULICO (INCLUYE LIMPIEZA, SUMINISTRO E INSTALACIÓN DE FONDO Y SELLANTE) | E44: =L44 -> ML | F44: =F43 -> 67.5 | G44: =J44 -> 10949 | H44: =ROUND(F44*G44,0) -> 739058 | J44: =LOOKUP(B44,$C$80:$C$4513,$F$80:$F$4513) -> 10949 | K44: =LOOKUP(B44,$C$80:$C$4513,$D$80:$D$4513) -> SELLADO DE JUNTAS EN PAVIMENTO DE CONCRETO HIDRAULICO (INCLUYE LIMPIEZA, SUMINISTRO E INSTALACIÓN DE FONDO Y SELLANTE) | L44: =LOOKUP(B44,$C$80:$C$4513,$E$80:$E$4513) -> ML
B45: 3708 | C45: =C44+1 -> 4009 | D45: =K45 -> ACERO DE REFUERZO FY=60000 PSI. SUMINISTRO E INSTALACIÓN. DE ACUERDO A LO ESTIPULADO POR LA NSR-10, NORMA ASTM A-706, ICONTEC 2289 PARA EL ACERO PDR-60. INCLUYE TODOS LOS COSTOS DE SUMINISTRO DE MATERIALES (REFUERZO (G60) FIGURADO, CORRUGADO, INCLUYE EL ALAMBRE DE AMARRE), EQUIPOS, TRANSPORTES, MANEJO, ALMACENAMIENTO, DESPERDICIOS Y MANO DE OBRA. | E45: =L45 -> KG | F45: =75*F41 -> 132.89062 | G45: =J45 -> 3979 | H45: =ROUND(F45*G45,0) -> 528772 | J45: =LOOKUP(B45,$C$80:$C$4513,$F$80:$F$4513) -> 3979 | K45: =LOOKUP(B45,$C$80:$C$4513,$D$80:$D$4513) -> ACERO DE REFUERZO FY=60000 PSI. SUMINISTRO E INSTALACIÓN. DE ACUERDO A LO ESTIPULADO POR LA NSR-10, NORMA ASTM A-706, ICONTEC 2289 PARA EL ACERO PDR-60. INCLUYE TODOS LOS COSTOS DE SUMINISTRO DE MATERIALES (REFUERZO (G60) FIGURADO, CORRUGADO, INCLUYE EL ALAMBRE DE AMARRE), EQUIPOS, TRANSPORTES, MANEJO, ALMACENAMIENTO, DESPERDICIOS Y MANO DE OBRA. | L45: =LOOKUP(B45,$C$80:$C$4513,$E$80:$E$4513) -> KG
B46: 3464 | C46: =C45+1 -> 4010 | D46: =K46 -> EXCAVACION MANUAL EN MATERIAL COMUN. INCLUYE CARGUE. | E46: =L46 -> M3 | F46: =F52*0.2 -> 12.6 | G46: =J46 -> 31876 | H46: =ROUND(F46*G46,0) -> 401638 | J46: =LOOKUP(B46,$C$80:$C$4513,$F$80:$F$4513) -> 31876 | K46: =LOOKUP(B46,$C$80:$C$4513,$D$80:$D$4513) -> EXCAVACION MANUAL EN MATERIAL COMUN. INCLUYE CARGUE. | L46: =LOOKUP(B46,$C$80:$C$4513,$E$80:$E$4513) -> M3
B47: 3851 | C47: =C46+1 -> 4011 | D47: =K47 -> RELLENO PARA ANDENES EN SUBBASE GRANULAR B-400 (SUMINISTRO, EXTENDIDO, HUMEDECIMIENTO Y COMPACTACIÓN) | E47: =L47 -> M3 | F47: =F46 -> 12.6 | G47: =J47 -> 82225 | H47: =ROUND(F47*G47,0) -> 1036035 | J47: =LOOKUP(B47,$C$80:$C$4513,$F$80:$F$4513) -> 82225 | K47: =LOOKUP(B47,$C$80:$C$4513,$D$80:$D$4513) -> RELLENO PARA ANDENES EN SUBBASE GRANULAR B-400 (SUMINISTRO, EXTENDIDO, HUMEDECIMIENTO Y COMPACTACIÓN) | L47: =LOOKUP(B47,$C$80:$C$4513,$E$80:$E$4513) -> M3
B48: 3567 | C48: =C47+1 -> 4012 | D48: =K48 -> MURO EN BLOQUE ESTRUCTURAL TIPO PIEDRA GRIS (REFERENCIA: PI-16. INCLUYE SUMINISTRO Y CONSTRUCCIÓN) | E48: =L48 -> M2 | F48: 0 | G48: =J48 -> 78445 | H48: =ROUND(F48*G48,0) -> 0 | J48: =LOOKUP(B48,$C$80:$C$4513,$F$80:$F$4513) -> 78445 | K48: =LOOKUP(B48,$C$80:$C$4513,$D$80:$D$4513) -> MURO EN BLOQUE ESTRUCTURAL TIPO PIEDRA GRIS (REFERENCIA: PI-16. INCLUYE SUMINISTRO Y CONSTRUCCIÓN) | L48: =LOOKUP(B48,$C$80:$C$4513,$E$80:$E$4513) -> M2
B49: 4588 | C49: =C48+1 -> 4013 | D49: =K49 -> CONSTRUCCIÓN DE ESCALERAS EN CONCRETO 3000 PSI GRAVA COMÚN. INCLUYE EXCAVACIÓN MANUAL, SUBBASE GRANULAR CLASE B, ACERO DE REFUERZO Y TRANSPORTE Y DISPOSICIÓN FINAL DE ESCOMBROS. | E49: =L49 -> M2 | F49: 0 | G49: =J49 -> 333358 | H49: =ROUND(F49*G49,0) -> 0 | J49: =LOOKUP(B49,$C$80:$C$4513,$F$80:$F$4513) -> 333358 | K49: =LOOKUP(B49,$C$80:$C$4513,$D$80:$D$4513) -> CONSTRUCCIÓN DE ESCALERAS EN CONCRETO 3000 PSI GRAVA COMÚN. INCLUYE EXCAVACIÓN MANUAL, SUBBASE GRANULAR CLASE B, ACERO DE REFUERZO Y TRANSPORTE Y DISPOSICIÓN FINAL DE ESCOMBROS. | L49: =LOOKUP(B49,$C$80:$C$4513,$E$80:$E$4513) -> M2
B50: 5202 | C50: =C48+1 -> 4013 | D50: =K50 -> JUNTA METÁLICA CON ÁNGULO DE 3"X1/4". SUMINISTRO Y COLOCACIÓN. (PARA UN SOLO COSTADO DE LA JUNTA). | E50: =L50 -> ML | F50: =O22*O21*1.1 -> 4.95 | G50: =J50 -> 54528 | H50: =ROUND(F50*G50,0) -> 269914 | J50: =LOOKUP(B50,$C$80:$C$4513,$F$80:$F$4513) -> 54528 | K50: =LOOKUP(B50,$C$80:$C$4513,$D$80:$D$4513) -> JUNTA METÁLICA CON ÁNGULO DE 3"X1/4". SUMINISTRO Y COLOCACIÓN. (PARA UN SOLO COSTADO DE LA JUNTA). | L50: =LOOKUP(B50,$C$80:$C$4513,$E$80:$E$4513) -> ML
B51: 4918 | C51: =C50+1 -> 4014 | D51: =K51 -> JUNTA DE DILATACIÓN ELASTOMÉRICA 250 TAMAÑO 64 X 70 MM (INCLUYE SUMINISTRO E INSTALACIÓN Y TODOS LOS COSTOS DE SUMINISTRO E INSTALACIÓN DE MATERIAL PARA ANCLAJE.. | E51: =L51 -> ML | F51: =O22*O21*1.1 -> 4.95 | G51: =J51 -> 136718 | H51: =ROUND(F51*G51,0) -> 676754 | J51: =LOOKUP(B51,$C$80:$C$4513,$F$80:$F$4513) -> 136718 | K51: =LOOKUP(B51,$C$80:$C$4513,$D$80:$D$4513) -> JUNTA DE DILATACIÓN ELASTOMÉRICA 250 TAMAÑO 64 X 70 MM (INCLUYE SUMINISTRO E INSTALACIÓN Y TODOS LOS COSTOS DE SUMINISTRO E INSTALACIÓN DE MATERIAL PARA ANCLAJE.. | L51: =LOOKUP(B51,$C$80:$C$4513,$E$80:$E$4513) -> ML
B52: 4581 | C52: =C51+1 -> 4015 | D52: =K52 -> RETIRO DE ADOQUIN SOBRE MORTERO | E52: =L52 -> M2 | F52: =14*4.5 -> 63 | G52: =J52 -> 2180 | H52: =ROUND(F52*G52,0) -> 137340 | J52: =LOOKUP(B52,$C$80:$C$4513,$F$80:$F$4513) -> 2180 | K52: =LOOKUP(B52,$C$80:$C$4513,$D$80:$D$4513) -> RETIRO DE ADOQUIN SOBRE MORTERO | L52: =LOOKUP(B52,$C$80:$C$4513,$E$80:$E$4513) -> M2
B53: 3696 | C53: =C52+1 -> 4016 | D53: =K53 -> PISO EN ADOQUIN DE ARCILLA 26X6X6CM (SUMINISTRO E INSTALACIÓN. INCLUYE BASE 4CM ARENA NIVELACIÓN Y ARENA DE SELLO) | E53: =L53 -> M2 | F53: =14*4.5 -> 63 | G53: =J53 -> 70782 | H53: =ROUND(F53*G53,0) -> 4459266 | J53: =LOOKUP(B53,$C$80:$C$4513,$F$80:$F$4513) -> 70782 | K53: =LOOKUP(B53,$C$80:$C$4513,$D$80:$D$4513) -> PISO EN ADOQUIN DE ARCILLA 26X6X6CM (SUMINISTRO E INSTALACIÓN. INCLUYE BASE 4CM ARENA NIVELACIÓN Y ARENA DE SELLO) | L53: =LOOKUP(B53,$C$80:$C$4513,$E$80:$E$4513) -> M2
B54: 7861 | C54: =C53+1 -> 4017 | D54: =K54 -> RETIRO DE PISO EN LAMINA ALFAJOR | E54: =L54 -> ML | F54: 0 | G54: =J54 -> 42514 | H54: =ROUND(F54*G54,0) -> 0 | J54: =LOOKUP(B54,$C$80:$C$4513,$F$80:$F$4513) -> 42514 | K54: =LOOKUP(B54,$C$80:$C$4513,$D$80:$D$4513) -> RETIRO DE PISO EN LAMINA ALFAJOR | L54: =LOOKUP(B54,$C$80:$C$4513,$E$80:$E$4513) -> ML
B55: 5214 | C55: =C54+1 -> 4018 | D55: =K55 -> LAMINA ALFAJOR 6MM CON SOPORTE EN NEOPRENO PARA PERMITIR FLUJO VEHICULAR SOBRE JUNTAS DEMOLIDAS. INCLUYE RETIRO Y POSTERIOR COLOCACIÓN Y TRANSPORTE. | E55: =L55 -> M2 | F55: 0 | G55: =J55 -> 159002 | H55: =ROUND(F55*G55,0) -> 0 | J55: =LOOKUP(B55,$C$80:$C$4513,$F$80:$F$4513) -> 159002 | K55: =LOOKUP(B55,$C$80:$C$4513,$D$80:$D$4513) -> LAMINA ALFAJOR 6MM CON SOPORTE EN NEOPRENO PARA PERMITIR FLUJO VEHICULAR SOBRE JUNTAS DEMOLIDAS. INCLUYE RETIRO Y POSTERIOR COLOCACIÓN Y TRANSPORTE. | L55: =LOOKUP(B55,$C$80:$C$4513,$E$80:$E$4513) -> M2
B56: 5190 | C56: =C55+1 -> 4019 | D56: =K56 -> CORTE CON EQUIPO DE OXICORTE PARA EL RETIRO DE LA JUNTA METALICA EXISTENTE EN EL PUENTE. | E56: =L56 -> ML | F56: 0 | G56: =J56 -> 8701 | H56: =ROUND(F56*G56,0) -> 0 | J56: =LOOKUP(B56,$C$80:$C$4513,$F$80:$F$4513) -> 8701 | K56: =LOOKUP(B56,$C$80:$C$4513,$D$80:$D$4513) -> CORTE CON EQUIPO DE OXICORTE PARA EL RETIRO DE LA JUNTA METALICA EXISTENTE EN EL PUENTE. | L56: =LOOKUP(B56,$C$80:$C$4513,$E$80:$E$4513) -> ML
B57: 5207 | C57: =C56+1 -> 4020 | D57: =K57 -> SANEADO DE CONCRETO DE RECUBRIMIENTO. INCLUYE ESCARIFICACIÓN DE CONCRETO PROFUNDIDAD ENTRE 2CM Y 7CM, LIMPIEZA Y APLICACIÓN DE RECUBRIMIENTO ANTICORROSIVO PARA EL ACERO DE REFUERZO EXISTENTE Y MORTERO DE REPARACIÓN ESTRUCTURAL. NIVEL DE TRABAJO+3.0M | E57: =L57 -> M2 | F57: 0 | G57: =J57 -> 177612 | H57: =ROUND(F57*G57,0) -> 0 | J57: =LOOKUP(B57,$C$80:$C$4513,$F$80:$F$4513) -> 177612 | K57: =LOOKUP(B57,$C$80:$C$4513,$D$80:$D$4513) -> SANEADO DE CONCRETO DE RECUBRIMIENTO. INCLUYE ESCARIFICACIÓN DE CONCRETO PROFUNDIDAD ENTRE 2CM Y 7CM, LIMPIEZA Y APLICACIÓN DE RECUBRIMIENTO ANTICORROSIVO PARA EL ACERO DE REFUERZO EXISTENTE Y MORTERO DE REPARACIÓN ESTRUCTURAL. NIVEL DE TRABAJO+3.0M | L57: =LOOKUP(B57,$C$80:$C$4513,$E$80:$E$4513) -> M2
B58: 5058 | C58: =C57+1 -> 4021 | D58: =K58 -> FILOS (INCLUYE SUMINISTRO Y COLOCACIÓN DE MORTERO 1:4 IMPERMEABILIZADO HECHO EN OBRA) | E58: =L58 -> ML | F58: =O23*2*O21 -> 198 | G58: =J58 -> 7038 | H58: =ROUND(F58*G58,0) -> 1393524 | J58: =LOOKUP(B58,$C$80:$C$4513,$F$80:$F$4513) -> 7038 | K58: =LOOKUP(B58,$C$80:$C$4513,$D$80:$D$4513) -> FILOS (INCLUYE SUMINISTRO Y COLOCACIÓN DE MORTERO 1:4 IMPERMEABILIZADO HECHO EN OBRA) | L58: =LOOKUP(B58,$C$80:$C$4513,$E$80:$E$4513) -> ML
B59: 3017 | C59: =C48+1 -> 4013 | D59: =K59 -> TRANSPORTE Y DISPOSICIÓN FINAL DE ESCOMBROS EN SITIO AUTORIZADO (DISTANCIA DE TRANSPORTE 21 KM). A DISTANCIA MAYOR DEL ACARREO LIBRE (90 M) EN SITIO AUTORIZADO POR LA ENTIDAD AMBIENTAL COMPETENTE. | E59: =L59 -> M3 | F59: =(F38*0.1)+(F46)+(F52*0.26) -> 30.751875 | G59: =J59 -> 34896 | H59: =ROUND(F59*G59,0) -> 1073117 | J59: =LOOKUP(B59,$C$80:$C$4513,$F$80:$F$4513) -> 34896 | K59: =LOOKUP(B59,$C$80:$C$4513,$D$80:$D$4513) -> TRANSPORTE Y DISPOSICIÓN FINAL DE ESCOMBROS EN SITIO AUTORIZADO (DISTANCIA DE TRANSPORTE 21 KM). A DISTANCIA MAYOR DEL ACARREO LIBRE (90 M) EN SITIO AUTORIZADO POR LA ENTIDAD AMBIENTAL COMPETENTE. | L59: =LOOKUP(B59,$C$80:$C$4513,$E$80:$E$4513) -> M3
B60: COSTO DIRECTO DE OBRA | H60: =ROUND(H17+H21+H30+H36,0) -> 76445728
B62: Observaciones:
B65: COSTO DIRECTO | H65: =H60 -> 76445728
B66: ADMINISTRACION | G66: ='AIU OBRA'!L65 -> 0.29927475 | H66: =ROUND($H$65*G66,0) -> 22878276 | J66: |
B67: IMPREVISTOS | G67: ='AIU OBRA'!L66 -> 0.01 | H67: =ROUND($H$65*G67,0) -> 764457
B68: UTILIDAD | G68: ='AIU OBRA'!L67 -> 0.09 | H68: =ROUND($H$65*G68,0) -> 6880116
B69: AIU | G69: ='AIU OBRA'!L70 -> 0.39927475
B70: VALOR COSTO INDIRECTOS | H70: =ROUND(SUM(H66:H68),0) -> 30522849
B71: COSTO TOTAL CON AIU | H71: =ROUND(SUM(H65,H70),0) -> 106968577
B72: Costos Gestión Ambiental | D72: INCLUYE AIU | G72: ='PGA Y SST'!O121 -> 0.092783257 | H72: =ROUND($H$65*G72,0) -> 7092884
B73: Costos Gestión Social | D73: INCLUYE AIU | G73: =PGS!L53 -> 0.034757328 | H73: =ROUND($H$65*G73,0) -> 2657049
B74: Costos Plan de Manejo de Tráfico | G74: =PMT!P37 -> 0.074377029 | H74: =ROUND($H$65*G74,0) -> 5685806
B75: VALOR TOTAL | H75: =ROUND((SUM(H71:H74)),0) -> 122404316
C79: Código | D79: Nombre | E79: UM | F79: Valor | G79: Fecha Actualización | H79: Aplica Nota*
C80: 3007 | D80: REPLANTEO GENERAL | E80: M2 | F80: 727 | G80: Actualización 2022 -I
C81: 3009 | D81: EXCAVACION MANUAL PARA REDES PROFUNDIDAD 0M - 2M (INCLUYE CARGUE) | E81: M3 | F81: 31876 | G81: Actualización 2022 -I
C82: 3010 | D82: DEMOLICION PAVIMENTO ASFALTICO (INCLUYE CARGUE). NO INCLUYE TRANSPORTE Y DISPOSICIÓN FINAL DE SOBRANTES. | E82: M3 | F82: 30579 | G82: Actualización 2022 -I
C83: 3011 | D83: DEMOLICION MANUAL SARDINEL EXISTENTE (INCLUYE CARGUE). NO INCLUYE TRANSPORTE Y DISPOSICIÓN FINAL DE SOBRANTES. | E83: ML | F83: 4523 | G83: Actualización 2022 -I
C84: 3012 | D84: DEMOLICIÓN PISOS DE CONCRETO (ESPESOR VARIABLE HASTA 0.10 M. INCLUYE CARGUE). NO INCLUYE TRANSPORTE Y DISPOSICIÓN FINAL DE SOBRANTES. | E84: M2 | F84: 6331 | G84: Actualización 2022 -I
C85: 3015 | D85: RETIRO DE POSTES DE AP/LA (INCLUYE TRASLADO A SITIO DE ACOPIO) | E85: UN | F85: 206755 | G85: Actualización 2022 -I
C86: 3017 | D86: TRANSPORTE Y DISPOSICIÓN FINAL DE ESCOMBROS EN SITIO AUTORIZADO (DISTANCIA DE TRANSPORTE 21 KM). A DISTANCIA MAYOR DEL ACARREO LIBRE (90 M) EN SITIO AUTORIZADO POR LA ENTIDAD AMBIENTAL COMPETENTE. | E86: M3 | F86: 34896 | G86: Actualización 2022 -I
C87: 3018 | D87: RELLENO EN TIERRA NEGRA PARA EMPRADIZACION (SUMINISTRO Y EXTENDIDO) | E87: M3 | F87: 62305 | G87: Actualización 2022 -I
C88: 3021 | D88: DEMOLICION PAVIMENTO ASFALTICO (ESPESOR VARIABLE. INCLUYE CARGUE). NO INCLUYE TRANSPORTE Y DISPOSICIÓN FINAL DE SOBRANTES. | E88: M2 | F88: 5770 | G88: Actualización 2022 -I
C89: 3022 | D89: DEMOLICIÓN PISOS DE CONCRETO (INCLUYE CARGUE). NO INCLUYE TRANSPORTE Y DISPOSICIÓN FINAL DE SOBRANTES. | E89: M3 | F89: 46434 | G89: Actualización 2022 -I
C90: 3024 | D90: RELLENO PARA REDES EN ARENA DE PEÑA (SUMINISTRO, EXTENDIDO, HUMEDECIMIENTO Y COMPACTACIÓN) | E90: M3 | F90: 109001 | G90: Actualización 2022 -I
C91: 3027 | D91: SARDINEL TIPO A10 (SUMINISTRO E INSTALACIÓN. INCLUYE 3CM MORTERO 1:5) | E91: ML | F91: 58698 | G91: Actualización 2022 -I
... C103: 3056 | D103: 16 DUCTOS D=4" PVC-TDP (INCLUYE SUMINISTRO E INSTALACIÓN. NO INCLUYE RELLENOS) | E103: ML | F103: 386062 | G103: Actualización 2022 -I
C104: 3057 | D104: CAMARA DE INSPECCIÓN T-13 ETB (H=2.3M. INCLUYE BASE, MUROS, CUBIERTA, ARO-BASE Y ARO-TAPA) | E104: UN | F104: 3895907 | G104: Actualización 2022 -I | H104: x
C105: 3058 | D105: CAMARA DE INSPECCIÓN T-13A ETB (H=2.3M. INCLUYE BASE, MUROS, CUBIERTA, ARO-BASE Y ARO-TAPA) | E105: UN | F105: 6454374 | G105: Actualización 2022 -I | H105: x
C106: 3059 | D106: CAMARA DE INSPECCIÓN T-14 ETB (H=2.3M. INCLUYE BASE, MUROS, CUBIERTA, ARO-BASE Y ARO-TAPA) | E106: UN | F106: 3966559 | G106: Actualización 2022 -I | H106: x
C107: 3062 | D107: PISO EN LOSETA PREFABRICADA A30 (SUMINISTRO E INSTALACIÓN. INCLUYE BASE 4CM ARENA NIVELACIÓN Y ARENA DE SELLO) | E107: M2 | F107: 63302 | G107: Actualización 2022 -I
C108: 3064 | D108: TUBERIA CONCRETO D=8" CL. I SIN REFUERZO (INCLUYE SUMINISTRO E INSTALACIÓN) | E108: ML | F108: 66902 | G108: Actualización 2022 -I
C109: 3065 | D109: TUBERIA CONCRETO D=10" CL. I SIN REFUERZO (INCLUYE SUMINISTRO E INSTALACIÓN) | E109: ML | F109: 80175 | G109: Actualización 2022 -I
C110: 3066 | D110: TUBERIA CONCRETO D=12" CL. I SIN REFUERZO (INCLUYE SUMINISTRO E INSTALACIÓN) | E110: ML | F110: 110995 | G110: Actualización 2022 -I
C111: 3067 | D111: TUBERIA CONCRETO D=14" CL. I SIN REFUERZO (INCLUYE SUMINISTRO E INSTALACIÓN) | E111: ML | F111: 131764 | G111: Actualización 2022 -I
C112: 3068 | D112: TUBERIA CONCRETO D=16" CL. I SIN REFUERZO (INCLUYE SUMINISTRO E INSTALACIÓN) | E112: ML | F112: 168915 | G112: Actualización 2022 -I
C113: 3069 | D113: TUBERIA CONCRETO D=18" CL. I SIN REFUERZO (INCLUYE SUMINISTRO E INSTALACIÓN) | E113: ML | F113: 212140 | G113: Actualización 2022 -I
C114: 3070 | D114: TUBERIA CONCRETO D=20" CL. I SIN REFUERZO (INCLUYE SUMINISTRO E INSTALACIÓN) | E114: ML | F114: 271361 | G114: Actualización 2022 -I
C115: 3071 | D115: TUBERIA CONCRETO D=24" CL. I SIN REFUERZO (INCLUYE SUMINISTRO E INSTALACIÓN) | E115: ML | F115: 391003 | G115: Actualización 2022 -I
C116: 3151 | D116: SUMIDERO LATERAL SL-100, H=1.25M (FUNDIDO EN SITIO, CONCRETO PREMEZCLADO. INCL. SUMIN, FORM, REF. Y CONSTR. INCL. TAPA) | E116: UN | F116: 2168636 | G116: Actualización 2022 -I | H116: x
C117: 3155 | D117: DEMOLICION SUMIDERO EXISTENTE (INCLUYE CARGUE) | E117: UN | F117: 154808 | G117: Actualización 2022 -I
C118: 3159 | D118: 2 DUCTOS D=3" PVC-EB (INCLUYE SUMINISTRO E INSTALACIÓN. NO INCLUYE RELLENOS). NORMA CS207. | E118: ML | F118: 33352 | G118: Actualización 2022 -I
C119: 3163 | D119: SEPARADOR 'NEW JERSEY' BIDIRECCIONAL 1.5M X 0.6M X 1.1M (PREFABRICADO. INCLUYE SUM. E INST. NO INC. MATERIAL DE BASE) | E119: ML | F119: 331155 | G119: Actualización 2022 -I
C120: 3172 | D120: SIEMBRA DE GRAMA (INCLUYE SUMINISTRO E INSTALACIÓN. NO INCLUYE TIERRA NEGRA) | E120: M2 | F120: 11976 | G120: Actualización 2022 -I
C121: 3178 | D121: DEMARCACION PASO PEATONAL-CEBRA (E=15 MILS, ACRÍLICA BASE AGUA. INC. SUMIN. Y APLIC. CON EQUIPO. INCL. MICROESFERAS) | E121: M2 | F121: 35194 | G121: Actualización 2022 -I
...

Sheet 3. Presupuesto 24119460
B2: FORMATO
B3: Presupuesto General de Obras - Costos Directos
B4: CÓDIGO | D4: PROCESO | G4: VERSIÓN
B5: FO-DP-01 | D5: Conservación de puentes | G5: 1 | H5: ALCALDÍA LOCAL DE KENNEDY
B7: ALCALDÍA LOCAL DE KENNEDY
B8: ÁREA DE GESTIÓN DE DESARROLLO LOCAL KENNEDY
B9: OFICINA DE INFRAESTRUCTURA DEL FDLK
B10: OBJETO DE LA LICITACIÓN | D10: ='D. ENTRADA obra'!C7 -> "EJECUTAR A MONTO AGOTABLE POR EL SISTEMA DE PRECIOS UNITARIOS LAS OBRAS Y ACTIVIDADES PARA EL DIAGNOSTICO Y LA CONSERVACIÓN DE PUENTES VEHICULARES Y/O PEATONALES SOBRE CUERPOS DE AGUA DE LA LOCALIDAD DE KENNEDY”
B12: Puente Peatonal 24119460 - Avenida de los Muiscas por KR 95 A (Canal de la 38 Sur)
E14: Fecha de Actualización: 10 de Octubre de 2022 | J14: L= | K14: 32.2
J15: W= | K15: 9.9
B16: CODIGO IDU | C16: ÍTEM | D16: DESCRIPCIÓN | E16: UNIDAD | F16: CANTIDAD | G16: PRECIO UNITARIO | H16: VALOR TOTAL | J16: luces | K16: 1
C17: 1 | D17: Preliminares | H17: =SUM(H18:H20) -> 536849
B18: 6162 | C18: =C17*1000+1 -> 1001 | D18: =K18 -> DIAGNOSTICO DE ESPACIO PUBLICO Y CICLORRUTA Y PUENTES PEATONALES (VISUAL). INCLUYE LEVANTAMIENTO TOPOGRÁFICO Y GEORREFERENCIACIÓN DE ELEMENTOS | E18: =L18 -> M2 | F18: =((P23+P29+P35)*O21)+1000 -> 1113.928 | G18: =J18 -> 119 | H18: =ROUND(F18*G18,0) -> 132557 | J18: =LOOKUP(B18,$C$80:$C$4513,$F$80:$F$4513) -> 119 | K18: =LOOKUP(B18,$C$80:$C$4513,$D$80:$D$4513) -> DIAGNOSTICO DE ESPACIO PUBLICO Y CICLORRUTA Y PUENTES PEATONALES (VISUAL). INCLUYE LEVANTAMIENTO TOPOGRÁFICO Y GEORREFERENCIACIÓN DE ELEMENTOS | L18: =LOOKUP(B18,$C$80:$C$4513,$E$80:$E$4513) -> M2
B19: 3688 | C19: =C18+1 -> 1002 | D19: =K19 -> DESMONTE Y REINSTALACION DE SEÑALES VIALES (INCLUYE DADO DE ANCLAJE) | E19: =L19 -> UN | F19: 8 | G19: =J19 -> 41764 | H19: =ROUND(F19*G19,0) -> 334112 | J19: =LOOKUP(B19,$C$80:$C$4513,$F$80:$F$4513) -> 41764 | K19: =LOOKUP(B19,$C$80:$C$4513,$D$80:$D$4513) -> DESMONTE Y REINSTALACION DE SEÑALES VIALES (INCLUYE DADO DE ANCLAJE) | L19: =LOOKUP(B19,$C$80:$C$4513,$E$80:$E$4513) -> UN
B20: 6153 | C20: =C18+1 -> 1002 | D20: =K20 -> CORTE Y RETIRO DE CÉSPED (HASTA 40 CM - INCLUYE RETIRO DE DESPERDICIOS). NO INCLUYE TRANSPORTE Y RETIRO DE SOBRANTES. | E20: =L20 -> M2 | F20: =(P23+P29+P35)*O21 -> 113.928 | G20: =J20 -> 616 | H20: =ROUND(F20*G20,0) -> 70180 | J20: =LOOKUP(B20,$C$80:$C$4513,$F$80:$F$4513) -> 616 | K20: =LOOKUP(B20,$C$80:$C$4513,$D$80:$D$4513) -> CORTE Y RETIRO DE CÉSPED (HASTA 40 CM - INCLUYE RETIRO DE DESPERDICIOS). NO INCLUYE TRANSPORTE Y RETIRO DE SOBRANTES. | L20: =LOOKUP(B20,$C$80:$C$4513,$E$80:$E$4513) -> M2
C21: 2 | D21: Mantenimiento y Conservacion de Elementos Estructurales | H21: =SUM(H22:H29) -> 13089246 | N21: GEOMETRIA GENERAL | O21: 2 | P21: AREA | R21: Carpeta de rodadura
B22: 4947 | C22: =C21*1000+1 -> 2001 | D22: =K22 -> LAVADO DE ESTRUCTURA EN CONCRETO Y/O METÁLICAS. INCLUYE ALQUILER DE HIDROLAVADORA 1300W MOTOR A GASOLINA PRESIÓN 3200 PSI. INCLUYE IMPLEMENTOS DE ASEO (DETERGENTE INDUSTRIAL), AGUA, COMBUSTIBLE Y MANO DE OBRA. | E22: =L22 -> M2 | F22: =(P23+P29+P35+(S26*S27*3*O25)+(S28*S27*3*3))*O21*1.05 -> 431.28414 | G22: =J22 -> 3972 | H22: =ROUND(F22*G22,0) -> 1713061 | J22: =LOOKUP(B22,$C$80:$C$4513,$F$80:$F$4513) -> 3972 | K22: =LOOKUP(B22,$C$80:$C$4513,$D$80:$D$4513) -> LAVADO DE ESTRUCTURA EN CONCRETO Y/O METÁLICAS. INCLUYE ALQUILER DE HIDROLAVADORA 1300W MOTOR A GASOLINA PRESIÓN 3200 PSI. INCLUYE IMPLEMENTOS DE ASEO (DETERGENTE INDUSTRIAL), AGUA, COMBUSTIBLE Y MANO DE OBRA. | L22: =LOOKUP(B22,$C$80:$C$4513,$E$80:$E$4513) -> M2 | N22: ANCHO | O22: 2.02 | R22: No. De juntas | S22: 2
B23: 6275 | C23: =C22+1 -> 2002 | D23: =K23 -> REPARACIÓN DE SOLDADURAS JUNTAS A FILETE, CON REMOCIÓN DE PINTURA EXISTENTE, REMOCIÓN DEL DEFECTO MEDIANTE DISCO DE CORTE DE 1/8" PARA GENERAR BISEL Y LUEGO DISCO DE PULIDO DE 1/4" PARA MEJORAR INCLINACIÓN DE CARAS Y FACILITAR PROCESO DE COLOCACIÓN DE MATERIAL DE APORTE. INCLUYE: GATEO MEDIANTE TUBERÍA Y GATOS HIDRÁULICO DE 100 TON EN 2 PUNTOS PARA SOPORTE DE TRAMOS A REPARAR; REMOCIÓN DE PINTURA, APLICACIÓN DE CORDÓN DE SOLDADURA 7018 X1/8" CON ADECUADA PENETRACIÓN; APLICACIÓN DE CORDÓN DE PRESENTACIÓN EN 5/32", APLICACIÓN DE ANTICORROSIVO A BASE DE CROMATO DE ZINC Y ESMALTE EN 5 MILS; EQUIPO, ANDAMIO, MATERIALES, HERRAMIENTA Y MANO DE OBRA. | E23: =L23 -> ML | F23: =O23*4*O21*0.3*1.1 -> 37.224 | G23: =J23 -> 103779 | H23: =ROUND(F23*G23,0) -> 3863069 | J23: =LOOKUP(B23,$C$75:$C$4506,$F$75:$F$4506) -> 103779 | K23: =LOOKUP(B23,$C$75:$C$4506,$D$75:$D$4506) -> REPARACIÓN DE SOLDADURAS JUNTAS A FILETE, CON REMOCIÓN DE PINTURA EXISTENTE, REMOCIÓN DEL DEFECTO MEDIANTE DISCO DE CORTE DE 1/8" PARA GENERAR BISEL Y LUEGO DISCO DE PULIDO DE 1/4" PARA MEJORAR INCLINACIÓN DE CARAS Y FACILITAR PROCESO DE COLOCACIÓN DE MATERIAL DE APORTE. INCLUYE: GATEO MEDIANTE TUBERÍA Y GATOS HIDRÁULICO DE 100 TON EN 2 PUNTOS PARA SOPORTE DE TRAMOS A REPARAR; REMOCIÓN DE PINTURA, APLICACIÓN DE CORDÓN DE SOLDADURA 7018 X1/8" CON ADECUADA PENETRACIÓN; APLICACIÓN DE CORDÓN DE PRESENTACIÓN EN 5/32", APLICACIÓN DE ANTICORROSIVO A BASE DE CROMATO DE ZINC Y ESMALTE EN 5 MILS; EQUIPO, ANDAMIO, MATERIALES, HERRAMIENTA Y MANO DE OBRA. | L23: =LOOKUP(B23,$C$75:$C$4506,$E$75:$E$4506) -> ML | N23: LONGITUD | O23: 14.1 | P23: =O23*O22*O21 -> 56.964 | R23: Sendero Peatonal (ancho) | S23: 2.02
B24: 9055 | C24: =C23+1 -> 2003 | D24: =K24 -> SUMINISTRO Y APLICACIÓN DE UNA CAPA DE ANTICORROSIVO DE 3MM DE ESPESOR DE PELÍCULA SECA IMPRIMANTE EPÓXICO, PREVIA PREPARACIÓN DE LA SUPERFICIE MEDIANTE LIMPIEZA MANUAL O MECÁNICA, SEGÚN LAS NORMAS SSPC-SP2 | E24: =L24 -> ML | F24: =O23*O21*3*1.1 -> 93.06 | G24: =J24 -> 11882 | H24: =ROUND(F24*G24,0) -> 1105739 | J24: =LOOKUP(B24,$C$75:$C$4506,$F$75:$F$4506) -> 11882 | K24: =LOOKUP(B24,$C$75:$C$4506,$D$75:$D$4506) -> SUMINISTRO Y APLICACIÓN DE UNA CAPA DE ANTICORROSIVO DE 3MM DE ESPESOR DE PELÍCULA SECA IMPRIMANTE EPÓXICO, PREVIA PREPARACIÓN DE LA SUPERFICIE MEDIANTE LIMPIEZA MANUAL O MECÁNICA, SEGÚN LAS NORMAS SSPC-SP2 | L24: =LOOKUP(B24,$C$75:$C$4506,$E$75:$E$4506) -> ML | N24: LUZ MAYOR | O24: 11.71 | R24: barandas alto | S24: 1.09
B25: 6262 | C25: =C24+1 -> 2004 | D25: =K25 -> PINTURA ACRÍLICA, MONOCOMPONENTE, IMPERMEABLE, ELÁSTICO, DE ALTA RESISTENCIA A LA CARBONATACIÓN, LAVABLE, CONSUMO DE 0,32 GL/M2, PARA UN ESPESOR DE PELÍCULA SECA DE 12 MILS. INCLUYE TODOS LOS COSTOS DE SUMINISTRO DE MATERIALES, EQUIPOS (COMPRESOR, PISTOLA, RODILLO, ANDAMIOS, PROVISIONAL DE ENERGÍA), TRANSPORTES, MANEJO, ALMACENAMIENTO, DESPERDICIOS Y MANO DE OBRA. | E25: =L25 -> M2 | F25: =((O23*S27)+(O23*1.2*2))*O21*1.1 -> 137.1084 | G25: =J25 -> 28199 | H25: =ROUND(F25*G25,0) -> 3866320 | J25: =LOOKUP(B25,$C$75:$C$4506,$F$75:$F$4506) -> 28199 | K25: =LOOKUP(B25,$C$75:$C$4506,$D$75:$D$4506) -> PINTURA ACRÍLICA, MONOCOMPONENTE, IMPERMEABLE, ELÁSTICO, DE ALTA RESISTENCIA A LA CARBONATACIÓN, LAVABLE, CONSUMO DE 0,32 GL/M2, PARA UN ESPESOR DE PELÍCULA SECA DE 12 MILS. INCLUYE TODOS LOS COSTOS DE SUMINISTRO DE MATERIALES, EQUIPOS (COMPRESOR, PISTOLA, RODILLO, ANDAMIOS, PROVISIONAL DE ENERGÍA), TRANSPORTES, MANEJO, ALMACENAMIENTO, DESPERDICIOS Y MANO DE OBRA. | L25: =LOOKUP(B25,$C$75:$C$4506,$E$75:$E$4506) -> M2 | N25: NUMERO DE LUCES | O25: 1 | R25: Elementos estructurales
B26: 6352 | C26: =C25+1 -> 2005 | D26: =K26 -> PINTURA RECUBRIMIENTO ELÁSTICO EN RESINA ACRÍLICA APLICADA SOBRE CONCRETO. DOS (2) MANOS. INCLUYE SUMINISTRO Y COLOCACIÓN DE PINTURA. | E26: =L26 -> M2 | F26: =S28*3.66*2*1.1 -> 34.30152 | G26: =J26 -> 74080 | H26: =ROUND(F26*G26,0) -> 2541057 | J26: =LOOKUP(B26,$C$75:$C$4506,$F$75:$F$4506) -> 74080 | K26: =LOOKUP(B26,$C$75:$C$4506,$D$75:$D$4506) -> PINTURA RECUBRIMIENTO ELÁSTICO EN RESINA ACRÍLICA APLICADA SOBRE CONCRETO. DOS (2) MANOS. INCLUYE SUMINISTRO Y COLOCACIÓN DE PINTURA. | L26: =LOOKUP(B26,$C$75:$C$4506,$E$75:$E$4506) -> M2 | N26: ACCESOS | R26: viga en I | S26: 11.71
J27: =LOOKUP(B27,$C$75:$C$4506,$F$75:$F$4506) -> #N/A | K27: =LOOKUP(B27,$C$75:$C$4506,$D$75:$D$4506) -> #N/A | L27: =LOOKUP(B27,$C$75:$C$4506,$E$75:$E$4506) -> #N/A | N27: No. De escaleras | R27: tablero ancho | S27: 2.02
J28: =LOOKUP(B28,$C$75:$C$4506,$F$75:$F$4506) -> #N/A | K28: =LOOKUP(B28,$C$75:$C$4506,$D$75:$D$4506) -> #N/A | L28: =LOOKUP(B28,$C$75:$C$4506,$E$75:$E$4506) -> #N/A | N28: ancho | P28: ärea escaleras | R28: Apoyo en Concreto (pilar) altura mayor | S28: 4.26
J29: =LOOKUP(B29,$C$75:$C$4506,$F$75:$F$4506) -> #N/A | K29: =LOOKUP(B29,$C$75:$C$4506,$D$75:$D$4506) -> #N/A | L29: =LOOKUP(B29,$C$75:$C$4506,$E$75:$E$4506) -> #N/A | N29: longitud | P29: =O29*O28*O27 -> 0
C30: 3 | D30: Mantenimiento Barandas | H30: =SUM(H31:H35) -> 5840987 | N30: No. De Rampas
B31: 4947 | C31: =C30*1000+1 -> 3001 | D31: =K31 -> LAVADO DE ESTRUCTURA EN CONCRETO Y/O METÁLICAS. INCLUYE ALQUILER DE HIDROLAVADORA 1300W MOTOR A GASOLINA PRESIÓN 3200 PSI. INCLUYE IMPLEMENTOS DE ASEO (DETERGENTE INDUSTRIAL), AGUA, COMBUSTIBLE Y MANO DE OBRA. | E31: =L31 -> M2 | F31: =(O23*4*O21)*1.05 -> 118.44 | G31: =J31 -> 3972 | H31: =ROUND(F31*G31,0) -> 470444 | J31: =LOOKUP(B31,$C$80:$C$4513,$F$80:$F$4513) -> 3972 | K31: =LOOKUP(B31,$C$80:$C$4513,$D$80:$D$4513) -> LAVADO DE ESTRUCTURA EN CONCRETO Y/O METÁLICAS. INCLUYE ALQUILER DE HIDROLAVADORA 1300W MOTOR A GASOLINA PRESIÓN 3200 PSI. INCLUYE IMPLEMENTOS DE ASEO (DETERGENTE INDUSTRIAL), AGUA, COMBUSTIBLE Y MANO DE OBRA. | L31: =LOOKUP(B31,$C$80:$C$4513,$E$80:$E$4513) -> M2 | N31: Ancho | P31: Área Escaleras
B32: 5395 | C32: =C31+1 -> 3002 | D32: =K32 -> BARANDAS. DESMONTE E INSTALACION. INCLUYE ACOPIO EN EL FRENTE DE OBRA. (NO INCLUYE TRASLADO DEL MATERIAL SOBRANTE, NI RETIRO DE ESCOMBROS). | E32: =L32 -> ML | F32: =(O23*2*O21)*1.05 -> 59.22 | G32: =J32 -> 35220 | H32: =ROUND(F32*G32,0) -> 2085728 | J32: =LOOKUP(B32,$C$80:$C$4513,$F$80:$F$4513) -> 35220 | K32: =LOOKUP(B32,$C$80:$C$4513,$D$80:$D$4513) -> BARANDAS. DESMONTE E INSTALACION. INCLUYE ACOPIO EN EL FRENTE DE OBRA. (NO INCLUYE TRASLADO DEL MATERIAL SOBRANTE, NI RETIRO DE ESCOMBROS). | L32: =LOOKUP(B32,$C$80:$C$4513,$E$80:$E$4513) -> ML
B33: 5952 | C33: =C32+1 -> 3003 | D33: =K33 -> BARANDA METÁLICA M81 (INSTALADO Y PINTADO) | E33: =L33 -> ML | F33: 0 | G33: =J33 -> 273700 | H33: =ROUND(F33*G33,0) -> 0 | J33: =LOOKUP(B33,$C$80:$C$4513,$F$80:$F$4513) -> 273700 | K33: =LOOKUP(B33,$C$80:$C$4513,$D$80:$D$4513) -> BARANDA METÁLICA M81 (INSTALADO Y PINTADO) | L33: =LOOKUP(B33,$C$80:$C$4513,$E$80:$E$4513) -> ML
B34: 9055 | C34: =C33+1 -> 3004 | D34: =K34 -> SUMINISTRO Y APLICACIÓN DE UNA CAPA DE ANTICORROSIVO DE 3MM DE ESPESOR DE PELÍCULA SECA IMPRIMANTE EPÓXICO, PREVIA PREPARACIÓN DE LA SUPERFICIE MEDIANTE LIMPIEZA MANUAL O MECÁNICA, SEGÚN LAS NORMAS SSPC-SP2 | E34: =L34 -> ML | F34: =(O23*8)*1.05 -> 118.44 | G34: =J34 -> 11882 | H34: =ROUND(F34*G34,0) -> 1407304 | J34: =LOOKUP(B34,$C$80:$C$4513,$F$80:$F$4513) -> 11882 | K34: =LOOKUP(B34,$C$80:$C$4513,$D$80:$D$4513) -> SUMINISTRO Y APLICACIÓN DE UNA CAPA DE ANTICORROSIVO DE 3MM DE ESPESOR DE PELÍCULA SECA IMPRIMANTE EPÓXICO, PREVIA PREPARACIÓN DE LA SUPERFICIE MEDIANTE LIMPIEZA MANUAL O MECÁNICA, SEGÚN LAS NORMAS SSPC-SP2 | L34: =LOOKUP(B34,$C$80:$C$4513,$E$80:$E$4513) -> ML
B35: 6294 | C35: =C33+1 -> 3004 | D35: =K35 -> REPARACIÓN DE BARANDAS EXISTENTES. INCLUYE LIMPIEZA, MORTERO DE REPARACIÓN, INHIBIDOR DE CORROSIÓN, PINTURA ANTICARBONATACIÓN, SUMINISTRO DE MANO DE OBRA, EQUIPOS Y MANEJO DE DESPERDICIOS. | E35: =L35 -> ML | F35: =(O23*4)*1.05 -> 59.22 | G35: =J35 -> 31704 | H35: =ROUND(F35*G35,0) -> 1877511 | J35: =LOOKUP(B35,$C$80:$C$4513,$F$80:$F$4513) -> 31704 | K35: =LOOKUP(B35,$C$80:$C$4513,$D$80:$D$4513) -> REPARACIÓN DE BARANDAS EXISTENTES. INCLUYE LIMPIEZA, MORTERO DE REPARACIÓN, INHIBIDOR DE CORROSIÓN, PINTURA ANTICARBONATACIÓN, SUMINISTRO DE MANO DE OBRA, EQUIPOS Y MANEJO DE DESPERDICIOS. | L35: =LOOKUP(B35,$C$80:$C$4513,$E$80:$E$4513) -> ML | N35: Longitud | P35: =O35*O31*O30 -> 0
C36: 4 | D36: Senderos peatonales | H36: =SUM(H37:H59) -> 52129114
B37: 3011 | C37: =C36*1000+1 -> 4001 | D37: =K37 -> DEMOLICION MANUAL SARDINEL EXISTENTE (INCLUYE CARGUE). NO INCLUYE TRANSPORTE Y DISPOSICIÓN FINAL DE SOBRANTES. | E37: =L37 -> ML | F37: =O22*3*1.05 -> 6.363 | G37: =J37 -> 4523 | H37: =ROUND(F37*G37,0) -> 28780 | J37: =LOOKUP(B37,$C$80:$C$4513,$F$80:$F$4513) -> 4523 | K37: =LOOKUP(B37,$C$80:$C$4513,$D$80:$D$4513) -> DEMOLICION MANUAL SARDINEL EXISTENTE (INCLUYE CARGUE). NO INCLUYE TRANSPORTE Y DISPOSICIÓN FINAL DE SOBRANTES. | L37: =LOOKUP(B37,$C$80:$C$4513,$E$80:$E$4513) -> ML
B38: 3012 | C38: =C37+1 -> 4002 | D38: =K38 -> DEMOLICIÓN PISOS DE CONCRETO (ESPESOR VARIABLE HASTA 0.10 M. INCLUYE CARGUE). NO INCLUYE TRANSPORTE Y DISPOSICIÓN FINAL DE SOBRANTES. | E38: =L38 -> M2 | F38: 12.080958 | G38: =J38 -> 6331 | H38: =ROUND(F38*G38,0) -> 76485 | J38: =LOOKUP(B38,$C$74:$C$4504,$F$74:$F$4504) -> 6331 | K38: =LOOKUP(B38,$C$74:$C$4504,$D$74:$D$4504) -> DEMOLICIÓN PISOS DE CONCRETO (ESPESOR VARIABLE HASTA 0.10 M. INCLUYE CARGUE). NO INCLUYE TRANSPORTE Y DISPOSICIÓN FINAL DE SOBRANTES. | L38: =LOOKUP(B38,$C$74:$C$4504,$E$74:$E$4504) -> M2
B39: 6224 | C39: =C38+1 -> 4003 | D39: =K39 -> DEMOLICIÓN RECUBRIMIENTO ESTRUCTURAL DE ZONAS CON DESCASCARAMIENTO, HASTA DESCUBRIR EL REFUERZO EXISTENTE VERIFICANDO PH EN CONCRETO. INCLUYE TODOS LOS COSTOS DE SUMINISTRO DE MATERIALES, EQUIPOS, CARGUE Y TRANSPORTE DE MATERIALES SOBRANTES A BOTADERO AUTORIZADO Y MANO DE OBRA. | E39: =L39 -> M2 | F39: =S28*3.66*3 -> 46.7748 | G39: =J39 -> 11514 | H39: =ROUND(F39*G39,0) -> 538565 | J39: =LOOKUP(B39,$C$74:$C$4504,$F$74:$F$4504) -> 11514 | K39: =LOOKUP(B39,$C$74:$C$4504,$D$74:$D$4504) -> DEMOLICIÓN RECUBRIMIENTO ESTRUCTURAL DE ZONAS CON DESCASCARAMIENTO, HASTA DESCUBRIR EL REFUERZO EXISTENTE VERIFICANDO PH EN CONCRETO. INCLUYE TODOS LOS COSTOS DE SUMINISTRO DE MATERIALES, EQUIPOS, CARGUE Y TRANSPORTE DE MATERIALES SOBRANTES A BOTADERO AUTORIZADO Y MANO DE OBRA. | L39: =LOOKUP(B39,$C$74:$C$4504,$E$74:$E$4504) -> M2
B40: 6281 | C40: =C39+1 -> 4004 | D40: =K40 -> RESTITUCIÓN RECUBRIMIENTO DE TABLERO O VIGAS CABEZAL, EN ZONAS DE SANEADO DE REFUERZO O DONDE EXISTA PÉRDIDA DE RECUBRIMIENTO, CON MORTERO MODIFICADO CON RESINA ACRÍLICA DE DOS COMPONENTES PARA REPARACIONES ESTRUCTURALES. INCLUYE TODOS LOS COSTOS DE SUMINISTRO DE MATERIALES, EQUIPOS, HERRAMIENTA MENOR, ANDAMIOS, LIMPIEZA AIRE A PRESIÓN, TRANSPORTES, MANEJO, ALMACENAMIENTO, DESPERDICIOS, CARGUE Y TRANSPORTE DE MATERIALES SOBRANTES A BOTADERO AUTORIZADO Y MANO DE OBRA. | E40: =L40 -> M2 | F40: =F39 -> 46.7748 | G40: =J40 -> 44431 | H40: =ROUND(F40*G40,0) -> 2078251 | J40: =LOOKUP(B40,$C$74:$C$4504,$F$74:$F$4504) -> 44431 | K40: =LOOKUP(B40,$C$74:$C$4504,$D$74:$D$4504) -> RESTITUCIÓN RECUBRIMIENTO DE TABLERO O VIGAS CABEZAL, EN ZONAS DE SANEADO DE REFUERZO O DONDE EXISTA PÉRDIDA DE RECUBRIMIENTO, CON MORTERO MODIFICADO CON RESINA ACRÍLICA DE DOS COMPONENTES PARA REPARACIONES ESTRUCTURALES. INCLUYE TODOS LOS COSTOS DE SUMINISTRO DE MATERIALES, EQUIPOS, HERRAMIENTA MENOR, ANDAMIOS, LIMPIEZA AIRE A PRESIÓN, TRANSPORTES, MANEJO, ALMACENAMIENTO, DESPERDICIOS, CARGUE Y TRANSPORTE DE MATERIALES SOBRANTES A BOTADERO AUTORIZADO Y MANO DE OBRA. | L40: =LOOKUP(B40,$C$74:$C$4504,$E$74:$E$4504) -> M2
B41: 5426 | C41: =C40+1 -> 4005 | D41: =K41 -> CONCRETO 4000 PSI GRAVA COMÚN PARA RAMPAS Y ESCALERAS (PREMEZCLADO. INCL. SUMINISTRO, FORMALETEO Y COLOCACIÓN. NO INCL. REFUERZO, CURADO). | E41: =L41 -> M3 | F41: =F38*0.1 -> 1.2080958 | G41: =J41 -> 621990 | H41: =ROUND(F41*G41,0) -> 751423 | J41: =LOOKUP(B41,$C$74:$C$4504,$F$74:$F$4504) -> 621990 | K41: =LOOKUP(B41,$C$74:$C$4504,$D$74:$D$4504) -> CONCRETO 4000 PSI GRAVA COMÚN PARA RAMPAS Y ESCALERAS (PREMEZCLADO. INCL. SUMINISTRO, FORMALETEO Y COLOCACIÓN. NO INCL. REFUERZO, CURADO). | L41: =LOOKUP(B41,$C$74:$C$4504,$E$74:$E$4504) -> M3
B42: 7992 | C42: =C41+1 -> 4006 | D42: =K42 -> REPOSICIÓN DE SELLO DE JUNTAS DE PAVIMENTO DE CONCRETO HIDRÁULICO, ANCHO HASTA DE 5/8" (16 MM). (INCLUYE LIMPIEZA, SUMINISTRO E INSTALACIÓN DE FONDO Y SELLANTE). | E42: =L42 -> ML | F42: 0 | G42: =J42 -> 15497 | H42: =ROUND(F42*G42,0) -> 0 | J42: =LOOKUP(B42,$C$74:$C$4504,$F$74:$F$4504) -> 15497 | K42: =LOOKUP(B42,$C$74:$C$4504,$D$74:$D$4504) -> REPOSICIÓN DE SELLO DE JUNTAS DE PAVIMENTO DE CONCRETO HIDRÁULICO, ANCHO HASTA DE 5/8" (16 MM). (INCLUYE LIMPIEZA, SUMINISTRO E INSTALACIÓN DE FONDO Y SELLANTE). | L42: =LOOKUP(B42,$C$74:$C$4504,$E$74:$E$4504) -> ML
B43: 4239 | C43: =C42+1 -> 4007 | D43: =K43 -> CORTE Y AMPLIACIÓN DE JUNTA EN PAVIMENTO DE CONCRETO HIDRAULICO | E43: =L43 -> ML | F43: 0 | G43: =J43 -> 4712 | H43: =ROUND(F43*G43,0) -> 0 | J43: =LOOKUP(B43,$C$74:$C$4504,$F$74:$F$4504) -> 4712 | K43: =LOOKUP(B43,$C$74:$C$4504,$D$74:$D$4504) -> CORTE Y AMPLIACIÓN DE JUNTA EN PAVIMENTO DE CONCRETO HIDRAULICO | L43: =LOOKUP(B43,$C$74:$C$4504,$E$74:$E$4504) -> ML
B44: 3837 | C44: =C43+1 -> 4008 | D44: =K44 -> SELLADO DE JUNTAS EN PAVIMENTO DE CONCRETO HIDRAULICO (INCLUYE LIMPIEZA, SUMINISTRO E INSTALACIÓN DE FONDO Y SELLANTE) | E44: =L44 -> ML | F44: 0 | G44: =J44 -> 10949 | H44: =ROUND(F44*G44,0) -> 0 | J44: =LOOKUP(B44,$C$74:$C$4504,$F$74:$F$4504) -> 10949 | K44: =LOOKUP(B44,$C$74:$C$4504,$D$74:$D$4504) -> SELLADO DE JUNTAS EN PAVIMENTO DE CONCRETO HIDRAULICO (INCLUYE LIMPIEZA, SUMINISTRO E INSTALACIÓN DE FONDO Y SELLANTE) | L44: =LOOKUP(B44,$C$74:$C$4504,$E$74:$E$4504) -> ML
B45: 3708 | C45: =C44+1 -> 4009 | D45: =K45 -> ACERO DE REFUERZO FY=60000 PSI. SUMINISTRO E INSTALACIÓN. DE ACUERDO A LO ESTIPULADO POR LA NSR-10, NORMA ASTM A-706, ICONTEC 2289 PARA EL ACERO PDR-60. INCLUYE TODOS LOS COSTOS DE SUMINISTRO DE MATERIALES (REFUERZO (G60) FIGURADO, CORRUGADO, INCLUYE EL ALAMBRE DE AMARRE), EQUIPOS, TRANSPORTES, MANEJO, ALMACENAMIENTO, DESPERDICIOS Y MANO DE OBRA. | E45: =L45 -> KG | F45: 0 | G45: =J45 -> 3979 | H45: =ROUND(F45*G45,0) -> 0 | J45: =LOOKUP(B45,$C$74:$C$4504,$F$74:$F$4504) -> 3979 | K45: =LOOKUP(B45,$C$74:$C$4504,$D$74:$D$4504) -> ACERO DE REFUERZO FY=60000 PSI. SUMINISTRO E INSTALACIÓN. DE ACUERDO A LO ESTIPULADO POR LA NSR-10, NORMA ASTM A-706, ICONTEC 2289 PARA EL ACERO PDR-60. INCLUYE TODOS LOS COSTOS DE SUMINISTRO DE MATERIALES (REFUERZO (G60) FIGURADO, CORRUGADO, INCLUYE EL ALAMBRE DE AMARRE), EQUIPOS, TRANSPORTES, MANEJO, ALMACENAMIENTO, DESPERDICIOS Y MANO DE OBRA. | L45: =LOOKUP(B45,$C$74:$C$4504,$E$74:$E$4504) -> KG
B46: 3464 | C46: =C45+1 -> 4010 | D46: =K46 -> EXCAVACION MANUAL EN MATERIAL COMUN. INCLUYE CARGUE. | E46: =L46 -> M3 | F46: =F52*0.2*1.05 -> 23.92488 | G46: =J46 -> 31876 | H46: =ROUND(F46*G46,0) -> 762629 | J46: =LOOKUP(B46,$C$74:$C$4504,$F$74:$F$4504) -> 31876 | K46: =LOOKUP(B46,$C$74:$C$4504,$D$74:$D$4504) -> EXCAVACION MANUAL EN MATERIAL COMUN. INCLUYE CARGUE. | L46: =LOOKUP(B46,$C$74:$C$4504,$E$74:$E$4504) -> M3
B47: 3851 | C47: =C46+1 -> 4011 | D47: =K47 -> RELLENO PARA ANDENES EN SUBBASE GRANULAR B-400 (SUMINISTRO, EXTENDIDO, HUMEDECIMIENTO Y COMPACTACIÓN) | E47: =L47 -> M3 | F47: =F46 -> 23.92488 | G47: =J47 -> 82225 | H47: =ROUND(F47*G47,0) -> 1967223 | J47: =LOOKUP(B47,$C$74:$C$4504,$F$74:$F$4504) -> 82225 | K47: =LOOKUP(B47,$C$74:$C$4504,$D$74:$D$4504) -> RELLENO PARA ANDENES EN SUBBASE GRANULAR B-400 (SUMINISTRO, EXTENDIDO, HUMEDECIMIENTO Y COMPACTACIÓN) | L47: =LOOKUP(B47,$C$74:$C$4504,$E$74:$E$4504) -> M3
B48: 3567 | C48: =C47+1 -> 4012 | D48: =K48 -> MURO EN BLOQUE ESTRUCTURAL TIPO PIEDRA GRIS (REFERENCIA: PI-16. INCLUYE SUMINISTRO Y CONSTRUCCIÓN) | E48: =L48 -> M2 | F48: 0 | G48: =J48 -> 78445 | H48: =ROUND(F48*G48,0) -> 0 | J48: =LOOKUP(B48,$C$74:$C$4504,$F$74:$F$4504) -> 78445 | K48: =LOOKUP(B48,$C$74:$C$4504,$D$74:$D$4504) -> MURO EN BLOQUE ESTRUCTURAL TIPO PIEDRA GRIS (REFERENCIA: PI-16. INCLUYE SUMINISTRO Y CONSTRUCCIÓN) | L48: =LOOKUP(B48,$C$74:$C$4504,$E$74:$E$4504) -> M2
B49: 4588 | C49: =C48+1 -> 4013 | D49: =K49 -> CONSTRUCCIÓN DE ESCALERAS EN CONCRETO 3000 PSI GRAVA COMÚN. INCLUYE EXCAVACIÓN MANUAL, SUBBASE GRANULAR CLASE B, ACERO DE REFUERZO Y TRANSPORTE Y DISPOSICIÓN FINAL DE ESCOMBROS. | E49: =L49 -> M2 | G49: =J49 -> 333358 | J49: =LOOKUP(B49,$C$74:$C$4504,$F$74:$F$4504) -> 333358 | K49: =LOOKUP(B49,$C$74:$C$4504,$D$74:$D$4504) -> CONSTRUCCIÓN DE ESCALERAS EN CONCRETO 3000 PSI GRAVA COMÚN. INCLUYE EXCAVACIÓN MANUAL, SUBBASE GRANULAR CLASE B, ACERO DE REFUERZO Y TRANSPORTE Y DISPOSICIÓN FINAL DE ESCOMBROS. | L49: =LOOKUP(B49,$C$74:$C$4504,$E$74:$E$4504) -> M2
B50: 5202 | C50: =C49+1 -> 4014 | D50: =K50 -> JUNTA METÁLICA CON ÁNGULO DE 3"X1/4". SUMINISTRO Y COLOCACIÓN. (PARA UN SOLO COSTADO DE LA JUNTA). | E50: =L50 -> ML | F50: =O22*2*O21 -> 8.08 | G50: =J50 -> 54528 | H50: =ROUND(F50*G50,0) -> 440586 | J50: =LOOKUP(B50,$C$74:$C$4504,$F$74:$F$4504) -> 54528 | K50: =LOOKUP(B50,$C$74:$C$4504,$D$74:$D$4504) -> JUNTA METÁLICA CON ÁNGULO DE 3"X1/4". SUMINISTRO Y COLOCACIÓN. (PARA UN SOLO COSTADO DE LA JUNTA). | L50: =LOOKUP(B50,$C$74:$C$4504,$E$74:$E$4504) -> ML
B51: 4918 | C51: =C50+1 -> 4015 | D51: =K51 -> JUNTA DE DILATACIÓN ELASTOMÉRICA 250 TAMAÑO 64 X 70 MM (INCLUYE SUMINISTRO E INSTALACIÓN Y TODOS LOS COSTOS DE SUMINISTRO E INSTALACIÓN DE MATERIAL PARA ANCLAJE.. | E51: =L51 -> ML | F51: 0 | G51: =J51 -> 136718 | H51: =ROUND(F51*G51,0) -> 0 | J51: =LOOKUP(B51,$C$74:$C$4504,$F$74:$F$4504) -> 136718 | K51: =LOOKUP(B51,$C$74:$C$4504,$D$74:$D$4504) -> JUNTA DE DILATACIÓN ELASTOMÉRICA 250 TAMAÑO 64 X 70 MM (INCLUYE SUMINISTRO E INSTALACIÓN Y TODOS LOS COSTOS DE SUMINISTRO E INSTALACIÓN DE MATERIAL PARA ANCLAJE.. | L51: =LOOKUP(B51,$C$74:$C$4504,$E$74:$E$4504) -> ML
B52: 4581 | C52: =C51+1 -> 4016 | D52: =K52 -> RETIRO DE ADOQUIN SOBRE MORTERO | E52: =L52 -> M2 | F52: =P23*2 -> 113.928 | G52: =J52 -> 2180 | H52: =ROUND(F52*G52,0) -> 248363 | J52: =LOOKUP(B52,$C$74:$C$4504,$F$74:$F$4504) -> 2180 | K52: =LOOKUP(B52,$C$74:$C$4504,$D$74:$D$4504) -> RETIRO DE ADOQUIN SOBRE MORTERO | L52: =LOOKUP(B52,$C$74:$C$4504,$E$74:$E$4504) -> M2
B53: 3696 | C53: =C52+1 -> 4017 | D53: =K53 -> PISO EN ADOQUIN DE ARCILLA 26X6X6CM (SUMINISTRO E INSTALACIÓN. INCLUYE BASE 4CM ARENA NIVELACIÓN Y ARENA DE SELLO) | E53: =L53 -> M2 | F53: =F52 -> 113.928 | G53: =J53 -> 70782 | H53: =ROUND(F53*G53,0) -> 8064052 | J53: =LOOKUP(B53,$C$74:$C$4504,$F$74:$F$4504) -> 70782 | K53: =LOOKUP(B53,$C$74:$C$4504,$D$74:$D$4504) -> PISO EN ADOQUIN DE ARCILLA 26X6X6CM (SUMINISTRO E INSTALACIÓN. INCLUYE BASE 4CM ARENA NIVELACIÓN Y ARENA DE SELLO) | L53: =LOOKUP(B53,$C$74:$C$4504,$E$74:$E$4504) -> M2
B54: 7861 | C54: =C53+1 -> 4018 | D54: =K54 -> RETIRO DE PISO EN LAMINA ALFAJOR | E54: =L54 -> ML | F54: =O23*4*1.05 -> 59.22 | G54: =J54 -> 42514 | H54: =ROUND(F54*G54,0) -> 2517679 | J54: =LOOKUP(B54,$C$74:$C$4504,$F$74:$F$4504) -> 42514 | K54: =LOOKUP(B54,$C$74:$C$4504,$D$74:$D$4504) -> RETIRO DE PISO EN LAMINA ALFAJOR | L54: =LOOKUP(B54,$C$74:$C$4504,$E$74:$E$4504) -> ML
B55: 5214 | C55: =C54+1 -> 4019 | D55: =K55 -> LAMINA ALFAJOR 6MM CON SOPORTE EN NEOPRENO PARA PERMITIR FLUJO VEHICULAR SOBRE JUNTAS DEMOLIDAS. INCLUYE RETIRO Y POSTERIOR COLOCACIÓN Y TRANSPORTE. | E55: =L55 -> M2 | F55: =F54*1.2 -> 71.064 | G55: =J55 -> 159002 | H55: =ROUND(F55*G55,0) -> 11299318 | J55: =LOOKUP(B55,$C$74:$C$4504,$F$74:$F$4504) -> 159002 | K55: =LOOKUP(B55,$C$74:$C$4504,$D$74:$D$4504) -> LAMINA ALFAJOR 6MM CON SOPORTE EN NEOPRENO PARA PERMITIR FLUJO VEHICULAR SOBRE JUNTAS DEMOLIDAS. INCLUYE RETIRO Y POSTERIOR COLOCACIÓN Y TRANSPORTE. | L55: =LOOKUP(B55,$C$74:$C$4504,$E$74:$E$4504) -> M2
B56: 5190 | C56: =C55+1 -> 4020 | D56: =K56 -> CORTE CON EQUIPO DE OXICORTE PARA EL RETIRO DE LA JUNTA METALICA EXISTENTE EN EL PUENTE. | E56: =L56 -> ML | F56: =(((O23+O22)*2*O21))+(F50)*1.07 -> 73.1256 | G56: =J56 -> 8701 | H56: =ROUND(F56*G56,0) -> 636266 | J56: =LOOKUP(B56,$C$74:$C$4504,$F$74:$F$4504) -> 8701 | K56: =LOOKUP(B56,$C$74:$C$4504,$D$74:$D$4504) -> CORTE CON EQUIPO DE OXICORTE PARA EL RETIRO DE LA JUNTA METALICA EXISTENTE EN EL PUENTE. | L56: =LOOKUP(B56,$C$74:$C$4504,$E$74:$E$4504) -> ML
B57: 5207 | C57: =C56+1 -> 4021 | D57: =K57 -> SANEADO DE CONCRETO DE RECUBRIMIENTO. INCLUYE ESCARIFICACIÓN DE CONCRETO PROFUNDIDAD ENTRE 2CM Y 7CM, LIMPIEZA Y APLICACIÓN DE RECUBRIMIENTO ANTICORROSIVO PARA EL ACERO DE REFUERZO EXISTENTE Y MORTERO DE REPARACIÓN ESTRUCTURAL. NIVEL DE TRABAJO+3.0M | E57: =L57 -> M2 | F57: =P23*O21*1.05 -> 119.6244 | G57: =J57 -> 177612 | H57: =ROUND(F57*G57,0) -> 21246729 | J57: =LOOKUP(B57,$C$74:$C$4504,$F$74:$F$4504) -> 177612 | K57: =LOOKUP(B57,$C$74:$C$4504,$D$74:$D$4504) -> SANEADO DE CONCRETO DE RECUBRIMIENTO. INCLUYE ESCARIFICACIÓN DE CONCRETO PROFUNDIDAD ENTRE 2CM Y 7CM, LIMPIEZA Y APLICACIÓN DE RECUBRIMIENTO ANTICORROSIVO PARA EL ACERO DE REFUERZO EXISTENTE Y MORTERO DE REPARACIÓN ESTRUCTURAL. NIVEL DE TRABAJO+3.0M | L57: =LOOKUP(B57,$C$74:$C$4504,$E$74:$E$4504) -> M2
B58: 5058 | C58: =C57+1 -> 4022 | D58: =K58 -> FILOS (INCLUYE SUMINISTRO Y COLOCACIÓN DE MORTERO 1:4 IMPERMEABILIZADO HECHO EN OBRA) | E58: =L58 -> ML | F58: =O23*2*O21 -> 56.4 | G58: =J58 -> 7038 | H58: =ROUND(F58*G58,0) -> 396943 | J58: =LOOKUP(B58,$C$74:$C$4504,$F$74:$F$4504) -> 7038 | K58: =LOOKUP(B58,$C$74:$C$4504,$D$74:$D$4504) -> FILOS (INCLUYE SUMINISTRO Y COLOCACIÓN DE MORTERO 1:4 IMPERMEABILIZADO HECHO EN OBRA) | L58: =LOOKUP(B58,$C$74:$C$4504,$E$74:$E$4504) -> ML
B59: 3017 | C59: =C58+1 -> 4023 | D59: =K59 -> TRANSPORTE Y DISPOSICIÓN FINAL DE ESCOMBROS EN SITIO AUTORIZADO (DISTANCIA DE TRANSPORTE 21 KM). A DISTANCIA MAYOR DEL ACARREO LIBRE (90 M) EN SITIO AUTORIZADO POR LA ENTIDAD AMBIENTAL COMPETENTE. | E59: =L59 -> M3 | F59: =(F38*0.1)+(F52*0.26) -> 30.829376 | G59: =J59 -> 34896 | H59: =ROUND(F59*G59,0) -> 1075822 | J59: =LOOKUP(B59,$C$74:$C$4504,$F$74:$F$4504) -> 34896 | K59: =LOOKUP(B59,$C$74:$C$4504,$D$74:$D$4504) -> TRANSPORTE Y DISPOSICIÓN FINAL DE ESCOMBROS EN SITIO AUTORIZADO (DISTANCIA DE TRANSPORTE 21 KM). A DISTANCIA MAYOR DEL ACARREO LIBRE (90 M) EN SITIO AUTORIZADO POR LA ENTIDAD AMBIENTAL COMPETENTE. | L59: =LOOKUP(B59,$C$74:$C$4504,$E$74:$E$4504) -> M3
B60: COSTO DIRECTO DE OBRA | H60: =ROUND(H17+H21+H30+H36,0) -> 71596196
B62: Observaciones:
B65: COSTO DIRECTO | H65: =H60 -> 71596196
B66: ADMINISTRACION | G66: ='AIU OBRA'!L65 -> 0.29927475 | H66: =ROUND($H$65*G66,0) -> 21426933 | J66: |
B67: IMPREVISTOS | G67: ='AIU OBRA'!L66 -> 0.01 | H67: =ROUND($H$65*G67,0) -> 715962
B68: UTILIDAD | G68: ='AIU OBRA'!L67 -> 0.09 | H68: =ROUND($H$65*G68,0) -> 6443658
B69: AIU | G69: ='AIU OBRA'!L70 -> 0.39927475
B70: VALOR COSTO INDIRECTOS | H70: =ROUND(SUM(H66:H68),0) -> 28586553
B71: COSTO TOTAL CON AIU | H71: =ROUND(SUM(H65,H70),0) -> 100182749
B72: Costos Gestión Ambiental | D72: INCLUYE AIU | G72: ='PGA Y SST'!O121 -> 0.092783257 | H72: =ROUND($H$65*G72,0) -> 6642928
B73: Costos Gestión Social | D73: INCLUYE AIU | G73: =PGS!L53 -> 0.034757328 | H73: =ROUND($H$65*G73,0) -> 2488492
B74: Costos Plan de Manejo de Tráfico | G74: =PMT!P37 -> 0.074377029 | H74: =ROUND($H$65*G74,0) -> 5325112
B75: VALOR TOTAL | H75: =ROUND((SUM(H71:H74)),0) -> 114639281
C79: Código | D79: Nombre | E79: UM | F79: Valor | G79: Fecha Actualización | H79: Aplica Nota*
C80: 3007 | D80: REPLANTEO GENERAL | E80: M2 | F80: 727 | G80: Actualización 2022 -I
C81: 3009 | D81: EXCAVACION MANUAL PARA REDES PROFUNDIDAD 0M - 2M (INCLUYE CARGUE) | E81: M3 | F81: 31876 | G81: Actualización 2022 -I
C82: 3010 | D82: DEMOLICION PAVIMENTO ASFALTICO (INCLUYE CARGUE). NO INCLUYE TRANSPORTE Y DISPOSICIÓN FINAL DE SOBRANTES. | E82: M3 | F82: 30579 | G82: Actualización 2022 -I
C83: 3011 | D83: DEMOLICION MANUAL SARDINEL EXISTENTE (INCLUYE CARGUE). NO INCLUYE TRANSPORTE Y DISPOSICIÓN FINAL DE SOBRANTES. | E83: ML | F83: 4523 | G83: Actualización 2022 -I
C84: 3012 | D84: DEMOLICIÓN PISOS DE CONCRETO (ESPESOR VARIABLE HASTA 0.10 M. INCLUYE CARGUE). NO INCLUYE TRANSPORTE Y DISPOSICIÓN FINAL DE SOBRANTES. | E84: M2 | F84: 6331 | G84: Actualización 2022 -I
C85: 3015 | D85: RETIRO DE POSTES DE AP/LA (INCLUYE TRASLADO A SITIO DE ACOPIO) | E85: UN | F85: 206755 | G85: Actualización 2022 -I
C86: 3017 | D86: TRANSPORTE Y DISPOSICIÓN FINAL DE ESCOMBROS EN SITIO AUTORIZADO (DISTANCIA DE TRANSPORTE 21 KM). A DISTANCIA MAYOR DEL ACARREO LIBRE (90 M) EN SITIO AUTORIZADO POR LA ENTIDAD AMBIENTAL COMPETENTE. | E86: M3 | F86: 34896 | G86: Actualización 2022 -I
C87: 3018 | D87: RELLENO EN TIERRA NEGRA PARA EMPRADIZACION (SUMINISTRO Y EXTENDIDO) | E87: M3 | F87: 62305 | G87: Actualización 2022 -I
C88: 3021 | D88: DEMOLICION PAVIMENTO ASFALTICO (ESPESOR VARIABLE. INCLUYE CARGUE). NO INCLUYE TRANSPORTE Y DISPOSICIÓN FINAL DE SOBRANTES. | E88: M2 | F88: 5770 | G88: Actualización 2022 -I
C89: 3022 | D89: DEMOLICIÓN PISOS DE CONCRETO (INCLUYE CARGUE). NO INCLUYE TRANSPORTE Y DISPOSICIÓN FINAL DE SOBRANTES. | E89: M3 | F89: 46434 | G89: Actualización 2022 -I
C90: 3024 | D90: RELLENO PARA REDES EN ARENA DE PEÑA (SUMINISTRO, EXTENDIDO, HUMEDECIMIENTO Y COMPACTACIÓN) | E90: M3 | F90: 109001 | G90: Actualización 2022 -I
C91: 3027 | D91: SARDINEL TIPO A10 (SUMINISTRO E INSTALACIÓN. INCLUYE 3CM MORTERO 1:5) | E91: ML | F91: 58698 | G91: Actualización 2022 -I
... C103: 3056 | D103: 16 DUCTOS D=4" PVC-TDP (INCLUYE SUMINISTRO E INSTALACIÓN. NO INCLUYE RELLENOS) | E103: ML | F103: 386062 | G103: Actualización 2022 -I
C104: 3057 | D104: CAMARA DE INSPECCIÓN T-13 ETB (H=2.3M. INCLUYE BASE, MUROS, CUBIERTA, ARO-BASE Y ARO-TAPA) | E104: UN | F104: 3895907 | G104: Actualización 2022 -I | H104: x
C105: 3058 | D105: CAMARA DE INSPECCIÓN T-13A ETB (H=2.3M. INCLUYE BASE, MUROS, CUBIERTA, ARO-BASE Y ARO-TAPA) | E105: UN | F105: 6454374 | G105: Actualización 2022 -I | H105: x
C106: 3059 | D106: CAMARA DE INSPECCIÓN T-14 ETB (H=2.3M. INCLUYE BASE, MUROS, CUBIERTA, ARO-BASE Y ARO-TAPA) | E106: UN | F106: 3966559 | G106: Actualización 2022 -I | H106: x
C107: 3062 | D107: PISO EN LOSETA PREFABRICADA A30 (SUMINISTRO E INSTALACIÓN. INCLUYE BASE 4CM ARENA NIVELACIÓN Y ARENA DE SELLO) | E107: M2 | F107: 63302 | G107: Actualización 2022 -I
C108: 3064 | D108: TUBERIA CONCRETO D=8" CL. I SIN REFUERZO (INCLUYE SUMINISTRO E INSTALACIÓN) | E108: ML | F108: 66902 | G108: Actualización 2022 -I
C109: 3065 | D109: TUBERIA CONCRETO D=10" CL. I SIN REFUERZO (INCLUYE SUMINISTRO E INSTALACIÓN) | E109: ML | F109: 80175 | G109: Actualización 2022 -I
C110: 3066 | D110: TUBERIA CONCRETO D=12" CL. I SIN REFUERZO (INCLUYE SUMINISTRO E INSTALACIÓN) | E110: ML | F110: 110995 | G110: Actualización 2022 -I
C111: 3067 | D111: TUBERIA CONCRETO D=14" CL. I SIN REFUERZO (INCLUYE SUMINISTRO E INSTALACIÓN) | E111: ML | F111: 131764 | G111: Actualización 2022 -I
C112: 3068 | D112: TUBERIA CONCRETO D=16" CL. I SIN REFUERZO (INCLUYE SUMINISTRO E INSTALACIÓN) | E112: ML | F112: 168915 | G112: Actualización 2022 -I
C113: 3069 | D113: TUBERIA CONCRETO D=18" CL. I SIN REFUERZO (INCLUYE SUMINISTRO E INSTALACIÓN) | E113: ML | F113: 212140 | G113: Actualización 2022 -I
C114: 3070 | D114: TUBERIA CONCRETO D=20" CL. I SIN REFUERZO (INCLUYE SUMINISTRO E INSTALACIÓN) | E114: ML | F114: 271361 | G114: Actualización 2022 -I
C115: 3071 | D115: TUBERIA CONCRETO D=24" CL. I SIN REFUERZO (INCLUYE SUMINISTRO E INSTALACIÓN) | E115: ML | F115: 391003 | G115: Actualización 2022 -I
C116: 3151 | D116: SUMIDERO LATERAL SL-100, H=1.25M (FUNDIDO EN SITIO, CONCRETO PREMEZCLADO. INCL. SUMIN, FORM, REF. Y CONSTR. INCL. TAPA) | E116: UN | F116: 2168636 | G116: Actualización 2022 -I | H116: x
C117: 3155 | D117: DEMOLICION SUMIDERO EXISTENTE (INCLUYE CARGUE) | E117: UN | F117: 154808 | G117: Actualización 2022 -I
C118: 3159 | D118: 2 DUCTOS D=3" PVC-EB (INCLUYE SUMINISTRO E INSTALACIÓN. NO INCLUYE RELLENOS). NORMA CS207. | E118: ML | F118: 33352 | G118: Actualización 2022 -I
C119: 3163 | D119: SEPARADOR 'NEW JERSEY' BIDIRECCIONAL 1.5M X 0.6M X 1.1M (PREFABRICADO. INCLUYE SUM. E INST. NO INC. MATERIAL DE BASE) | E119: ML | F119: 331155 | G119: Actualización 2022 -I
C120: 3172 | D120: SIEMBRA DE GRAMA (INCLUYE SUMINISTRO E INSTALACIÓN. NO INCLUYE TIERRA NEGRA) | E120: M2 | F120: 11976 | G120: Actualización 2022 -I
C121: 3178 | D121: DEMARCACION PASO PEATONAL-CEBRA (E=15 MILS, ACRÍLICA BASE AGUA. INC. SUMIN. Y APLIC. CON EQUIPO. INCL. MICROESFERAS) | E121: M2 | F121: 35194 | G121: Actualización 2022 -I
...

Sheet CONSOLIDADO
B2: ='D. ENTRADA obra'!C7 -> "EJECUTAR A MONTO AGOTABLE POR EL SISTEMA DE PRECIOS UNITARIOS LAS OBRAS Y ACTIVIDADES PARA EL DIAGNOSTICO Y LA CONSERVACIÓN DE PUENTES VEHICULARES Y/O PEATONALES SOBRE CUERPOS DE AGUA DE LA LOCALIDAD DE KENNEDY”
B4: No. | C4: CIV | D4: CÓDIGO | E4: LOCALIZACIÓN | F4: TIPO PUENTE | G4: VALOR OBRA
B5: 1 | C5: 8014106 | D5: 24119475 | E5: CL 45 S por KR 73 (Rio Tunjuelito) | F5: PEATONAL | G5: ='1. Presupuesto 24119475'!H75 -> 354070849
B6: 2 | C6: 8014562 | D6: 24119394 | E6: Avenida ciudad de Villavicencio por KR 96 (Canal Tintal II - Box Coulvert) | F6: PEATONAL | G6: ='2. Presupuesto 24119394'!H75 -> 122404316
B7: 3 | C7: 8013701 | D7: 24119460 | E7: Avenida de los Muiscas por KR 95A (Canal de la Cra 38 Sur) | F7: PEATONAL | G7: ='3. Presupuesto 24119460'!H75 -> 114639281
E8: COSTO POR PUENTE SIN AJUSTES | G8: =(ROUND(SUM(G5:G7),0)) -> 591114446
E9: AJUSTES | G9: =Ajustes!H79 -> 5537571
E10: AJUSTE POR REDONDEO (-) | G10: 1
E11: VALOR TOTAL DEL PROYECTO DE OBRA | G11: =G8+G9-G10 -> 596652016 | I11: vigencia 2022 | K11: vigencia 2021
G12: =I12-G11 -> 0 | I12: =G11 -> 596652016 | K12: 541277519
I13: 191432984 | J13: =I13/I12 -> 0.32084528 | K13: 146048481 | L13: =K13/K12 -> 0.26982181
I14: =SUM(I12:I13) -> 788085000 | K14: =SUM(K12:K13) -> 687326000

Sheet Presupuesto Obra Consolidado
B2: FORMATO
B3: Presupuesto General de Obras - Costos Directos
B4: CÓDIGO | D4: PROCESO | G4: VERSIÓN
B5: FO-DP-01 | D5: Conservación de puentes | G5: 1 | H5: ALCALDÍA LOCAL DE KENNEDY
B7: ALCALDÍA LOCAL DE KENNEDY
B8: ÁREA DE GESTIÓN DE DESARROLLO LOCAL KENNEDY
B9: OFICINA DE INFRAESTRUCTURA DEL FDLK
B10: OBJETO DE LA LICITACIÓN | D10: ='D. ENTRADA obra'!C7 -> "EJECUTAR A MONTO AGOTABLE POR EL SISTEMA DE PRECIOS UNITARIOS LAS OBRAS Y ACTIVIDADES PARA EL DIAGNOSTICO Y LA CONSERVACIÓN DE PUENTES VEHICULARES Y/O PEATONALES SOBRE CUERPOS DE AGUA DE LA LOCALIDAD DE KENNEDY”
B12: Puente Peatonal 24119475 - CL 45 S por KR 73 (Río Tunjuelito) / Puente Peatonal 24119394- AV Ciudad de Villavicencio por KR 96 (Canal Tintal II - Box Coulvert) / Puente Peatonal 24119460 - Avenida de los Muiscas por KR 95 A (Canal de la 38 Sur)
E14: Fecha de Actualización: 10 de Octubre de 2022 | J14: L= | K14: 17.2
J15: W= | K15: 7.25
B16: CODIGO IDU | C16: ÍTEM | D16: DESCRIPCIÓN | E16: UNIDAD | F16: CANTIDAD | G16: PRECIO UNITARIO | H16: VALOR TOTAL | J16: luces | K16: 1
C17: 1 | D17: Preliminares | H17: =SUM(H18:H20) -> 2255660 | M17: ='1. Presupuesto 24119475'!H17+'2. Presupuesto 24119394'!H17+'3. Presupuesto 24119460'!H17 -> 2255659 | N17: =M17-H17 -> -1
B18: 6162 | C18: =C17*1000+1 -> 1001 | D18: =K18 -> DIAGNOSTICO DE ESPACIO PUBLICO Y CICLORRUTA Y PUENTES PEATONALES (VISUAL). INCLUYE LEVANTAMIENTO TOPOGRÁFICO Y GEORREFERENCIACIÓN DE ELEMENTOS | E18: =L18 -> M2 | F18: ='3. Presupuesto 24119460'!F18+'2. Presupuesto 24119394'!F18+'1. Presupuesto 24119475'!F18 -> 4219.488 | G18: =J18 -> 119 | H18: =ROUND(F18*G18,0) -> 502119 | J18: =LOOKUP(B18,$C$81:$C$4512,$F$81:$F$4512) -> 119 | K18: =LOOKUP(B18,$C$81:$C$4512,$D$81:$D$4512) -> DIAGNOSTICO DE ESPACIO PUBLICO Y CICLORRUTA Y PUENTES PEATONALES (VISUAL). INCLUYE LEVANTAMIENTO TOPOGRÁFICO Y GEORREFERENCIACIÓN DE ELEMENTOS | L18: =LOOKUP(B18,$C$81:$C$4512,$E$81:$E$4512) -> M2 | M18: ='1. Presupuesto 24119475'!H18+'2. Presupuesto 24119394'!H18+'3. Presupuesto 24119460'!H18 -> 502118 | N18: =M18-H18 -> -1
B19: 3688 | C19: =C18+1 -> 1002 | D19: =K19 -> DESMONTE Y REINSTALACION DE SEÑALES VIALES (INCLUYE DADO DE ANCLAJE) | E19: =L19 -> UN | F19: ='3. Presupuesto 24119460'!F19+'2. Presupuesto 24119394'!F19+'1. Presupuesto 24119475'!F19 -> 24 | G19: =J19 -> 41764 | H19: =ROUND(F19*G19,0) -> 1002336 | J19: =LOOKUP(B19,$C$81:$C$4512,$F$81:$F$4512) -> 41764 | K19: =LOOKUP(B19,$C$81:$C$4512,$D$81:$D$4512) -> DESMONTE Y REINSTALACION DE SEÑALES VIALES (INCLUYE DADO DE ANCLAJE) | L19: =LOOKUP(B19,$C$81:$C$4512,$E$81:$E$4512) -> UN
B20: 6153 | C20: =C19+1 -> 1003 | D20: =K20 -> CORTE Y RETIRO DE CÉSPED (HASTA 40 CM - INCLUYE RETIRO DE DESPERDICIOS). NO INCLUYE TRANSPORTE Y RETIRO DE SOBRANTES. | E20: =L20 -> M2 | F20: ='3. Presupuesto 24119460'!F20+'2. Presupuesto 24119394'!F20+'1. Presupuesto 24119475'!F20 -> 1219.488 | G20: =J20 -> 616 | H20: =ROUND(F20*G20,0) -> 751205 | J20: =LOOKUP(B20,$C$81:$C$4512,$F$81:$F$4512) -> 616 | K20: =LOOKUP(B20,$C$81:$C$4512,$D$81:$D$4512) -> CORTE Y RETIRO DE CÉSPED (HASTA 40 CM - INCLUYE RETIRO DE DESPERDICIOS). NO INCLUYE TRANSPORTE Y RETIRO DE SOBRANTES. | L20: =LOOKUP(B20,$C$81:$C$4512,$E$81:$E$4512) -> M2 | M20: ='1. Presupuesto 24119475'!H20+'2. Presupuesto 24119394'!H20+'3. Presupuesto 24119460'!H20 -> 751205 | N20: =M20-H20 -> 0
C21: 2 | D21: Mantenimiento y Conservacion de Elementos Estructurales | H21: =SUM(H22:H29) -> 118436124 | M21: ='1. Presupuesto 24119475'!H21+'2. Presupuesto 24119394'!H21+'3. Presupuesto 24119460'!H21 -> 118436123 | N21: =M21-H21 -> -1
B22: 4947 | C22: =C21*1000+1 -> 2001 | D22: =K22 -> LAVADO DE ESTRUCTURA EN CONCRETO Y/O METÁLICAS. INCLUYE ALQUILER DE HIDROLAVADORA 1300W MOTOR A GASOLINA PRESIÓN 3200 PSI. INCLUYE IMPLEMENTOS DE ASEO (DETERGENTE INDUSTRIAL), AGUA, COMBUSTIBLE Y MANO DE OBRA. | E22: =L22 -> M2 | F22: ='3. Presupuesto 24119460'!F22+'2. Presupuesto 24119394'!F22+'1. Presupuesto 24119475'!F22 -> 3877.5574 | G22: =J22 -> 3972 | H22: =ROUND(F22*G22,0) -> 15401658 | J22: =LOOKUP(B22,$C$81:$C$4512,$F$81:$F$4512) -> 3972 | K22: =LOOKUP(B22,$C$81:$C$4512,$D$81:$D$4512) -> LAVADO DE ESTRUCTURA EN CONCRETO Y/O METÁLICAS. INCLUYE ALQUILER DE HIDROLAVADORA 1300W MOTOR A GASOLINA PRESIÓN 3200 PSI. INCLUYE IMPLEMENTOS DE ASEO (DETERGENTE INDUSTRIAL), AGUA, COMBUSTIBLE Y MANO DE OBRA. | L22: =LOOKUP(B22,$C$81:$C$4512,$E$81:$E$4512) -> M2 | M22: ='1. Presupuesto 24119475'!H22+'2. Presupuesto 24119394'!H22+'3. Presupuesto 24119460'!H22 -> 15401659 | N22: =M22-H22 -> 1
B23: 6275 | C23: =C22+1 -> 2002 | D23: =K23 -> REPARACIÓN DE SOLDADURAS JUNTAS A FILETE, CON REMOCIÓN DE PINTURA EXISTENTE, REMOCIÓN DEL DEFECTO MEDIANTE DISCO DE CORTE DE 1/8" PARA GENERAR BISEL Y LUEGO DISCO DE PULIDO DE 1/4" PARA MEJORAR INCLINACIÓN DE CARAS Y FACILITAR PROCESO DE COLOCACIÓN DE MATERIAL DE APORTE. INCLUYE: GATEO MEDIANTE TUBERÍA Y GATOS HIDRÁULICO DE 100 TON EN 2 PUNTOS PARA SOPORTE DE TRAMOS A REPARAR; REMOCIÓN DE PINTURA, APLICACIÓN DE CORDÓN DE SOLDADURA 7018 X1/8" CON ADECUADA PENETRACIÓN; APLICACIÓN DE CORDÓN DE PRESENTACIÓN EN 5/32", APLICACIÓN DE ANTICORROSIVO A BASE DE CROMATO DE ZINC Y ESMALTE EN 5 MILS; EQUIPO, ANDAMIO, MATERIALES, HERRAMIENTA Y MANO DE OBRA. | E23: =L23 -> ML | F23: ='3. Presupuesto 24119460'!F23+'2. Presupuesto 24119394'!F23+'1. Presupuesto 24119475'!F23 -> 254.716 | G23: =J23 -> 103779 | H23: =ROUND(F23*G23,0) -> 26434172 | J23: =LOOKUP(B23,$C$81:$C$4512,$F$81:$F$4512) -> 103779 | K23: =LOOKUP(B23,$C$81:$C$4512,$D$81:$D$4512) -> REPARACIÓN DE SOLDADURAS JUNTAS A FILETE, CON REMOCIÓN DE PINTURA EXISTENTE, REMOCIÓN DEL DEFECTO MEDIANTE DISCO DE CORTE DE 1/8" PARA GENERAR BISEL Y LUEGO DISCO DE PULIDO DE 1/4" PARA MEJORAR INCLINACIÓN DE CARAS Y FACILITAR PROCESO DE COLOCACIÓN DE MATERIAL DE APORTE. INCLUYE: GATEO MEDIANTE TUBERÍA Y GATOS HIDRÁULICO DE 100 TON EN 2 PUNTOS PARA SOPORTE DE TRAMOS A REPARAR; REMOCIÓN DE PINTURA, APLICACIÓN DE CORDÓN DE SOLDADURA 7018 X1/8" CON ADECUADA PENETRACIÓN; APLICACIÓN DE CORDÓN DE PRESENTACIÓN EN 5/32", APLICACIÓN DE ANTICORROSIVO A BASE DE CROMATO DE ZINC Y ESMALTE EN 5 MILS; EQUIPO, ANDAMIO, MATERIALES, HERRAMIENTA Y MANO DE OBRA. | L23: =LOOKUP(B23,$C$81:$C$4512,$E$81:$E$4512) -> ML | M23: ='1. Presupuesto 24119475'!H23+'2. Presupuesto 24119394'!H23+'3. Presupuesto 24119460'!H23 -> 26434171 | N23: =M23-H23 -> -1
B24: 9055 | C24: =C23+1 -> 2003 | D24: =K24 -> SUMINISTRO Y APLICACIÓN DE UNA CAPA DE ANTICORROSIVO DE 3MM DE ESPESOR DE PELÍCULA SECA IMPRIMANTE EPÓXICO, PREVIA PREPARACIÓN DE LA SUPERFICIE MEDIANTE LIMPIEZA MANUAL O MECÁNICA, SEGÚN LAS NORMAS SSPC-SP2 | E24: =L24 -> ML | F24: ='3. Presupuesto 24119460'!F24+'2. Presupuesto 24119394'!F24+'1. Presupuesto 24119475'!F24 -> 908.655 | G24: =J24 -> 11882 | H24: =ROUND(F24*G24,0) -> 10796639 | J24: =LOOKUP(B24,$C$81:$C$4512,$F$81:$F$4512) -> 11882 | K24: =LOOKUP(B24,$C$81:$C$4512,$D$81:$D$4512) -> SUMINISTRO Y APLICACIÓN DE UNA CAPA DE ANTICORROSIVO DE 3MM DE ESPESOR DE PELÍCULA SECA IMPRIMANTE EPÓXICO, PREVIA PREPARACIÓN DE LA SUPERFICIE MEDIANTE LIMPIEZA MANUAL O MECÁNICA, SEGÚN LAS NORMAS SSPC-SP2 | L24: =LOOKUP(B24,$C$81:$C$4512,$E$81:$E$4512) -> ML | M24: ='1. Presupuesto 24119475'!H24+'2. Presupuesto 24119394'!H24+'3. Presupuesto 24119460'!H24 -> 10796638 | N24: =M24-H24 -> -1
B25: 6262 | C25: =C24+1 -> 2004 | D25: =K25 -> PINTURA ACRÍLICA, MONOCOMPONENTE, IMPERMEABLE, ELÁSTICO, DE ALTA RESISTENCIA A LA CARBONATACIÓN, LAVABLE, CONSUMO DE 0,32 GL/M2, PARA UN ESPESOR DE PELÍCULA SECA DE 12 MILS. INCLUYE TODOS LOS COSTOS DE SUMINISTRO DE MATERIALES, EQUIPOS (COMPRESOR, PISTOLA, RODILLO, ANDAMIOS, PROVISIONAL DE ENERGÍA), TRANSPORTES, MANEJO, ALMACENAMIENTO, DESPERDICIOS Y MANO DE OBRA. | E25: =L25 -> M2 | F25: ='3. Presupuesto 24119460'!F25+'2. Presupuesto 24119394'!F25+'1. Presupuesto 24119475'!F25 -> 1865.7309 | G25: =J25 -> 28199 | H25: =ROUND(F25*G25,0) -> 52611746 | J25: =LOOKUP(B25,$C$81:$C$4512,$F$81:$F$4512) -> 28199 | K25: =LOOKUP(B25,$C$81:$C$4512,$D$81:$D$4512) -> PINTURA ACRÍLICA, MONOCOMPONENTE, IMPERMEABLE, ELÁSTICO, DE ALTA RESISTENCIA A LA CARBONATACIÓN, LAVABLE, CONSUMO DE 0,32 GL/M2, PARA UN ESPESOR DE PELÍCULA SECA DE 12 MILS. INCLUYE TODOS LOS COSTOS DE SUMINISTRO DE MATERIALES, EQUIPOS (COMPRESOR, PISTOLA, RODILLO, ANDAMIOS, PROVISIONAL DE ENERGÍA), TRANSPORTES, MANEJO, ALMACENAMIENTO, DESPERDICIOS Y MANO DE OBRA. | L25: =LOOKUP(B25,$C$81:$C$4512,$E$81:$E$4512) -> M2 | M25: ='1. Presupuesto 24119475'!H25+'2. Presupuesto 24119394'!H25+'3. Presupuesto 24119460'!H25 -> 52611746 | N25: =M25-H25 -> 0
B26: 6352 | C26: =C25+1 -> 2005 | D26: =K26 -> PINTURA RECUBRIMIENTO ELÁSTICO EN RESINA ACRÍLICA APLICADA SOBRE CONCRETO. DOS (2) MANOS. INCLUYE SUMINISTRO Y COLOCACIÓN DE PINTURA. | E26: =L26 -> M2 | F26: ='3. Presupuesto 24119460'!F26+'2. Presupuesto 24119394'!F26+'1. Presupuesto 24119475'!F26 -> 178.07652 | G26: =J26 -> 74080 | H26: =ROUND(F26*G26,0) -> 13191909 | J26: =LOOKUP(B26,$C$82:$C$4515,$F$82:$F$4515) -> 74080 | K26: =LOOKUP(B26,$C$82:$C$4515,$D$82:$D$4515) -> PINTURA RECUBRIMIENTO ELÁSTICO EN RESINA ACRÍLICA APLICADA SOBRE CONCRETO. DOS (2) MANOS. INCLUYE SUMINISTRO Y COLOCACIÓN DE PINTURA. | L26: =LOOKUP(B26,$C$82:$C$4515,$E$82:$E$4515) -> M2 | M26: ='1. Presupuesto 24119475'!H26+'2. Presupuesto 24119394'!H26+'3. Presupuesto 24119460'!H26 -> 13191909 | N26: =M26-H26 -> 0
J27: =LOOKUP(B27,$C$81:$C$4512,$F$81:$F$4512) -> #N/A | K27: =LOOKUP(B27,$C$81:$C$4512,$D$81:$D$4512) -> #N/A | L27: =LOOKUP(B27,$C$81:$C$4512,$E$81:$E$4512) -> #N/A | M27: ='1. Presupuesto 24119475'!H27+'2. Presupuesto 24119394'!H27+'3. Presupuesto 24119460'!H27 -> 0 | N27: =M27-H27 -> 0
J28: =LOOKUP(B28,$C$81:$C$4512,$F$81:$F$4512) -> #N/A | K28: =LOOKUP(B28,$C$81:$C$4512,$D$81:$D$4512) -> #N/A | L28: =LOOKUP(B28,$C$81:$C$4512,$E$81:$E$4512) -> #N/A | M28: ='1. Presupuesto 24119475'!H28+'2. Presupuesto 24119394'!H28+'3. Presupuesto 24119460'!H28 -> 0 | N28: =M28-H28 -> 0
J29: =LOOKUP(B29,$C$81:$C$4512,$F$81:$F$4512) -> #N/A | K29: =LOOKUP(B29,$C$81:$C$4512,$D$81:$D$4512) -> #N/A | L29: =LOOKUP(B29,$C$81:$C$4512,$E$81:$E$4512) -> #N/A | M29: ='1. Presupuesto 24119475'!H29+'2. Presupuesto 24119394'!H29+'3. Presupuesto 24119460'!H29 -> 0 | N29: =M29-H29 -> 0
C30: 3 | D30: Mantenimiento Barandas | H30: =SUM(H31:H35) -> 105856789 | M30: ='1. Presupuesto 24119475'!H30+'2. Presupuesto 24119394'!H30+'3. Presupuesto 24119460'!H30 -> 105856791 | N30: =M30-H30 -> 2
B31: 4947 | C31: =C30*1000+1 -> 3001 | D31: =K31 -> LAVADO DE ESTRUCTURA EN CONCRETO Y/O METÁLICAS. INCLUYE ALQUILER DE HIDROLAVADORA 1300W MOTOR A GASOLINA PRESIÓN 3200 PSI. INCLUYE IMPLEMENTOS DE ASEO (DETERGENTE INDUSTRIAL), AGUA, COMBUSTIBLE Y MANO DE OBRA. | E31: =L31 -> M2 | F31: ='3. Presupuesto 24119460'!F31+'2. Presupuesto 24119394'!F31+'1. Presupuesto 24119475'!F31 -> 1448.8312 | G31: =J31 -> 3972 | H31: =ROUND(F31*G31,0) -> 5754757 | J31: =LOOKUP(B31,$C$81:$C$4512,$F$81:$F$4512) -> 3972 | K31: =LOOKUP(B31,$C$81:$C$4512,$D$81:$D$4512) -> LAVADO DE ESTRUCTURA EN CONCRETO Y/O METÁLICAS. INCLUYE ALQUILER DE HIDROLAVADORA 1300W MOTOR A GASOLINA PRESIÓN 3200 PSI. INCLUYE IMPLEMENTOS DE ASEO (DETERGENTE INDUSTRIAL), AGUA, COMBUSTIBLE Y MANO DE OBRA. | L31: =LOOKUP(B31,$C$81:$C$4512,$E$81:$E$4512) -> M2 | M31: ='1. Presupuesto 24119475'!H31+'2. Presupuesto 24119394'!H31+'3. Presupuesto 24119460'!H31 -> 5754758 | N31: =M31-H31 -> 1
B32: 5395 | C32: =C31+1 -> 3002 | D32: =K32 -> BARANDAS. DESMONTE E INSTALACION. INCLUYE ACOPIO EN EL FRENTE DE OBRA. (NO INCLUYE TRASLADO DEL MATERIAL SOBRANTE, NI RETIRO DE ESCOMBROS). | E32: =L32 -> ML | F32: ='3. Presupuesto 24119460'!F32+'2. Presupuesto 24119394'!F32+'1. Presupuesto 24119475'!F32 -> 468.846 | G32: =J32 -> 35220 | H32: =ROUND(F32*G32,0) -> 16512756 | J32: =LOOKUP(B32,$C$81:$C$4512,$F$81:$F$4512) -> 35220 | K32: =LOOKUP(B32,$C$81:$C$4512,$D$81:$D$4512) -> BARANDAS. DESMONTE E INSTALACION. INCLUYE ACOPIO EN EL FRENTE DE OBRA. (NO INCLUYE TRASLADO DEL MATERIAL SOBRANTE, NI RETIRO DE ESCOMBROS). | L32: =LOOKUP(B32,$C$81:$C$4512,$E$81:$E$4512) -> ML
B33: 5952 | C33: =C32+1 -> 3003 | D33: =K33 -> BARANDA METÁLICA M81 (INSTALADO Y PINTADO) | E33: =L33 -> ML | F33: ='3. Presupuesto 24119460'!F33+'2. Presupuesto 24119394'!F33+'1. Presupuesto 24119475'!F33 -> 201.726 | G33: =J33 -> 273700 | H33: =ROUND(F33*G33,0) -> 55212406 | J33: =LOOKUP(B33,$C$81:$C$4512,$F$81:$F$4512) -> 273700 | K33: =LOOKUP(B33,$C$81:$C$4512,$D$81:$D$4512) -> BARANDA METÁLICA M81 (INSTALADO Y PINTADO) | L33: =LOOKUP(B33,$C$81:$C$4512,$E$81:$E$4512) -> ML
B34: 9055 | C34: =C33+1 -> 3004 | D34: =K34 -> SUMINISTRO Y APLICACIÓN DE UNA CAPA DE ANTICORROSIVO DE 3MM DE ESPESOR DE PELÍCULA SECA IMPRIMANTE EPÓXICO, PREVIA PREPARACIÓN DE LA SUPERFICIE MEDIANTE LIMPIEZA MANUAL O MECÁNICA, SEGÚN LAS NORMAS SSPC-SP2 | E34: =L34 -> ML | F34: ='3. Presupuesto 24119460'!F34+'2. Presupuesto 24119394'!F34+'1. Presupuesto 24119475'!F34 -> 845.355 | G34: =J34 -> 11882 | H34: =ROUND(F34*G34,0) -> 10044508 | J34: =LOOKUP(B34,$C$81:$C$4512,$F$81:$F$4512) -> 11882 | K34: =LOOKUP(B34,$C$81:$C$4512,$D$81:$D$4512) -> SUMINISTRO Y APLICACIÓN DE UNA CAPA DE ANTICORROSIVO DE 3MM DE ESPESOR DE PELÍCULA SECA IMPRIMANTE EPÓXICO, PREVIA PREPARACIÓN DE LA SUPERFICIE MEDIANTE LIMPIEZA MANUAL O MECÁNICA, SEGÚN LAS NORMAS SSPC-SP2 | L34: =LOOKUP(B34,$C$81:$C$4512,$E$81:$E$4512) -> ML
B35: 6294 | C35: =C34+1 -> 3005 | D35: =K35 -> REPARACIÓN DE BARANDAS EXISTENTES. INCLUYE LIMPIEZA, MORTERO DE REPARACIÓN, INHIBIDOR DE CORROSIÓN, PINTURA ANTICARBONATACIÓN, SUMINISTRO DE MANO DE OBRA, EQUIPOS Y MANEJO DE DESPERDICIOS. | E35: =L35 -> ML | F35: ='3. Presupuesto 24119460'!F35+'2. Presupuesto 24119394'!F35+'1. Presupuesto 24119475'!F35 -> 578.235 | G35: =J35 -> 31704 | H35: =ROUND(F35*G35,0) -> 18332362 | J35: =LOOKUP(B35,$C$81:$C$4512,$F$81:$F$4512) -> 31704 | K35: =LOOKUP(B35,$C$81:$C$4512,$D$81:$D$4512) -> REPARACIÓN DE BARANDAS EXISTENTES. INCLUYE LIMPIEZA, MORTERO DE REPARACIÓN, INHIBIDOR DE CORROSIÓN, PINTURA ANTICARBONATACIÓN, SUMINISTRO DE MANO DE OBRA, EQUIPOS Y MANEJO DE DESPERDICIOS. | L35: =LOOKUP(B35,$C$81:$C$4512,$E$81:$E$4512) -> ML | M35: ='1. Presupuesto 24119475'!H35+'2. Presupuesto 24119394'!H35+'3. Presupuesto 24119460'!H35 -> 18332363 | N35: =M35-H35 -> 1
C36: 4 | D36: Senderos peatonales | H36: =SUM(H37:H59) -> 142622839 | M36: ='1. Presupuesto 24119475'!H36+'2. Presupuesto 24119394'!H36+'3. Presupuesto 24119460'!H36 -> 142622840 | N36: =M36-H36 -> 1
B37: 3011 | C37: =C36*1000+1 -> 4001 | D37: =K37 -> DEMOLICION MANUAL SARDINEL EXISTENTE (INCLUYE CARGUE). NO INCLUYE TRANSPORTE Y DISPOSICIÓN FINAL DE SOBRANTES. | E37: =L37 -> ML | F37: ='3. Presupuesto 24119460'!F37+'2. Presupuesto 24119394'!F37+'1. Presupuesto 24119475'!F37 -> 169.008 | G37: =J37 -> 4523 | H37: =ROUND(F37*G37,0) -> 764423 | J37: =LOOKUP(B37,$C$81:$C$4512,$F$81:$F$4512) -> 4523 | K37: =LOOKUP(B37,$C$81:$C$4512,$D$81:$D$4512) -> DEMOLICION MANUAL SARDINEL EXISTENTE (INCLUYE CARGUE). NO INCLUYE TRANSPORTE Y DISPOSICIÓN FINAL DE SOBRANTES. | L37: =LOOKUP(B37,$C$81:$C$4512,$E$81:$E$4512) -> ML | M37: ='1. Presupuesto 24119475'!H37+'2. Presupuesto 24119394'!H37+'3. Presupuesto 24119460'!H37 -> 764424 | N37: =M37-H37 -> 1
B38: 3012 | C38: =C37+1 -> 4002 | D38: =K38 -> DEMOLICIÓN PISOS DE CONCRETO (ESPESOR VARIABLE HASTA 0.10 M. INCLUYE CARGUE). NO INCLUYE TRANSPORTE Y DISPOSICIÓN FINAL DE SOBRANTES. | E38: =L38 -> M2 | F38: ='3. Presupuesto 24119460'!F38+'2. Presupuesto 24119394'!F38+'1. Presupuesto 24119475'!F38 -> 347.51816 | G38: =J38 -> 6331 | H38: =ROUND(F38*G38,0) -> 2200137 | J38: =LOOKUP(B38,$C$81:$C$4512,$F$81:$F$4512) -> 6331 | K38: =LOOKUP(B38,$C$76:$C$4504,$D$76:$D$4504) -> DEMOLICIÓN PISOS DE CONCRETO (ESPESOR VARIABLE HASTA 0.10 M. INCLUYE CARGUE). NO INCLUYE TRANSPORTE Y DISPOSICIÓN FINAL DE SOBRANTES. | L38: =LOOKUP(B38,$C$76:$C$4504,$E$76:$E$4504) -> M2 | M38: ='1. Presupuesto 24119475'!H38+'2. Presupuesto 24119394'!H38+'3. Presupuesto 24119460'!H38 -> 2200138 | N38: =M38-H38 -> 1
B39: 6224 | C39: =C38+1 -> 4003 | D39: =K39 -> DEMOLICIÓN RECUBRIMIENTO ESTRUCTURAL DE ZONAS CON DESCASCARAMIENTO, HASTA DESCUBRIR EL REFUERZO EXISTENTE VERIFICANDO PH EN CONCRETO. INCLUYE TODOS LOS COSTOS DE SUMINISTRO DE MATERIALES, EQUIPOS, CARGUE Y TRANSPORTE DE MATERIALES SOBRANTES A BOTADERO AUTORIZADO Y MANO DE OBRA. | E39: =L39 -> M2 | F39: ='3. Presupuesto 24119460'!F39+'2. Presupuesto 24119394'!F39+'1. Presupuesto 24119475'!F39 -> 289.93275 | G39: =J39 -> 11514 | H39: =ROUND(F39*G39,0) -> 3338286 | J39: =LOOKUP(B39,$C$81:$C$4512,$F$81:$F$4512) -> 11514 | K39: =LOOKUP(B39,$C$76:$C$4504,$D$76:$D$4504) -> DEMOLICIÓN RECUBRIMIENTO ESTRUCTURAL DE ZONAS CON DESCASCARAMIENTO, HASTA DESCUBRIR EL REFUERZO EXISTENTE VERIFICANDO PH EN CONCRETO. INCLUYE TODOS LOS COSTOS DE SUMINISTRO DE MATERIALES, EQUIPOS, CARGUE Y TRANSPORTE DE MATERIALES SOBRANTES A BOTADERO AUTORIZADO Y MANO DE OBRA. | L39: =LOOKUP(B39,$C$76:$C$4504,$E$76:$E$4504) -> M2 | M39: ='1. Presupuesto 24119475'!H39+'2. Presupuesto 24119394'!H39+'3. Presupuesto 24119460'!H39 -> 3338286 | N39: =M39-H39 -> 0
B40: 6281 | C40: =C39+1 -> 4004 | D40: =K40 -> RESTITUCIÓN RECUBRIMIENTO DE TABLERO O VIGAS CABEZAL, EN ZONAS DE SANEADO DE REFUERZO O DONDE EXISTA PÉRDIDA DE RECUBRIMIENTO, CON MORTERO MODIFICADO CON RESINA ACRÍLICA DE DOS COMPONENTES PARA REPARACIONES ESTRUCTURALES. INCLUYE TODOS LOS COSTOS DE SUMINISTRO DE MATERIALES, EQUIPOS, HERRAMIENTA MENOR, ANDAMIOS, LIMPIEZA AIRE A PRESIÓN, TRANSPORTES, MANEJO, ALMACENAMIENTO, DESPERDICIOS, CARGUE Y TRANSPORTE DE MATERIALES SOBRANTES A BOTADERO AUTORIZADO Y MANO DE OBRA. | E40: =L40 -> M2 | F40: ='3. Presupuesto 24119460'!F40+'2. Presupuesto 24119394'!F40+'1. Presupuesto 24119475'!F40 -> 289.93275 | G40: =J40 -> 44431 | H40: =ROUND(F40*G40,0) -> 12882002 | J40: =LOOKUP(B40,$C$81:$C$4512,$F$81:$F$4512) -> 44431 | K40: =LOOKUP(B40,$C$76:$C$4504,$D$76:$D$4504) -> RESTITUCIÓN RECUBRIMIENTO DE TABLERO O VIGAS CABEZAL, EN ZONAS DE SANEADO DE REFUERZO O DONDE EXISTA PÉRDIDA DE RECUBRIMIENTO, CON MORTERO MODIFICADO CON RESINA ACRÍLICA DE DOS COMPONENTES PARA REPARACIONES ESTRUCTURALES. INCLUYE TODOS LOS COSTOS DE SUMINISTRO DE MATERIALES, EQUIPOS, HERRAMIENTA MENOR, ANDAMIOS, LIMPIEZA AIRE A PRESIÓN, TRANSPORTES, MANEJO, ALMACENAMIENTO, DESPERDICIOS, CARGUE Y TRANSPORTE DE MATERIALES SOBRANTES A BOTADERO AUTORIZADO Y MANO DE OBRA. | L40: =LOOKUP(B40,$C$76:$C$4504,$E$76:$E$4504) -> M2 | M40: ='1. Presupuesto 24119475'!H40+'2. Presupuesto 24119394'!H40+'3. Presupuesto 24119460'!H40 -> 12882002 | N40: =M40-H40 -> 0
B41: 5426 | C41: =C40+1 -> 4005 | D41: =K41 -> CONCRETO 4000 PSI GRAVA COMÚN PARA RAMPAS Y ESCALERAS (PREMEZCLADO. INCL. SUMINISTRO, FORMALETEO Y COLOCACIÓN. NO INCL. REFUERZO, CURADO). | E41: =L41 -> M3 | F41: ='3. Presupuesto 24119460'!F41+'2. Presupuesto 24119394'!F41+'1. Presupuesto 24119475'!F41 -> 36.340408 | G41: =J41 -> 621990 | H41: =ROUND(F41*G41,0) -> 22603370 | J41: =LOOKUP(B41,$C$81:$C$4512,$F$81:$F$4512) -> 621990 | K41: =LOOKUP(B41,$C$76:$C$4504,$D$76:$D$4504) -> CONCRETO 4000 PSI GRAVA COMÚN PARA RAMPAS Y ESCALERAS (PREMEZCLADO. INCL. SUMINISTRO, FORMALETEO Y COLOCACIÓN. NO INCL. REFUERZO, CURADO). | L41: =LOOKUP(B41,$C$76:$C$4504,$E$76:$E$4504) -> M3 | M41: ='1. Presupuesto 24119475'!H41+'2. Presupuesto 24119394'!H41+'3. Presupuesto 24119460'!H41 -> 22603370 | N41: =M41-H41 -> 0
B42: 7992 | C42: =C41+1 -> 4006 | D42: =K42 -> REPOSICIÓN DE SELLO DE JUNTAS DE PAVIMENTO DE CONCRETO HIDRÁULICO, ANCHO HASTA DE 5/8" (16 MM). (INCLUYE LIMPIEZA, SUMINISTRO E INSTALACIÓN DE FONDO Y SELLANTE). | E42: =L42 -> ML | F42: ='3. Presupuesto 24119460'!F42+'2. Presupuesto 24119394'!F42+'1. Presupuesto 24119475'!F42 -> 175.00219 | G42: =J42 -> 15497 | H42: =ROUND(F42*G42,0) -> 2712009 | J42: =LOOKUP(B42,$C$81:$C$4512,$F$81:$F$4512) -> 15497 | K42: =LOOKUP(B42,$C$76:$C$4504,$D$76:$D$4504) -> REPOSICIÓN DE SELLO DE JUNTAS DE PAVIMENTO DE CONCRETO HIDRÁULICO, ANCHO HASTA DE 5/8" (16 MM). (INCLUYE LIMPIEZA, SUMINISTRO E INSTALACIÓN DE FONDO Y SELLANTE). | L42: =LOOKUP(B42,$C$76:$C$4504,$E$76:$E$4504) -> ML | M42: ='1. Presupuesto 24119475'!H42+'2. Presupuesto 24119394'!H42+'3. Presupuesto 24119460'!H42 -> 2712009 | N42: =M42-H42 -> 0
B43: 4239 | C43: =C42+1 -> 4007 | D43: =K43 -> CORTE Y AMPLIACIÓN DE JUNTA EN PAVIMENTO DE CONCRETO HIDRAULICO | E43: =L43 -> ML | F43: ='3. Presupuesto 24119460'!F43+'2. Presupuesto 24119394'!F43+'1. Presupuesto 24119475'!F43 -> 248.0895 | G43: =J43 -> 4712 | H43: =ROUND(F43*G43,0) -> 1168998 | J43: =LOOKUP(B43,$C$81:$C$4512,$F$81:$F$4512) -> 4712 | K43: =LOOKUP(B43,$C$76:$C$4504,$D$76:$D$4504) -> CORTE Y AMPLIACIÓN DE JUNTA EN PAVIMENTO DE CONCRETO HIDRAULICO | L43: =LOOKUP(B43,$C$76:$C$4504,$E$76:$E$4504) -> ML | M43: ='1. Presupuesto 24119475'!H43+'2. Presupuesto 24119394'!H43+'3. Presupuesto 24119460'!H43 -> 1168998 | N43: =M43-H43 -> 0
B44: 3837 | C44: =C43+1 -> 4008 | D44: =K44 -> SELLADO DE JUNTAS EN PAVIMENTO DE CONCRETO HIDRAULICO (INCLUYE LIMPIEZA, SUMINISTRO E INSTALACIÓN DE FONDO Y SELLANTE) | E44: =L44 -> ML | F44: ='3. Presupuesto 24119460'!F44+'2. Presupuesto 24119394'!F44+'1. Presupuesto 24119475'!F44 -> 248.0895 | G44: =J44 -> 10949 | H44: =ROUND(F44*G44,0) -> 2716332 | J44: =LOOKUP(B44,$C$81:$C$4512,$F$81:$F$4512) -> 10949 | K44: =LOOKUP(B44,$C$76:$C$4504,$D$76:$D$4504) -> SELLADO DE JUNTAS EN PAVIMENTO DE CONCRETO HIDRAULICO (INCLUYE LIMPIEZA, SUMINISTRO E INSTALACIÓN DE FONDO Y SELLANTE) | L44: =LOOKUP(B44,$C$76:$C$4504,$E$76:$E$4504) -> ML | M44: ='1. Presupuesto 24119475'!H44+'2. Presupuesto 24119394'!H44+'3. Presupuesto 24119460'!H44 -> 2716332 | N44: =M44-H44 -> 0
B45: 3708 | C45: =C44+1 -> 4009 | D45: =K45 -> ACERO DE REFUERZO FY=60000 PSI. SUMINISTRO E INSTALACIÓN. DE ACUERDO A LO ESTIPULADO POR LA NSR-10, NORMA ASTM A-706, ICONTEC 2289 PARA EL ACERO PDR-60. INCLUYE TODOS LOS COSTOS DE SUMINISTRO DE MATERIALES (REFUERZO (G60) FIGURADO, CORRUGADO, INCLUYE EL ALAMBRE DE AMARRE), EQUIPOS, TRANSPORTES, MANEJO, ALMACENAMIENTO, DESPERDICIOS Y MANO DE OBRA. | E45: =L45 -> KG | F45: ='3. Presupuesto 24119460'!F45+'2. Presupuesto 24119394'!F45+'1. Presupuesto 24119475'!F45 -> 2810.0657 | G45: =J45 -> 3979 | H45: =ROUND(F45*G45,0) -> 11181251 | J45: =LOOKUP(B45,$C$81:$C$4512,$F$81:$F$4512) -> 3979 | K45: =LOOKUP(B45,$C$76:$C$4504,$D$76:$D$4504) -> ACERO DE REFUERZO FY=60000 PSI. SUMINISTRO E INSTALACIÓN. DE ACUERDO A LO ESTIPULADO POR LA NSR-10, NORMA ASTM A-706, ICONTEC 2289 PARA EL ACERO PDR-60. INCLUYE TODOS LOS COSTOS DE SUMINISTRO DE MATERIALES (REFUERZO (G60) FIGURADO, CORRUGADO, INCLUYE EL ALAMBRE DE AMARRE), EQUIPOS, TRANSPORTES, MANEJO, ALMACENAMIENTO, DESPERDICIOS Y MANO DE OBRA. | L45: =LOOKUP(B45,$C$76:$C$4504,$E$76:$E$4504) -> KG | M45: ='1. Presupuesto 24119475'!H45+'2. Presupuesto 24119394'!H45+'3. Presupuesto 24119460'!H45 -> 11181252 | N45: =M45-H45 -> 1
B46: 3464 | C46: =C45+1 -> 4010 | D46: =K46 -> EXCAVACION MANUAL EN MATERIAL COMUN. INCLUYE CARGUE. | E46: =L46 -> M3 | F46: ='3. Presupuesto 24119460'!F46+'2. Presupuesto 24119394'!F46+'1. Presupuesto 24119475'!F46 -> 90.70173 | G46: =J46 -> 31876 | H46: =ROUND(F46*G46,0) -> 2891208 | J46: =LOOKUP(B46,$C$81:$C$4512,$F$81:$F$4512) -> 31876 | K46: =LOOKUP(B46,$C$76:$C$4504,$D$76:$D$4504) -> EXCAVACION MANUAL EN MATERIAL COMUN. INCLUYE CARGUE. | L46: =LOOKUP(B46,$C$76:$C$4504,$E$76:$E$4504) -> M3 | M46: ='1. Presupuesto 24119475'!H46+'2. Presupuesto 24119394'!H46+'3. Presupuesto 24119460'!H46 -> 2891208 | N46: =M46-H46 -> 0
B47: 3851 | C47: =C46+1 -> 4011 | D47: =K47 -> RELLENO PARA ANDENES EN SUBBASE GRANULAR B-400 (SUMINISTRO, EXTENDIDO, HUMEDECIMIENTO Y COMPACTACIÓN) | E47: =L47 -> M3 | F47: ='3. Presupuesto 24119460'!F47+'2. Presupuesto 24119394'!F47+'1. Presupuesto 24119475'!F47 -> 90.70173 | G47: =J47 -> 82225 | H47: =ROUND(F47*G47,0) -> 7457950 | J47: =LOOKUP(B47,$C$81:$C$4512,$F$81:$F$4512) -> 82225 | K47: =LOOKUP(B47,$C$76:$C$4504,$D$76:$D$4504) -> RELLENO PARA ANDENES EN SUBBASE GRANULAR B-400 (SUMINISTRO, EXTENDIDO, HUMEDECIMIENTO Y COMPACTACIÓN) | L47: =LOOKUP(B47,$C$76:$C$4504,$E$76:$E$4504) -> M3 | M47: ='1. Presupuesto 24119475'!H47+'2. Presupuesto 24119394'!H47+'3. Presupuesto 24119460'!H47 -> 7457949 | N47: =M47-H47 -> -1
B48: 3567 | C48: =C47+1 -> 4012 | D48: =K48 -> MURO EN BLOQUE ESTRUCTURAL TIPO PIEDRA GRIS (REFERENCIA: PI-16. INCLUYE SUMINISTRO Y CONSTRUCCIÓN) | E48: =L48 -> M2 | F48: ='3. Presupuesto 24119460'!F48+'2. Presupuesto 24119394'!F48+'1. Presupuesto 24119475'!F48 -> 12.753 | G48: =J48 -> 78445 | H48: =ROUND(F48*G48,0) -> 1000409 | J48: =LOOKUP(B48,$C$81:$C$4512,$F$81:$F$4512) -> 78445 | K48: =LOOKUP(B48,$C$76:$C$4504,$D$76:$D$4504) -> MURO EN BLOQUE ESTRUCTURAL TIPO PIEDRA GRIS (REFERENCIA: PI-16. INCLUYE SUMINISTRO Y CONSTRUCCIÓN) | L48: =LOOKUP(B48,$C$76:$C$4504,$E$76:$E$4504) -> M2 | M48: ='1. Presupuesto 24119475'!H48+'2. Presupuesto 24119394'!H48+'3. Presupuesto 24119460'!H48 -> 1000409 | N48: =M48-H48 -> 0
B49: 4588 | C49: =C48+1 -> 4013 | D49: =K49 -> CONSTRUCCIÓN DE ESCALERAS EN CONCRETO 3000 PSI GRAVA COMÚN. INCLUYE EXCAVACIÓN MANUAL, SUBBASE GRANULAR CLASE B, ACERO DE REFUERZO Y TRANSPORTE Y DISPOSICIÓN FINAL DE ESCOMBROS. | E49: =L49 -> M2 | F49: ='3. Presupuesto 24119460'!F49+'2. Presupuesto 24119394'!F49+'1. Presupuesto 24119475'!F49 -> 44.145 | G49: =J49 -> 333358 | H49: =ROUND(F49*G49,0) -> 14716089 | J49: =LOOKUP(B49,$C$81:$C$4512,$F$81:$F$4512) -> 333358 | K49: =LOOKUP(B49,$C$76:$C$4504,$D$76:$D$4504) -> CONSTRUCCIÓN DE ESCALERAS EN CONCRETO 3000 PSI GRAVA COMÚN. INCLUYE EXCAVACIÓN MANUAL, SUBBASE GRANULAR CLASE B, ACERO DE REFUERZO Y TRANSPORTE Y DISPOSICIÓN FINAL DE ESCOMBROS. | L49: =LOOKUP(B49,$C$76:$C$4504,$E$76:$E$4504) -> M2
B50: 5202 | C50: =C49+1 -> 4014 | D50: =K50 -> JUNTA METÁLICA CON ÁNGULO DE 3"X1/4". SUMINISTRO Y COLOCACIÓN. (PARA UN SOLO COSTADO DE LA JUNTA). | E50: =L50 -> ML | F50: ='3. Presupuesto 24119460'!F50+'2. Presupuesto 24119394'!F50+'1. Presupuesto 24119475'!F50 -> 13.03 | G50: =J50 -> 54528 | H50: =ROUND(F50*G50,0) -> 710500 | J50: =LOOKUP(B50,$C$81:$C$4512,$F$81:$F$4512) -> 54528 | K50: =LOOKUP(B50,$C$76:$C$4504,$D$76:$D$4504) -> JUNTA METÁLICA CON ÁNGULO DE 3"X1/4". SUMINISTRO Y COLOCACIÓN. (PARA UN SOLO COSTADO DE LA JUNTA). | L50: =LOOKUP(B50,$C$76:$C$4504,$E$76:$E$4504) -> ML | M50: ='1. Presupuesto 24119475'!H50+'2. Presupuesto 24119394'!H50+'3. Presupuesto 24119460'!H50 -> 710500 | N50: =M50-H50 -> 0
B51: 4918 | C51: =C50+1 -> 4015 | D51: =K51 -> JUNTA DE DILATACIÓN ELASTOMÉRICA 250 TAMAÑO 64 X 70 MM (INCLUYE SUMINISTRO E INSTALACIÓN Y TODOS LOS COSTOS DE SUMINISTRO E INSTALACIÓN DE MATERIAL PARA ANCLAJE.. | E51: =L51 -> ML | F51: ='3. Presupuesto 24119460'!F51+'2. Presupuesto 24119394'!F51+'1. Presupuesto 24119475'!F51 -> 4.95 | G51: =J51 -> 136718 | H51: =ROUND(F51*G51,0) -> 676754 | J51: =LOOKUP(B51,$C$81:$C$4512,$F$81:$F$4512) -> 136718 | K51: =LOOKUP(B51,$C$76:$C$4504,$D$76:$D$4504) -> JUNTA DE DILATACIÓN ELASTOMÉRICA 250 TAMAÑO 64 X 70 MM (INCLUYE SUMINISTRO E INSTALACIÓN Y TODOS LOS COSTOS DE SUMINISTRO E INSTALACIÓN DE MATERIAL PARA ANCLAJE.. | L51: =LOOKUP(B51,$C$76:$C$4504,$E$76:$E$4504) -> ML | M51: ='1. Presupuesto 24119475'!H51+'2. Presupuesto 24119394'!H51+'3. Presupuesto 24119460'!H51 -> 676754 | N51: =M51-H51 -> 0
B52: 4581 | C52: =C51+1 -> 4016 | D52: =K52 -> RETIRO DE ADOQUIN SOBRE MORTERO | E52: =L52 -> M2 | F52: ='3. Presupuesto 24119460'!F52+'2. Presupuesto 24119394'!F52+'1. Presupuesto 24119475'!F52 -> 176.928 | G52: =J52 -> 2180 | H52: =ROUND(F52*G52,0) -> 385703 | J52: =LOOKUP(B52,$C$81:$C$4512,$F$81:$F$4512) -> 2180 | K52: =LOOKUP(B52,$C$76:$C$4504,$D$76:$D$4504) -> RETIRO DE ADOQUIN SOBRE MORTERO | L52: =LOOKUP(B52,$C$76:$C$4504,$E$76:$E$4504) -> M2 | M52: ='1. Presupuesto 24119475'!H52+'2. Presupuesto 24119394'!H52+'3. Presupuesto 24119460'!H52 -> 385703 | N52: =M52-H52 -> 0
B53: 3696 | C53: =C52+1 -> 4017 | D53: =K53 -> PISO EN ADOQUIN DE ARCILLA 26X6X6CM (SUMINISTRO E INSTALACIÓN. INCLUYE BASE 4CM ARENA NIVELACIÓN Y ARENA DE SELLO) | E53: =L53 -> M2 | F53: ='3. Presupuesto 24119460'!F53+'2. Presupuesto 24119394'!F53+'1. Presupuesto 24119475'!F53 -> 176.928 | G53: =J53 -> 70782 | H53: =ROUND(F53*G53,0) -> 12523318 | J53: =LOOKUP(B53,$C$81:$C$4512,$F$81:$F$4512) -> 70782 | K53: =LOOKUP(B53,$C$76:$C$4504,$D$76:$D$4504) -> PISO EN ADOQUIN DE ARCILLA 26X6X6CM (SUMINISTRO E INSTALACIÓN. INCLUYE BASE 4CM ARENA NIVELACIÓN Y ARENA DE SELLO) | L53: =LOOKUP(B53,$C$76:$C$4504,$E$76:$E$4504) -> M2 | M53: ='1. Presupuesto 24119475'!H53+'2. Presupuesto 24119394'!H53+'3. Presupuesto 24119460'!H53 -> 12523318 | N53: =M53-H53 -> 0
B54: 7861 | C54: =C53+1 -> 4018 | D54: =K54 -> RETIRO DE PISO EN LAMINA ALFAJOR | E54: =L54 -> ML | F54: ='3. Presupuesto 24119460'!F54+'2. Presupuesto 24119394'!F54+'1. Presupuesto 24119475'!F54 -> 59.22 | G54: =J54 -> 42514 | H54: =ROUND(F54*G54,0) -> 2517679 | J54: =LOOKUP(B54,$C$81:$C$4512,$F$81:$F$4512) -> 42514 | K54: =LOOKUP(B54,$C$76:$C$4504,$D$76:$D$4504) -> RETIRO DE PISO EN LAMINA ALFAJOR | L54: =LOOKUP(B54,$C$76:$C$4504,$E$76:$E$4504) -> ML | M54: ='1. Presupuesto 24119475'!H54+'2. Presupuesto 24119394'!H54+'3. Presupuesto 24119460'!H54 -> 2517679
B55: 5214 | C55: =C54+1 -> 4019 | D55: =K55 -> LAMINA ALFAJOR 6MM CON SOPORTE EN NEOPRENO PARA PERMITIR FLUJO VEHICULAR SOBRE JUNTAS DEMOLIDAS. INCLUYE RETIRO Y POSTERIOR COLOCACIÓN Y TRANSPORTE. | E55: =L55 -> M2 | F55: ='3. Presupuesto 24119460'!F55+'2. Presupuesto 24119394'!F55+'1. Presupuesto 24119475'!F55 -> 71.064 | G55: =J55 -> 159002 | H55: =ROUND(F55*G55,0) -> 11299318 | J55: =LOOKUP(B55,$C$81:$C$4512,$F$81:$F$4512) -> 159002 | K55: =LOOKUP(B55,$C$76:$C$4504,$D$76:$D$4504) -> LAMINA ALFAJOR 6MM CON SOPORTE EN NEOPRENO PARA PERMITIR FLUJO VEHICULAR SOBRE JUNTAS DEMOLIDAS. INCLUYE RETIRO Y POSTERIOR COLOCACIÓN Y TRANSPORTE. | L55: =LOOKUP(B55,$C$76:$C$4504,$E$76:$E$4504) -> M2 | M55: ='1. Presupuesto 24119475'!H55+'2. Presupuesto 24119394'!H55+'3. Presupuesto 24119460'!H55 -> 11299318
B56: 5190 | C56: =C55+1 -> 4020 | D56: =K56 -> CORTE CON EQUIPO DE OXICORTE PARA EL RETIRO DE LA JUNTA METALICA EXISTENTE EN EL PUENTE. | E56: =L56 -> ML | F56: ='3. Presupuesto 24119460'!F56+'2. Presupuesto 24119394'!F56+'1. Presupuesto 24119475'!F56 -> 73.1256 | G56: =J56 -> 8701 | H56: =ROUND(F56*G56,0) -> 636266 | J56: =LOOKUP(B56,$C$81:$C$4512,$F$81:$F$4512) -> 8701 | K56: =LOOKUP(B56,$C$76:$C$4504,$D$76:$D$4504) -> CORTE CON EQUIPO DE OXICORTE PARA EL RETIRO DE LA JUNTA METALICA EXISTENTE EN EL PUENTE. | L56: =LOOKUP(B56,$C$76:$C$4504,$E$76:$E$4504) -> ML | M56: ='1. Presupuesto 24119475'!H56+'2. Presupuesto 24119394'!H56+'3. Presupuesto 24119460'!H56 -> 636266
B57: 5207 | C57: =C56+1 -> 4021 | D57: =K57 -> SANEADO DE CONCRETO DE RECUBRIMIENTO. INCLUYE ESCARIFICACIÓN DE CONCRETO PROFUNDIDAD ENTRE 2CM Y 7CM, LIMPIEZA Y APLICACIÓN DE RECUBRIMIENTO ANTICORROSIVO PARA EL ACERO DE REFUERZO EXISTENTE Y MORTERO DE REPARACIÓN ESTRUCTURAL. NIVEL DE TRABAJO+3.0M | E57: =L57 -> M2 | F57: ='3. Presupuesto 24119460'!F57+'2. Presupuesto 24119394'!F57+'1. Presupuesto 24119475'!F57 -> 119.6244 | G57: =J57 -> 177612 | H57: =ROUND(F57*G57,0) -> 21246729 | J57: =LOOKUP(B57,$C$81:$C$4512,$F$81:$F$4512) -> 177612 | K57: =LOOKUP(B57,$C$76:$C$4504,$D$76:$D$4504) -> SANEADO DE CONCRETO DE RECUBRIMIENTO. INCLUYE ESCARIFICACIÓN DE CONCRETO PROFUNDIDAD ENTRE 2CM Y 7CM, LIMPIEZA Y APLICACIÓN DE RECUBRIMIENTO ANTICORROSIVO PARA EL ACERO DE REFUERZO EXISTENTE Y MORTERO DE REPARACIÓN ESTRUCTURAL. NIVEL DE TRABAJO+3.0M | L57: =LOOKUP(B57,$C$76:$C$4504,$E$76:$E$4504) -> M2 | M57: ='1. Presupuesto 24119475'!H57+'2. Presupuesto 24119394'!H57+'3. Presupuesto 24119460'!H57 -> 21246729
B58: 5058 | C58: =C57+1 -> 4022 | D58: =K58 -> FILOS (INCLUYE SUMINISTRO Y COLOCACIÓN DE MORTERO 1:4 IMPERMEABILIZADO HECHO EN OBRA) | E58: =L58 -> ML | F58: ='3. Presupuesto 24119460'!F58+'2. Presupuesto 24119394'!F58+'1. Presupuesto 24119475'!F58 -> 254.4 | G58: =J58 -> 7038 | H58: =ROUND(F58*G58,0) -> 1790467 | J58: =LOOKUP(B58,$C$81:$C$4512,$F$81:$F$4512) -> 7038 | K58: =LOOKUP(B58,$C$76:$C$4504,$D$76:$D$4504) -> FILOS (INCLUYE SUMINISTRO Y COLOCACIÓN DE MORTERO 1:4 IMPERMEABILIZADO HECHO EN OBRA) | L58: =LOOKUP(B58,$C$76:$C$4504,$E$76:$E$4504) -> ML | M58: ='1. Presupuesto 24119475'!H58+'2. Presupuesto 24119394'!H58+'3. Presupuesto 24119460'!H58 -> 1790467
B59: 3017 | C59: =C58+1 -> 4023 | D59: =K59 -> TRANSPORTE Y DISPOSICIÓN FINAL DE ESCOMBROS EN SITIO AUTORIZADO (DISTANCIA DE TRANSPORTE 21 KM). A DISTANCIA MAYOR DEL ACARREO LIBRE (90 M) EN SITIO AUTORIZADO POR LA ENTIDAD AMBIENTAL COMPETENTE. | E59: =L59 -> M3 | F59: ='3. Presupuesto 24119460'!F59+'2. Presupuesto 24119394'!F59+'1. Presupuesto 24119475'!F59 -> 149.11854 | G59: =J59 -> 34896 | H59: =ROUND(F59*G59,0) -> 5203641 | J59: =LOOKUP(B59,$C$81:$C$4512,$F$81:$F$4512) -> 34896 | K59: =LOOKUP(B59,$C$76:$C$4504,$D$76:$D$4504) -> TRANSPORTE Y DISPOSICIÓN FINAL DE ESCOMBROS EN SITIO AUTORIZADO (DISTANCIA DE TRANSPORTE 21 KM). A DISTANCIA MAYOR DEL ACARREO LIBRE (90 M) EN SITIO AUTORIZADO POR LA ENTIDAD AMBIENTAL COMPETENTE. | L59: =LOOKUP(B59,$C$76:$C$4504,$E$76:$E$4504) -> M3 | M59: ='1. Presupuesto 24119475'!H59+'2. Presupuesto 24119394'!H59+'3. Presupuesto 24119460'!H59 -> 5203640 | N59: =M59-H59 -> -1
B60: COSTO DIRECTO DE OBRA | H60: =ROUND(H17+H21+H30+H36,0) -> 369171412 | M60: ='1. Presupuesto 24119475'!H60+'2. Presupuesto 24119394'!H60+'3. Presupuesto 24119460'!H60 -> 369171413 | N60: =M60-H60 -> 1
M61: ='1. Presupuesto 24119475'!H61+'2. Presupuesto 24119394'!H61+'3. Presupuesto 24119460'!H61 -> 0
B62: Observaciones:
B65: COSTO DIRECTO | H65: =H60 -> 369171412 | J65: ='1. Presupuesto 24119475'!H65+'2. Presupuesto 24119394'!H65+'3. Presupuesto 24119460'!H65 -> 369171413
B66: ADMINISTRACION | G66: ='AIU OBRA'!L65 -> 0.29927475 | H66: =ROUND($H$65*G66,0) -> 110483681 | J66: ='1. Presupuesto 24119475'!H66+'2. Presupuesto 24119394'!H66+'3. Presupuesto 24119460'!H66 -> 110483681
B67: IMPREVISTOS | G67: ='AIU OBRA'!L66 -> 0.01 | H67: =ROUND($H$65*G67,0) -> 3691714 | J67: ='1. Presupuesto 24119475'!H67+'2. Presupuesto 24119394'!H67+'3. Presupuesto 24119460'!H67 -> 3691714
B68: UTILIDAD | G68: ='AIU OBRA'!L67 -> 0.09 | H68: =ROUND($H$65*G68,0) -> 33225427 | J68: ='1. Presupuesto 24119475'!H68+'2. Presupuesto 24119394'!H68+'3. Presupuesto 24119460'!H68 -> 33225428
B69: AIU | G69: ='AIU OBRA'!L70 -> 0.39927475
B70: VALOR COSTO INDIRECTOS | H70: =ROUND(SUM(H66:H68),0) -> 147400822 | J70: ='1. Presupuesto 24119475'!H70+'2. Presupuesto 24119394'!H70+'3. Presupuesto 24119460'!H70 -> 147400823
B71: COSTO TOTAL CON AIU | H71: =ROUND(SUM(H65,H70),0) -> 516572234 | J71: =ROUND(SUM(J65,J70),0) -> 516572236
B72: Costos Gestión Ambiental Ysst | D72: INCLUYE AIU | G72: ='PGA Y SST'!O121 -> 0.092783257 | H72: =H65*G72 -> 34252926 | J72: ='1. Presupuesto 24119475'!H72+'2. Presupuesto 24119394'!H72+'3. Presupuesto 24119460'!H72 -> 34252926
B73: Costos Gestión Social invluye AIU | D73: INCLUYE AIU | G73: =PGS!L53 -> 0.034757328 | H73: =H65*G73 -> 12831412 | J73: ='1. Presupuesto 24119475'!H73+'2. Presupuesto 24119394'!H73+'3. Presupuesto 24119460'!H73 -> 12831411
B74: Costos Plan de Manejo de Tráfico INCLUYE AIU | G74: =PMT!P37 -> 0.074377029 | H74: =H65*G74 -> 27457873 | J74: ='1. Presupuesto 24119475'!H74+'2. Presupuesto 24119394'!H74+'3. Presupuesto 24119460'!H74 -> 27457873
B75: Costo estimado para Ajustes | H75: =Ajustes!H79 -> 5537571
B76: VALOR TOTAL | H76: =ROUND((SUM(H71:H75)),0) -> 596652016 | J76: =ROUND((SUM(J71:J75)),0) -> 591114446
H78: =J80-H76 -> 0
C80: Código | D80: Nombre | E80: UM | F80: Valor | G80: Fecha Actualización | H80: Aplica Nota* | J80: 596652016 | K80: obra | L80: =J80/1000000 -> 596.65202
C81: 3007 | D81: REPLANTEO GENERAL | E81: M2 | F81: 727 | G81: Actualización 2022 -I | J81: 191432984 | K81: inter
C82: 3009 | D82: EXCAVACION MANUAL PARA REDES PROFUNDIDAD 0M - 2M (INCLUYE CARGUE) | E82: M3 | F82: 31876 | G82: Actualización 2022 -I | J82: =SUM(J80:J81) -> 788085000 | K82: total
C83: 3010 | D83: DEMOLICION PAVIMENTO ASFALTICO (INCLUYE CARGUE). NO INCLUYE TRANSPORTE Y DISPOSICIÓN FINAL DE SOBRANTES. | E83: M3 | F83: 30579 | G83: Actualización 2022 -I
C84: 3011 | D84: DEMOLICION MANUAL SARDINEL EXISTENTE (INCLUYE CARGUE). NO INCLUYE TRANSPORTE Y DISPOSICIÓN FINAL DE SOBRANTES. | E84: ML | F84: 4523 | G84: Actualización 2022 -I
C85: 3012 | D85: DEMOLICIÓN PISOS DE CONCRETO (ESPESOR VARIABLE HASTA 0.10 M. INCLUYE CARGUE). NO INCLUYE TRANSPORTE Y DISPOSICIÓN FINAL DE SOBRANTES. | E85: M2 | F85: 6331 | G85: Actualización 2022 -I
C86: 3015 | D86: RETIRO DE POSTES DE AP/LA (INCLUYE TRASLADO A SITIO DE ACOPIO) | E86: UN | F86: 206755 | G86: Actualización 2022 -I
C87: 3017 | D87: TRANSPORTE Y DISPOSICIÓN FINAL DE ESCOMBROS EN SITIO AUTORIZADO (DISTANCIA DE TRANSPORTE 21 KM). A DISTANCIA MAYOR DEL ACARREO LIBRE (90 M) EN SITIO AUTORIZADO POR LA ENTIDAD AMBIENTAL COMPETENTE. | E87: M3 | F87: 34896 | G87: Actualización 2022 -I
C88: 3018 | D88: RELLENO EN TIERRA NEGRA PARA EMPRADIZACION (SUMINISTRO Y EXTENDIDO) | E88: M3 | F88: 62305 | G88: Actualización 2022 -I
C89: 3021 | D89: DEMOLICION PAVIMENTO ASFALTICO (ESPESOR VARIABLE. INCLUYE CARGUE). NO INCLUYE TRANSPORTE Y DISPOSICIÓN FINAL DE SOBRANTES. | E89: M2 | F89: 5770 | G89: Actualización 2022 -I
C90: 3022 | D90: DEMOLICIÓN PISOS DE CONCRETO (INCLUYE CARGUE). NO INCLUYE TRANSPORTE Y DISPOSICIÓN FINAL DE SOBRANTES. | E90: M3 | F90: 46434 | G90: Actualización 2022 -I
C91: 3024 | D91: RELLENO PARA REDES EN ARENA DE PEÑA (SUMINISTRO, EXTENDIDO, HUMEDECIMIENTO Y COMPACTACIÓN) | E91: M3 | F91: 109001 | G91: Actualización 2022 -I
C92: 3027 | D92: SARDINEL TIPO A10 (SUMINISTRO E INSTALACIÓN. INCLUYE 3CM MORTERO 1:5) | E92: ML | F92: 58698 | G92: Actualización 2022 -I
C93: 3041 | D93: TUBERIA PVC U.M. EXT CORRUGADO/INT LISO U.M. NORMA NTC 3722-1 D=4" (INCLUYE SUMINISTRO E INSTALACIÓN) | E93: ML | F93: 24517 | G93: Actualización 2022 -I
C94: 3042 | D94: TUBERIA PVC U.M. EXT CORRUGADO/INT LISO U.M. NORMA NTC 3722-1 D=6" (INCLUYE SUMINISTRO E INSTALACIÓN) | E94: ML | F94: 51046 | G94: Actualización 2022 -I
... C104: 3056 | D104: 16 DUCTOS D=4" PVC-TDP (INCLUYE SUMINISTRO E INSTALACIÓN. NO INCLUYE RELLENOS) | E104: ML | F104: 386062 | G104: Actualización 2022 -I
C105: 3057 | D105: CAMARA DE INSPECCIÓN T-13 ETB (H=2.3M. INCLUYE BASE, MUROS, CUBIERTA, ARO-BASE Y ARO-TAPA) | E105: UN | F105: 3895907 | G105: Actualización 2022 -I | H105: x
C106: 3058 | D106: CAMARA DE INSPECCIÓN T-13A ETB (H=2.3M. INCLUYE BASE, MUROS, CUBIERTA, ARO-BASE Y ARO-TAPA) | E106: UN | F106: 6454374 | G106: Actualización 2022 -I | H106: x
C107: 3059 | D107: CAMARA DE INSPECCIÓN T-14 ETB (H=2.3M. INCLUYE BASE, MUROS, CUBIERTA, ARO-BASE Y ARO-TAPA) | E107: UN | F107: 3966559 | G107: Actualización 2022 -I | H107: x
C108: 3062 | D108: PISO EN LOSETA PREFABRICADA A30 (SUMINISTRO E INSTALACIÓN. INCLUYE BASE 4CM ARENA NIVELACIÓN Y ARENA DE SELLO) | E108: M2 | F108: 63302 | G108: Actualización 2022 -I
C109: 3064 | D109: TUBERIA CONCRETO D=8" CL. I SIN REFUERZO (INCLUYE SUMINISTRO E INSTALACIÓN) | E109: ML | F109: 66902 | G109: Actualización 2022 -I
C110: 3065 | D110: TUBERIA CONCRETO D=10" CL. I SIN REFUERZO (INCLUYE SUMINISTRO E INSTALACIÓN) | E110: ML | F110: 80175 | G110: Actualización 2022 -I
C111: 3066 | D111: TUBERIA CONCRETO D=12" CL. I SIN REFUERZO (INCLUYE SUMINISTRO E INSTALACIÓN) | E111: ML | F111: 110995 | G111: Actualización 2022 -I
C112: 3067 | D112: TUBERIA CONCRETO D=14" CL. I SIN REFUERZO (INCLUYE SUMINISTRO E INSTALACIÓN) | E112: ML | F112: 131764 | G112: Actualización 2022 -I
C113: 3068 | D113: TUBERIA CONCRETO D=16" CL. I SIN REFUERZO (INCLUYE SUMINISTRO E INSTALACIÓN) | E113: ML | F113: 168915 | G113: Actualización 2022 -I
C114: 3069 | D114: TUBERIA CONCRETO D=18" CL. I SIN REFUERZO (INCLUYE SUMINISTRO E INSTALACIÓN) | E114: ML | F114: 212140 | G114: Actualización 2022 -I
C115: 3070 | D115: TUBERIA CONCRETO D=20" CL. I SIN REFUERZO (INCLUYE SUMINISTRO E INSTALACIÓN) | E115: ML | F115: 271361 | G115: Actualización 2022 -I
C116: 3071 | D116: TUBERIA CONCRETO D=24" CL. I SIN REFUERZO (INCLUYE SUMINISTRO E INSTALACIÓN) | E116: ML | F116: 391003 | G116: Actualización 2022 -I
C117: 3151 | D117: SUMIDERO LATERAL SL-100, H=1.25M (FUNDIDO EN SITIO, CONCRETO PREMEZCLADO. INCL. SUMIN, FORM, REF. Y CONSTR. INCL. TAPA) | E117: UN | F117: 2168636 | G117: Actualización 2022 -I | H117: x
...

Sheet AIU OBRA
B2: FORMATO | D2: CÓDIGO | E2: PROCESO | I2: VERSIÓN
B3: MATRIZ PARA CÁLCULO DE AIU | D3: FO-DP-01 | E3: Proyectos | I3: 2.0
B4: ALCALDÍA MAYOR DE BOGOTÁ D.C.
B5: ALCALDÍA LOCAL DE KENNEDY
B6: ÁREA DE GESTIÓN DE DESARROLLO LOCAL KENNEDY
B7: OFICINA DE INFRAESTRUCTURA DEL FDLK | J7: ALCALDÍA LOCAL DE KENNEDY
B8: ='[8]DATOS ENTRADA'!B7 -> OBJETO DE LA LICITACIÓN: | D8: ='D. ENTRADA obra'!C7 -> "EJECUTAR A MONTO AGOTABLE POR EL SISTEMA DE PRECIOS UNITARIOS LAS OBRAS Y ACTIVIDADES PARA EL DIAGNOSTICO Y LA CONSERVACIÓN DE PUENTES VEHICULARES Y/O PEATONALES SOBRE CUERPOS DE AGUA DE LA LOCALIDAD DE KENNEDY”
B10: COSTO DIRECTO ESTIMADO DE OBRA (CD) | E10: ='Presupuesto Obra Consolidado'!H65 -> 369171412 | I10: FECHA: | J10: =TODAY() -> 44865
B11: TERMINO ESTIMADO DE EJECUCIÓN DEL PROYECTO | E11: 5 | F11: MESES | I11: CONTRATO No. | J11: =IF('[8]DATOS ENTRADA'!C9=0,"",'[8]DATOS ENTRADA'!C9) -> -
A13: COD IDU | B13: ÍTEM | C13: A. ADMINISTRACIÓN
C14: 1. COSTOS MENSUALES DE PERSONAL
C15: CARGO | E15: CANTIDAD | F15: CATEGORÍA | G15: DEDICACIÓN MES | I15: TOPE SALARIO (MES) | J15: FACTOR PRESTACIONAL | K15: N. MESES | L15: SALARIO + PRESTACIONES
E16: A | G16: B | I16: C | J16: D | K16: E | L16: F=A*B*C*D*E
B17: 1.1 | C17: PERSONAL PROFESIONAL (Ingenieros y Otros)
A18: 9110 | B18: =B17+0.001 -> 1.101 | C18: DIRECTOR DE OBRA | E18: 1 | F18: 4 | G18: 0.3 | I18: =VLOOKUP(A18,TABLAS!$A$2:$E$34,4,FALSE) -> 6967000 | J18: =VLOOKUP(A18,TABLAS!$A$2:$E$34,5,FALSE) -> 1.5829 | K18: =$E$11 -> 5 | L18: =ROUND(E18*G18*I18*J18*K18,0) -> 16542096
A19: 9112 | B19: =B18+0.001 -> 1.102 | C19: RESIDENTE DE OBRA | E19: 1 | F19: 6 | G19: 1 | I19: =VLOOKUP(A19,TABLAS!$A$2:$E$34,4,FALSE) -> 5604000 | J19: =VLOOKUP(A19,TABLAS!$A$2:$E$34,5,FALSE) -> 1.5829 | K19: 3 | L19: =ROUND(E19*G19*I19*J19*K19,0) -> 26611715
A20: 9110 | B20: =B19+0.001 -> 1.103 | C20: ESPECIALISTA EN GEOTECNIA | E20: 1 | F20: 4 | G20: 0.1 | I20: =VLOOKUP(A20,TABLAS!$A$2:$E$34,4,FALSE) -> 6967000 | J20: =VLOOKUP(A20,TABLAS!$A$2:$E$34,5,FALSE) -> 1.5829 | K20: 5 | L20: =ROUND(E20*G20*I20*J20*K20,0) -> 5514032
A21: 9110 | B21: =B20+0.001 -> 1.104 | C21: ESPECIALISTA EN ESTRUCTURAS METÁLICAS | E21: 1 | F21: 4 | G21: 0.2 | I21: =VLOOKUP(A21,TABLAS!$A$2:$E$34,4,FALSE) -> 6967000 | J21: =VLOOKUP(A21,TABLAS!$A$2:$E$34,5,FALSE) -> 1.5829 | K21: 5 | L21: =ROUND(E21*G21*I21*J21*K21,0) -> 11028064
B22: 1.2 | C22: PERSONAL TÉCNICO Y PERSONAL AUXILIAR
A23: =TABLAS!A6 -> 9088 | B23: =B22+0.001 -> 1.201 | C23: =VLOOKUP(A23,TABLAS!$A$2:$E$34,2,FALSE) -> TARIFA MES - PERSONAL TÉCNICO - TOPÓGRAFO INSPECTOR (NO INCLUYE FACTOR DE PRESTACIONES) | E23: 1 | F23: N/A | G23: 0.1 | I23: =VLOOKUP(A23,TABLAS!$A$2:$E$34,4,FALSE) -> 2733000 | J23: =VLOOKUP(A23,TABLAS!$A$2:$E$34,5,FALSE) -> 1.4565 | K23: 2 | L23: =ROUND(E23*G23*I23*J23*K23,0) -> 796123
A24: =TABLAS!A16 -> 9098 | B24: =B23+0.001 -> 1.202 | C24: =VLOOKUP(A24,TABLAS!$A$2:$E$34,2,FALSE) -> TARIFA MES - PERSONAL AUXILIAR TÉCNICO - CADENERO 1 (NO INCLUYE FACTOR DE PRESTACIONES) | E24: 1 | F24: N/A | G24: 0.1 | I24: =VLOOKUP(A24,TABLAS!$A$2:$E$34,4,FALSE) -> 1695000 | J24: =VLOOKUP(A24,TABLAS!$A$2:$E$34,5,FALSE) -> 1.5601 | K24: 2 | L24: =ROUND(E24*G24*I24*J24*K24,0) -> 528874
A25: =TABLAS!A7 -> 9089 | B25: =B24+0.001 -> 1.203 | C25: =VLOOKUP(A25,TABLAS!$A$2:$E$34,2,FALSE) -> TARIFA MES - PERSONAL TÉCNICO - LABORATORISTA INSPECTOR (NO INCLUYE FACTOR DE PRESTACIONES) | E25: 1 | F25: N/A | G25: 0.1 | I25: =VLOOKUP(A25,TABLAS!$A$2:$E$34,4,FALSE) -> 2421000 | J25: =VLOOKUP(A25,TABLAS!$A$2:$E$34,5,FALSE) -> 1.4576 | K25: 2 | L25: =ROUND(E25*G25*I25*J25*K25,0) -> 705770
A26: 9086 | B26: =B25+0.001 -> 1.204 | C26: =VLOOKUP(A26,TABLAS!$A$2:$E$34,2,FALSE) -> TARIFA MES - PERSONAL TÉCNICO - DIBUJANTE 1 (NO INCLUYE FACTOR DE PRESTACIONES) | E26: 1 | F26: N/A | G26: 0.1 | I26: =VLOOKUP(A26,TABLAS!$A$2:$E$34,4,FALSE) -> 2417000 | J26: =VLOOKUP(A26,TABLAS!$A$2:$E$34,5,FALSE) -> 1.4576 | K26: =$E$11 -> 5 | L26: =ROUND(E26*G26*I26*J26*K26,0) -> 1761510
B27: 1.3 | C27: PERSONAL ADMINISTRATIVO
A28: =TABLAS!A21 -> 9103 | B28: =B27+0.001 -> 1.301 | C28: =VLOOKUP(A28,TABLAS!$A$2:$E$34,2,FALSE) -> TARIFA MES - PERSONAL ADMINISTRATIVO - AUXILIAR ADMINISTRATIVO-ALMACENISTA (NO INCLUYE FACTOR DE PRESTACIONES) | E28: 1 | F28: N/A | G28: 0.5 | I28: =VLOOKUP(A28,TABLAS!$A$2:$E$34,4,FALSE) -> 1815000 | J28: =VLOOKUP(A28,TABLAS!$A$2:$E$34,5,FALSE) -> 1.5527 | K28: 5 | L28: =ROUND(E28*G28*I28*J28*K28,0) -> 7045376
C29: SUBTOTAL COSTOS MENSUALES DE PERSONAL | L29: =SUM(L18:L28) -> 70533560
A31: COD IDU | B31: 2 | C31: GASTOS OPERACIONALES MENSUALES | E31: CANT. | F31: AREA (M2) | G31: DEDICACIÓN | I31: DEDICACIÓN X ÁREA (M2) | J31: COSTO ($/M2.MES) | K31: N. MESES | L31: VALOR ($)
A32: 9576 | B32: =B31+0.001 -> 2.001 | C32: =VLOOKUP(A32,INSUMOS!$A$2:$D$3882,2,FALSE) -> ALQUILER MES - ARRIENDO OFICINA INCL. ADMINISTRACIÓN, SERVICIOS PÚBLICOS, COMUNICACIONES | E32: 1 | F32: 25 | G32: 0.1 | I32: =F32*G32*E32 -> 2.5 | J32: =VLOOKUP(A32,INSUMOS!$A$2:$D$3882,4,FALSE) -> 32508 | K32: 5 | L32: =+J32*I32*K32 -> 406350
A33: 9577 | B33: =B32+0.001 -> 2.002 | C33: =VLOOKUP(A33,INSUMOS!$A$2:$D$3882,2,FALSE) -> ALQUILER MES - CAMPAMENTOS INCL. SERVICIOS PÚBLICOS PROVISIONALES | E33: 1 | F33: 25 | G33: 0.1 | I33: =F33*G33*E33 -> 2.5 | J33: =VLOOKUP(A33,INSUMOS!$A$2:$D$3882,4,FALSE) -> 26189 | K33: =$E$11 -> 5 | L33: =+J33*I33*K33 -> 327362.5
A34: 9578 | B34: =B33+0.001 -> 2.003 | C34: =VLOOKUP(A34,INSUMOS!$A$2:$D$3882,2,FALSE) -> GASTOS OFICINA (PAPELERIA, FOTOCOPIAS Y OTROS) | E34: 1 | F34: N/A | G34: 0.1 | I34: N/A | J34: =VLOOKUP(A34,INSUMOS!$A$2:$D$3882,4,FALSE) -> 922582 | K34: 5 | L34: =+J34*G34*K34 -> 461291
A35: 9115 | B35: =B34+0.001 -> 2.004 | C35: =VLOOKUP(A35,INSUMOS!$A$2:$D$3882,2,FALSE) -> EQUIPO DE TOPOGRAFÍA. INCLUYE TRÁNSITO, NIVEL Y ELEMENTOS COMPLEMENTARIOS - MES | E35: 1 | F35: N/A | G35: 0.1 | I35: N/A | J35: =VLOOKUP(A35,INSUMOS!$A$2:$D$3882,4,FALSE) -> 3627000 | K35: 2 | L35: =+J35*G35*K35 -> 725400
A36: 9456 | B36: =B35+0.001 -> 2.005 | C36: =VLOOKUP(A36,INSUMOS!$A$2:$D$3882,2,FALSE) -> ALQUILER DE VEHICULO: CAMPERO, PICK-UP, CAMIONETA, CAMION O SIMILAR DE 1300cc A 2000cc DE CILINDRADA, MODELO 2014 A 2011. 75% DE LA TARIFA ESTABLECIDA. INCLUYE TODOS LOS COSTOS DE OPERACIÓN Y MANTENIMIENTO EXCEPTO EL SALARIO DEL CONDUCTOR | E36: 1 | F36: N/A | G36: 0.1 | I36: N/A | J36: =VLOOKUP(A36,INSUMOS!$A$2:$D$3882,4,FALSE) -> 4816500 | K36: 5 | L36: =+J36*G36*K36 -> 2408250
C37: SUBTOTAL GASTOS OPERACIONALES MENSUALES | L37: =SUM(L32:L36) -> 4328653.5
C39: TOTAL COSTOS PERSONAL + GASTOS OPERACIONALES POR EL TÉRMINO DE EJECUCIÓN | L39: =(L29+L37) -> 74862214
C40: TOTAL COSTOS PERSONAL + GASTOS OPERACIONALES POR EL TÉRMINO DE EJECUCIÓN EN PORCENTAJE DEL COSTO DIRECTO | L40: =L39/E10 -> 0.20278443
B43: 4. IMPUESTOS Y GARANTÍAS
B44: 4.1 | C44: IMPUESTOS
B45: ÍTEM | C45: DESCRIPCIÓN | J45: IMPUESTO | L45: VALOR ($)
B46: =B44+0.001 -> 4.101 | C46: Contribución Especial (Impuesto de Guerra Ley 1738 Dic 18-2014 Prórroga 4 años) | J46: 0.05 | L46: =ROUND(E10*J46,0) -> 18458571
B47: =B46+0.001 -> 4.102 | C47: ICA (Ley 14 6 Jul 1983, Res 219 25 Feb 2004) | J47: =6.9/1000 -> 0.0069 | L47: =ROUND(E10*J47,0) -> 2547283
B48: =B47+0.001 -> 4.103 | C48: GMF (Ley 1739 23 Dic 2014 modifica el Estatuto Tributario) | J48: =(4/1000) -> 0.004 | L48: =ROUND(E10*J48,0) -> 1476686
B49: =B48+0.001 -> 4.104 | C49: Retefuente | J49: 0.02 | L49: =ROUND(E10*J49,0) -> 7383428
B50: =B49+0.001 -> 4.105 | C50: Estampilla Unipedagógica (Dec 584 de 19 Dic 2014) | J50: 0.005 | L50: =ROUND(E10*J50,0) -> 1845857
C51: SUBTOTAL IMPUESTOS | L51: =SUM(L46:L50) -> 31711825
B53: =B44+0.1 -> 4.2 | C53: GARANTIAS
B54: ÍTEM | C54: DESCRIPCIÓN | E54: VR. BASE | G54: % ASEGURADO | I54: VIGENCIA AMPARO (MESES) | J54: TASA ASEGURADORA | L54: VALOR ($)
B55: =B53+0.001 -> 4.201 | C55: Cumplimiento | D55: GARANTÍA ÚNICA | E55: =E10 -> 369171412 | G55: 0.3 | I55: 12 | J55: 0.004 | L55: =(((((E55*G55)*J55)/12)*I55)+2500)*1.19 -> 530151.78
B56: =B55+0.001 -> 4.202 | C56: Salarios y Prestaciones Sociales | E56: =E10 -> 369171412 | G56: 0.1 | I56: 38 | J56: 0.003 | L56: =(((((E56*G56)*J56)/12)*I56)+2500)*1.19 -> 420323.28
B57: =B56+0.001 -> 4.203 | C57: Estabilidad de la Obra | E57: =E10 -> 369171412 | G57: 0.3 | I57: 60 | J57: 0.004 | L57: =(((((E57*G57)*J57)/12)*I57)+2500)*1.19 -> 2638858.9
B58: =B57+0.001 -> 4.204 | C58: Predios, labores y Operaciones- Vigencia (Decreto 1082 de 2015 Sección III) | D58: RESPONSABILIDAD CIVIL EXTRACONTRACTUAL | E58: =200*TABLAS!J37 -> 200000000 | G58: 200 SMMLV | I58: 4 | J58: 0.004 | L58: =((((E58*J58)/12)*I58)+2500)*1.19 -> 320308.33
C60: SUBTOTAL GARANTÍAS | L60: =ROUND(SUM(L55:L58),0) -> 3909642
C62: TOTAL IMPUESTOS Y GARANTÍAS | L62: =(L51+L60) -> 35621467
C63: TOTAL IMPUESTOS Y GARANTÍAS EN PORCENTAJE DEL COSTO DIRECTO | L63: =+L62/E10 -> 0.096490318
C65: A. ADMINISTRACIÓN (1 + 2 + 3 + 4) | L65: =L63+L40 -> 0.29927475
C66: I. IMPREVISTOS | L66: 0.01
C67: U. UTILIDAD | L67: 0.09
C70: A.I.U. (ADMINISTRACIÓN, IMPREVISTOS Y UTILIDAD) | L70: =SUM(L65:L67) -> 0.39927475
C73: NOTA: | D73: LA EDICIÓN DE LAS FÓRMULAS COMPROMETE LA RESPONSABILIDAD DEL USUARIO DE LA MATRIZ.

Sheet PGA Y SST
C2: ALCALDÍA MAYOR DE BOGOTÁ D.C.
C3: ALCALDÍA LOCAL DE KENNEDY
C4: ÁREA DE GESTIÓN DE DESARROLLO LOCAL KENNEDY
C5: OFICINA DE INFRAESTRUCTURA DEL FDLK | M5: ALCALDÍA LOCAL DE KENNEDY
C6: ='[8]DATOS ENTRADA'!$B$7 -> OBJETO DE LA LICITACIÓN: | F6: ='D. ENTRADA obra'!C7 -> "EJECUTAR A MONTO AGOTABLE POR EL SISTEMA DE PRECIOS UNITARIOS LAS OBRAS Y ACTIVIDADES PARA EL DIAGNOSTICO Y LA CONSERVACIÓN DE PUENTES VEHICULARES Y/O PEATONALES SOBRE CUERPOS DE AGUA DE LA LOCALIDAD DE KENNEDY”
C8: PLAN DE GESTIÓN AMBIENTAL, SEGURIDAD Y SALUD EN EL TRABAJO
C9: COMPONENTE A - PERSONAL
K11: EJECUCIÓN DE OBRA | N11: 3 | O11: MESES
C12: EJECUCIÓN DE OBRAS
C13: ÍTEMS | H13: UN. | I13: CAT | J13: CANT | K13: EDIC H/MES | L13: TOTAL DEDIC H/PROY | M13: TARIFA | N13: F.P | O13: TOTAL ACTIVIDAD
B14: 9112 | C14: 1 | D14: RESIDENTE AMBIENTAL | H14: MES | I14: =VLOOKUP(B14,TABLAS!$A$2:$E$34,3,FALSE) -> MES | J14: 1 | K14: 0.2 | L14: =J14*K14*$N$11 -> 0.6 | M14: =VLOOKUP(B14,TABLAS!$A$2:$E$34,4,FALSE) -> 5604000 | N14: =VLOOKUP(B14,TABLAS!$A$2:$E$34,5,FALSE) -> 1.5829 | O14: =ROUND((L14*M14*N14),0) -> 5322343
B15: 9112 | C15: 2 | D15: RESIDENTE SST | H15: MES | I15: =VLOOKUP(B15,TABLAS!$A$2:$E$34,3,FALSE) -> MES | J15: 1 | K15: 0.2 | L15: =J15*K15*$N$11 -> 0.6 | M15: =VLOOKUP(B15,TABLAS!$A$2:$E$34,4,FALSE) -> 5604000 | N15: =VLOOKUP(B15,TABLAS!$A$2:$E$34,5,FALSE) -> 1.5829 | O15: =ROUND((L15*M15*N15),0) -> 5322343
D16: BRIGADA DE ORDEN, ASEO Y LIMPIEZA
B17: 9455 | C17: 3 | D17: =VLOOKUP(B17,TABLAS!$A$2:$E$34,2,FALSE) -> TARIFA MES - PERSONAL DE OBRA - AYUDANTE (NO INCLUYE FACTOR DE PRESTACIONES) | H17: MES | I17: N.A. | J17: 2 | K17: 0.1 | L17: =J17*K17*$N$11 -> 0.6 | M17: =VLOOKUP(B17,TABLAS!$A$2:$E$34,4,FALSE) -> 1000000 | N17: =VLOOKUP(B17,TABLAS!$A$2:$E$34,5,FALSE) -> 1.6504 | O17: =ROUND((L17*M17*N17),0) -> 990240
H18: SUBTOTAL COMPONENTE A | O18: =SUM(O14:O17) -> 11634926
C20: COMPONTE B. MANEJO DE LA VEGETACION Y DEL PAISAJE
C21: ÍTEMS | G21: ESPECIFICACIÓN | H21: UN. | I21: CANTIDAD | K21: VALOR UNITARIO | N21: VALOR TOTAL
C22: B 1 | D22: MANEJO DE LA VEGETACION EXISTENTE Y DE ACTIVIDADES DE DISEÑO PAISAJISTICO
B23: 7559 | C23: 1.1 | D23: PROTECCION DE ARBOLES | G23: =VLOOKUP(B23,INSUMOS!$A$2:$D$3882,2,FALSE) -> TELA VERDE DE CERRAMIENTO (2.10mx250) | H23: =VLOOKUP(B23,INSUMOS!$A$2:$D$3882,3,FALSE) -> M2 | I23: 100 | K23: =VLOOKUP(B23,INSUMOS!$A$2:$D$3882,4,FALSE) -> 793 | N23: =ROUND((I23*K23),0) -> 79300
B24: 7285 | C24: 1.2 | D24: SOPORTE MALLA | G24: =VLOOKUP(B24,INSUMOS!$A$2:$D$3882,2,FALSE) -> VARA DE CORREDOR 6.0 M | H24: =VLOOKUP(B24,INSUMOS!$A$2:$D$3882,3,FALSE) -> UN | I24: 35 | K24: =VLOOKUP(B24,INSUMOS!$A$2:$D$3882,4,FALSE) -> 12390 | N24: =ROUND((I24*K24),0) -> 433650
H25: SUBTOTAL COMPONENTE B | N25: =SUM(N23:O24) -> 512950
C27: COMPONTE C. ACTIVIDADES CONSTRUCTIVAS
C28: ÍTEMS | G28: ESPECIFICACIÓN | H28: UN. | I28: CANTIDAD | K28: VALOR UNITARIO | N28: VALOR TOTAL
C29: C 1 | D29: MANEJO DE CAMPAMENTOS Y CENTROS DE ACOPIO
B30: 9290 | C30: 1.1 | D30: CANECAS PARA CAMPAMENTOS Y FRENTES DE OBRA | G30: =VLOOKUP(B30,INSUMOS!$A$2:$D$3882,2,FALSE) -> CANECA PLÁSTICA NEGRA DE 55 GALONES CON TAPA PLANA. | H30: =VLOOKUP(B30,INSUMOS!$A$2:$D$3882,3,FALSE) -> UN | I30: 3 | K30: =VLOOKUP(B30,INSUMOS!$A$2:$D$3882,4,FALSE) -> 122000 | N30: =ROUND((I30*K30),0) -> 366000
H31: SUBTOTAL DEL PROGRAMA C 1 | N31: =SUM(N30:N30) -> 366000
C33: C 2 | D33: MANEJO DE MATERIALES DE CONSTRUCCIÓN
B34: 7556 | C34: 2.1 | D34: PUNTO DE ACOPIO DE MATERIALES | G34: =VLOOKUP(B34,INSUMOS!$A$2:$D$3882,2,FALSE) -> PLASTICO NEGRO CALIBRE 6 | H34: =VLOOKUP(B34,INSUMOS!$A$2:$D$3882,3,FALSE) -> M2 | I34: 100 | K34: =VLOOKUP(B34,INSUMOS!$A$2:$D$3882,4,FALSE) -> 1312 | N34: =ROUND((I34*K34),0) -> 131200
B35: 7554 | G35: =VLOOKUP(B35,INSUMOS!$A$2:$D$3882,2,FALSE) -> SEÑALIZACION TUBULAR COLOMBINA PLASTICA | H35: =VLOOKUP(B35,INSUMOS!$A$2:$D$3882,3,FALSE) -> UN | I35: 9 | K35: =VLOOKUP(B35,INSUMOS!$A$2:$D$3882,4,FALSE) -> 43962 | N35: =ROUND((I35*K35),0) -> 395658
B36: 7850 | G36: =VLOOKUP(B36,INSUMOS!$A$2:$D$3882,2,FALSE) -> CINTA PARA SEÑALIZACION DE 500MT X 4" PELIGRO CALIBRE 3.5 | H36: =VLOOKUP(B36,INSUMOS!$A$2:$D$3882,3,FALSE) -> ROLLO | I36: 1 | K36: =VLOOKUP(B36,INSUMOS!$A$2:$D$3882,4,FALSE) -> 24285 | N36: =ROUND((I36*K36),0) -> 24285
H37: SUBTOTAL DEL PROGRAMA C 2 | N37: =SUM(N34:O36) -> 551143
C39: C 3 | D39: MANEJO INTEGRAL DE RESIDUOS SÓLIDOS
B40: 7556 | C40: 3.1 | D40: ACOPIO TEMPORAL DE RCD EN FRENTES DE OBRA | G40: =VLOOKUP(B40,INSUMOS!$A$2:$D$3882,2,FALSE) -> PLASTICO NEGRO CALIBRE 6 | H40: =VLOOKUP(B40,INSUMOS!$A$2:$D$3882,3,FALSE) -> M2 | I40: 100 | K40: =VLOOKUP(B40,INSUMOS!$A$2:$D$3882,4,FALSE) -> 1312 | N40: =ROUND((I40*K40),0) -> 131200
B41: 7812 | C41: 3.2 | D41: KIT BRIGADA DE ASEO Y LIMPIEZA | G41: =VLOOKUP(B41,INSUMOS!$A$2:$D$3882,2,FALSE) -> CARRETILLA RUEDA NEUMATICA PLATON METALICO CAPACIDAD CINCO PIES CUBICOS MANGO MADERA TIPO BUGGY | H41: =VLOOKUP(B41,INSUMOS!$A$2:$D$3882,3,FALSE) -> UN | I41: 2 | K41: =VLOOKUP(B41,INSUMOS!$A$2:$D$3882,4,FALSE) -> 201100 | N41: =ROUND((I41*K41),0) -> 402200
B42: 9287 | G42: =VLOOKUP(B42,INSUMOS!$A$2:$D$3882,2,FALSE) -> PALA REDONDA No. 2 CON CABO | H42: =VLOOKUP(B42,INSUMOS!$A$2:$D$3882,3,FALSE) -> UN | I42: 4 | K42: =VLOOKUP(B42,INSUMOS!$A$2:$D$3882,4,FALSE) -> 19517 | N42: =ROUND((I42*K42),0) -> 78068
B43: 7811 | G43: =VLOOKUP(B43,INSUMOS!$A$2:$D$3882,2,FALSE) -> CEPILLO INDUSTRIAL DE NYLON CON CABO DE 35CM A 42CM X 9CM X 17CM | H43: =VLOOKUP(B43,INSUMOS!$A$2:$D$3882,3,FALSE) -> UN | I43: 5 | K43: =VLOOKUP(B43,INSUMOS!$A$2:$D$3882,4,FALSE) -> 13978 | N43: =ROUND((I43*K43),0) -> 69890
B44: 7813 | G44: =VLOOKUP(B44,INSUMOS!$A$2:$D$3882,2,FALSE) -> BARRA DE 18LB CON PUNTA Y PALA 150CM X 10CM | H44: =VLOOKUP(B44,INSUMOS!$A$2:$D$3882,3,FALSE) -> UN | I44: 2 | K44: =VLOOKUP(B44,INSUMOS!$A$2:$D$3882,4,FALSE) -> 64260 | N44: =ROUND((I44*K44),0) -> 128520
B45: 7814 | G45: =VLOOKUP(B45,INSUMOS!$A$2:$D$3882,2,FALSE) -> SERRUCHO DE 20" DIENTE ENDURECIDO | H45: =VLOOKUP(B45,INSUMOS!$A$2:$D$3882,3,FALSE) -> UN | I45: 2 | K45: =VLOOKUP(B45,INSUMOS!$A$2:$D$3882,4,FALSE) -> 37900 | N45: =ROUND((I45*K45),0) -> 75800
B46: 9280 | G46: =VLOOKUP(B46,INSUMOS!$A$2:$D$3882,2,FALSE) -> BOLSA PARA BASURA TIPO INDUSTRIAL NEGRA DE 60 x 90 Cm CALIBRE 2 (PAQUETE DE 30 UNIDADES) | H46: =VLOOKUP(B46,INSUMOS!$A$2:$D$3882,3,FALSE) -> UN | I46: 2 | K46: =VLOOKUP(B46,INSUMOS!$A$2:$D$3882,4,FALSE) -> 10042 | N46: =ROUND((I46*K46),0) -> 20084
H47: SUBTOTAL DEL PROGRAMA C 3 | N47: =SUM(N40:O46) -> 905762
C49: C 4 | D49: CONTROL DE EMISIONES ATMOSFERICAS
B50: 7554 | C50: 4.1 | D50: DEMARCACIÓN DEL ÁREA DE TRABAJO | G50: =VLOOKUP(B50,INSUMOS!$A$2:$D$3882,2,FALSE) -> SEÑALIZACION TUBULAR COLOMBINA PLASTICA | H50: =VLOOKUP(B50,INSUMOS!$A$2:$D$3882,3,FALSE) -> UN | I50: 9 | K50: =VLOOKUP(B50,INSUMOS!$A$2:$D$3882,4,FALSE) -> 43962 | N50: =ROUND((I50*K50),0) -> 395658
B51: 5366 | C51: 4.2 | G51: =VLOOKUP(B51,ÍTEMS!$A$2:$D$4435,2,FALSE) -> POLISOMBRA VERDE PARA CERRAMIENTO. SUMINISTRO E INSTALACION. | H51: =VLOOKUP(B51,ÍTEMS!$A$2:$D$4435,3,FALSE) -> M2 | I51: 150 | K51: =VLOOKUP(B51,ÍTEMS!$A$2:$D$4435,4,FALSE) -> 2617 | N51: =ROUND((I51*K51),0) -> 392550
H52: SUBTOTAL DEL PROGRAMA C 4 | N52: =SUM(N50:O51) -> 788208
C54: C 5 | D54: MANEJO INTEGRAL DE CUERPOS DE AGUA
B55: 5168 | C55: 5.1 | D55: PROTECCIÓN DE SUMIDEROS | G55: =VLOOKUP(B55,ÍTEMS!$A$2:$D$4435,2,FALSE) -> PROTECCION A SUMIDEROS (INCLUYE SUMINISTRO Y COLOCACIÓN DE BOLSAS DE LONA Y GEOTEXTIL NT 1600 O SIMILAR). | H55: =VLOOKUP(B55,ÍTEMS!$A$2:$D$4435,3,FALSE) -> UN/MES | I55: 6 | K55: =VLOOKUP(B55,ÍTEMS!$A$2:$D$4435,4,FALSE) -> 9747 | N55: =ROUND((I55*K55),0) -> 58482
B56: 5169 | C56: 5.2 | G56: =VLOOKUP(B56,ÍTEMS!$A$2:$D$4435,2,FALSE) -> PLAFONADO DE POZOS (INCLUYE SUMINISTRO Y COLOCACIÓN DE PUNTILLA, TABLA BURRA DE 2.90 X0.28X0.025M, CINTA DE SEÑALIZACION CAL 4 ROLLO 500MX0.10M Y SEÑALIZACIÓN TUBULAR COLOMBINA PLÁSTICA). | H56: =VLOOKUP(B56,ÍTEMS!$A$2:$D$4435,3,FALSE) -> UN | I56: 3 | K56: =VLOOKUP(B56,ÍTEMS!$A$2:$D$4435,4,FALSE) -> 153169 | N56: =ROUND((I56*K56),0) -> 459507
B57: 5366 | C57: 5.3 | G57: =VLOOKUP(B57,ÍTEMS!$A$2:$D$4435,2,FALSE) -> POLISOMBRA VERDE PARA CERRAMIENTO. SUMINISTRO E INSTALACION. | H57: =VLOOKUP(B57,ÍTEMS!$A$2:$D$4435,3,FALSE) -> M2 | I57: 125 | K57: =VLOOKUP(B57,ÍTEMS!$A$2:$D$4435,4,FALSE) -> 2617 | N57: =ROUND((I57*K57),0) -> 327125
H58: SUBTOTAL DEL PROGRAMA C 5 | N58: =SUM(N55:O57) -> 845114
H59: SUBTOTAL COMPONENTE C | N59: =N31+N37+N47+N52+N58 -> 3456227
C61: COMPONENTE D. GESTIÓN EN SEGURIDAD Y SALUD EN EL TRABAJO
C62: ÍTEMS | H62: UN. | I62: CANTIDAD | K62: VALOR UNITARIO | N62: VALOR TOTAL
C63: D 1 | D63: SEGURIDAD Y SALUD EN EL TRABAJO
B64: 7569 | C64: 1.01 | D64: =VLOOKUP(B64,INSUMOS!$A$2:$D$3882,2,FALSE) -> BOTIQUIN PRIMEROS AUXILIOS CON MEDICAMENTOS DE 22CM X 27CM | H64: =VLOOKUP(B64,INSUMOS!$A$2:$D$3882,3,FALSE) -> UN | I64: 2 | K64: =VLOOKUP(B64,INSUMOS!$A$2:$D$3882,4,FALSE) -> 51308 | N64: =ROUND((I64*K64),0) -> 102616
B65: 7818 | C65: =C64+0.01 -> 1.02 | D65: =VLOOKUP(B65,INSUMOS!$A$2:$D$3882,2,FALSE) -> CAMILLA MADERA PRIMEROS AUXILIOS INMOVILIZADOR CABEZA | H65: =VLOOKUP(B65,INSUMOS!$A$2:$D$3882,3,FALSE) -> UN | I65: 2 | K65: =VLOOKUP(B65,INSUMOS!$A$2:$D$3882,4,FALSE) -> 205195 | N65: =ROUND((I65*K65),0) -> 410390
B66: 7819 | C66: =C65+0.01 -> 1.03 | D66: =VLOOKUP(B66,INSUMOS!$A$2:$D$3882,2,FALSE) -> EXTINTOR POLVO QUIMICO SECO DE 20LB TIPO ABC METALICO CON GANCHO Y AVISO | H66: =VLOOKUP(B66,INSUMOS!$A$2:$D$3882,3,FALSE) -> UN | I66: 2 | K66: =VLOOKUP(B66,INSUMOS!$A$2:$D$3882,4,FALSE) -> 56287 | N66: =ROUND((I66*K66),0) -> 112574
B67: 7822 | C67: =C66+0.01 -> 1.04 | D67: =VLOOKUP(B67,INSUMOS!$A$2:$D$3882,2,FALSE) -> BOTA CUERO LISA NEGRA SEGURIDAD PUNTERA DE ACERO | H67: =VLOOKUP(B67,INSUMOS!$A$2:$D$3882,3,FALSE) -> PAR | I67: 14 | K67: =VLOOKUP(B67,INSUMOS!$A$2:$D$3882,4,FALSE) -> 45101 | N67: =ROUND((I67*K67),0) -> 631414
B68: 7823 | C68: =C67+0.01 -> 1.05 | D68: =VLOOKUP(B68,INSUMOS!$A$2:$D$3882,2,FALSE) -> BOTA DE CAUCHO, CINTA AMARILLA, PUNTERA Y PLANTILLA EN ACERO | H68: =VLOOKUP(B68,INSUMOS!$A$2:$D$3882,3,FALSE) -> PAR | I68: 20 | K68: =VLOOKUP(B68,INSUMOS!$A$2:$D$3882,4,FALSE) -> 105910 | N68: =ROUND((I68*K68),0) -> 2118200
B69: 7827 | C69: =C68+0.01 -> 1.06 | D69: =VLOOKUP(B69,INSUMOS!$A$2:$D$3882,2,FALSE) -> PROTECTOR AUDITIVO TIPO TAPON INSERCION EN SILICONA CON CORDEL EN ESTUCHE | H69: =VLOOKUP(B69,INSUMOS!$A$2:$D$3882,3,FALSE) -> PAR | I69: 20 | K69: =VLOOKUP(B69,INSUMOS!$A$2:$D$3882,4,FALSE) -> 2023 | N69: =ROUND((I69*K69),0) -> 40460
B70: 7583 | C70: =C69+0.01 -> 1.07 | D70: =VLOOKUP(B70,INSUMOS!$A$2:$D$3882,2,FALSE) -> PROTECTOR AUDITIVO TIPO COPA | H70: =VLOOKUP(B70,INSUMOS!$A$2:$D$3882,3,FALSE) -> UN | I70: 6 | K70: =VLOOKUP(B70,INSUMOS!$A$2:$D$3882,4,FALSE) -> 18921 | N70: =ROUND((I70*K70),0) -> 113526
B71: 7825 | C71: =C70+0.01 -> 1.08 | D71: =VLOOKUP(B71,INSUMOS!$A$2:$D$3882,2,FALSE) -> MASCARILLA DESECHABLE CONTRA POLVOS Y PARTICULAS NO TOXICAS | H71: =VLOOKUP(B71,INSUMOS!$A$2:$D$3882,3,FALSE) -> UN | I71: 25 | K71: =VLOOKUP(B71,INSUMOS!$A$2:$D$3882,4,FALSE) -> 1785 | N71: =ROUND((I71*K71),0) -> 44625
B72: 7851 | C72: =C71+0.01 -> 1.09 | D72: =VLOOKUP(B72,INSUMOS!$A$2:$D$3882,2,FALSE) -> RESPIRADOR PARA GASES DOBLE SIN CARTUCHO | H72: =VLOOKUP(B72,INSUMOS!$A$2:$D$3882,3,FALSE) -> UN | I72: 6 | K72: =VLOOKUP(B72,INSUMOS!$A$2:$D$3882,4,FALSE) -> 42840 | N72: =ROUND((I72*K72),0) -> 257040
B73: 9289 | C73: =C72+0.01 -> 1.1 | D73: =VLOOKUP(B73,INSUMOS!$A$2:$D$3882,2,FALSE) -> FILTRO CONTRA POLVO PARA RESPIRADORES | H73: =VLOOKUP(B73,INSUMOS!$A$2:$D$3882,3,FALSE) -> UN | I73: 6 | K73: =VLOOKUP(B73,INSUMOS!$A$2:$D$3882,4,FALSE) -> 1904 | N73: =ROUND((I73*K73),0) -> 11424
B74: 7580 | C74: =C73+0.01 -> 1.11 | D74: =VLOOKUP(B74,INSUMOS!$A$2:$D$3882,2,FALSE) -> CASCO DE SEGURIDAD DIELECTRICO | H74: =VLOOKUP(B74,INSUMOS!$A$2:$D$3882,3,FALSE) -> UN | I74: 20 | K74: =VLOOKUP(B74,INSUMOS!$A$2:$D$3882,4,FALSE) -> 20111 | N74: =ROUND((I74*K74),0) -> 402220
B75: 7832 | C75: =C74+0.01 -> 1.12 | D75: =VLOOKUP(B75,INSUMOS!$A$2:$D$3882,2,FALSE) -> BARBUQUEJO EN REATA CON MENTONERA CON TRES APOYOS PARA CASCO | H75: =VLOOKUP(B75,INSUMOS!$A$2:$D$3882,3,FALSE) -> UN | I75: 20 | K75: =VLOOKUP(B75,INSUMOS!$A$2:$D$3882,4,FALSE) -> 4165 | N75: =ROUND((I75*K75),0) -> 83300
B76: 7577 | C76: =C75+0.01 -> 1.13 | D76: =VLOOKUP(B76,INSUMOS!$A$2:$D$3882,2,FALSE) -> GAFAS DE SEGURIDAD | H76: =VLOOKUP(B76,INSUMOS!$A$2:$D$3882,3,FALSE) -> UN | I76: 20 | K76: =VLOOKUP(B76,INSUMOS!$A$2:$D$3882,4,FALSE) -> 4641 | N76: =ROUND((I76*K76),0) -> 92820
... B95: 12039 | C95: =C94+0.01 -> 1.32 | D95: =VLOOKUP(B95,INSUMOS!$A$2:$D$3882,2,FALSE) -> TAPABOCAS DESECHABLE. (Según Apéndice Bioseguridad Covid 19)_ Exento de IVA de forma temporal | H95: =VLOOKUP(B95,INSUMOS!$A$2:$D$3882,3,FALSE) -> UN | I95: 15 | K95: =VLOOKUP(B95,INSUMOS!$A$2:$D$3882,4,FALSE) -> 300 | N95: =ROUND((I95*K95),0) -> 4500
D96: EXÁMENES OCUPACIONALES
B97: 7904 | C97: =C95+0.01 -> 1.33 | D97: =VLOOKUP(B97,INSUMOS!$A$2:$D$3882,2,FALSE) -> EXÁMEN MÉDICO OCUPACIONAL DE INGRESO O RETIRO | H97: =VLOOKUP(B97,INSUMOS!$A$2:$D$3882,3,FALSE) -> UN | I97: 30 | K97: =VLOOKUP(B97,INSUMOS!$A$2:$D$3882,4,FALSE) -> 28000 | N97: =ROUND((I97*K97),0) -> 840000
B98: 7906 | C98: =C97+0.01 -> 1.34 | D98: =VLOOKUP(B98,INSUMOS!$A$2:$D$3882,2,FALSE) -> EXAMEN DE AUDIOMETRÍA DE INGRESO O EGRESO | H98: =VLOOKUP(B98,INSUMOS!$A$2:$D$3882,3,FALSE) -> UN | I98: 30 | K98: =VLOOKUP(B98,INSUMOS!$A$2:$D$3882,4,FALSE) -> 15500 | N98: =ROUND((I98*K98),0) -> 465000
B99: 7908 | C99: =C98+0.01 -> 1.35 | D99: =VLOOKUP(B99,INSUMOS!$A$2:$D$3882,2,FALSE) -> EXAMEN DE OPTOMETRÍA DE INGRESO O EGRESO | H99: =VLOOKUP(B99,INSUMOS!$A$2:$D$3882,3,FALSE) -> UN | I99: 30 | K99: =VLOOKUP(B99,INSUMOS!$A$2:$D$3882,4,FALSE) -> 20000 | N99: =ROUND((I99*K99),0) -> 600000
B100: 7910 | C100: =C99+0.01 -> 1.36 | D100: =VLOOKUP(B100,INSUMOS!$A$2:$D$3882,2,FALSE) -> EXAMEN DE ESPIROMETRÍA DE INGRESO O EGRESO | H100: =VLOOKUP(B100,INSUMOS!$A$2:$D$3882,3,FALSE) -> UN | I100: 30 | K100: =VLOOKUP(B100,INSUMOS!$A$2:$D$3882,4,FALSE) -> 17500 | N100: =ROUND((I100*K100),0) -> 525000
H101: SUBTOTAL COMPONENTE D | N101: =SUM(N64:O100) -> 11463368
C103: Nota: Los costos de elementos de protección y de exámenes médicos ocupacionales para los cargos relacionados con las actividades de estructuras metálicas (Montadores, Soldadores y Pintores) están incluidos en el costo de kilogramo de acero de estructura,
C105: COMPONENTE E. PLAN DE SEÑALIZACIÓN
C106: ÍTEMS | G106: ESPECIFICACIÓN | H106: UN. | I106: CANTIDAD | K106: VALOR UNITARIO | N106: VALOR TOTAL
C107: E 1 | D107: MANEJO SEÑALIZACIÓN FRENTE DE OBRA
B108: 7554 | C108: 1.1 | D108: SEÑALIZACIÓN INTERNA DE EXCAVACIONES, POZOS, VACÍOS | G108: =VLOOKUP(B108,INSUMOS!$A$2:$D$3882,2,FALSE) -> SEÑALIZACION TUBULAR COLOMBINA PLASTICA | H108: =VLOOKUP(B108,INSUMOS!$A$2:$D$3882,3,FALSE) -> UN | I108: 9 | K108: =VLOOKUP(B108,INSUMOS!$A$2:$D$3882,4,FALSE) -> 43962 | N108: =ROUND((I108*K108),0) -> 395658
B109: 7850 | G109: =VLOOKUP(B109,INSUMOS!$A$2:$D$3882,2,FALSE) -> CINTA PARA SEÑALIZACION DE 500MT X 4" PELIGRO CALIBRE 3.5 | H109: =VLOOKUP(B109,INSUMOS!$A$2:$D$3882,3,FALSE) -> ROLLO | I109: 1 | K109: =VLOOKUP(B109,INSUMOS!$A$2:$D$3882,4,FALSE) -> 24285 | N109: =ROUND((I109*K109),0) -> 24285
B110: 9985 | C110: 1.2 | D110: SEÑALES DE CAMPAMENTO Y FRENTES DE OBRA | G110: =VLOOKUP(B110,INSUMOS!$A$2:$D$3882,2,FALSE) -> SEÑAL EN POLIESTIRENO (30cm x 20cm) FOTOLUMINISCENTE - NORMA NTC - ISO | H110: =VLOOKUP(B110,INSUMOS!$A$2:$D$3882,3,FALSE) -> UN | I110: 6 | K110: =VLOOKUP(B110,INSUMOS!$A$2:$D$3882,4,FALSE) -> 68425 | N110: =ROUND((I110*K110),0) -> 410550
B111: 9986 | G111: =VLOOKUP(B111,INSUMOS!$A$2:$D$3882,2,FALSE) -> SEÑAL EN POLIESTRIENO (30cm x 45cm) REFLECTIVO GRADO INGENIERÍA - NORMA ISO | H111: =VLOOKUP(B111,INSUMOS!$A$2:$D$3882,3,FALSE) -> UN | I111: 6 | K111: =VLOOKUP(B111,INSUMOS!$A$2:$D$3882,4,FALSE) -> 78838 | N111: =ROUND((I111*K111),0) -> 473028
H112: SUBTOTAL COMPONENTE E | N112: =SUM(N108:O111) -> 1303521
C115: SUBTOTAL COMPONENTES A+B+C+D+E | N115: =O18+N25+N59+N101+N112 -> 28370992
C116: A.I.U. | M116: ='AIU PGA Y SST'!L38 -> 0.20732212 | N116: =ROUND((N115*M116),0) -> 5881934
C117: VALOR GLOBAL AMBIENTAL CON AIU : TOTAL COMPONENTES A+B+C+D+E | N117: =ROUND(N115+N116,0) -> 34252926
C119: NOTA: EN LOS ITEMS MARCADOS CON ** EL VALOR TOTAL SE OBTIENE DE MULTIPLICAR LA CANTIDAD POR EL NUMERO DE MESES DE EJECUCION DE OBRA Y POR EL VALOR UNITARIO.
O121: =N117/'D. ENTRADA obra'!D16 -> 0.092783257 | P121: =O121*100 -> 9.2783257

Sheet AIU PGA Y SST
B2: ALCALDÍA MAYOR DE BOGOTÁ
B3: ALCALDÍA LOCAL DE KENNEDY
B4: ÁREA DE GESTIÓN DE DESARROLLO LOCAL KENNEDY
B5: OFICINA DE INFRAESTRUCTURA DEL FDLK | J5: ALCALDÍA LOCAL DE KENNEDY
B6: OBJETO DE LA LICITACIÓN: | D6: ='D. ENTRADA obra'!C7 -> "EJECUTAR A MONTO AGOTABLE POR EL SISTEMA DE PRECIOS UNITARIOS LAS OBRAS Y ACTIVIDADES PARA EL DIAGNOSTICO Y LA CONSERVACIÓN DE PUENTES VEHICULARES Y/O PEATONALES SOBRE CUERPOS DE AGUA DE LA LOCALIDAD DE KENNEDY”
B8: MATRIZ PARA CÁLCULO DE AIU PLAN DE GESTIÓN AMBIENTAL, SEGURIDAD Y SALUD EN EL TRABAJO
B9: SUBTOTAL COMPONENTES A+B+C+D+E | E9: ='PGA Y SST'!N115 -> 28370992 | I9: FECHA: | J9: =TODAY() -> 44865
B10: TERMINO ESTIMADO DE EJECUCIÓN DE OBRA | E10: ='PGA Y SST'!N11 -> 3 | F10: MESES | I10: CONTRATO No.
B12: 3. IMPUESTOS Y GARANTÍAS
B13: 3.1 | C13: IMPUESTOS
B14: ÍTEM | C14: DESCRIPCIÓN | J14: IMPUESTO | L14: VALOR ($)
B15: =B13+0.001 -> 3.101 | C15: Contribución Especial (Impuesto de Guerra Ley 1738 Dic 18-2014 Prórroga 4 años) | J15: 0.05 | L15: =ROUND($E$9*J15,0) -> 1418550
B16: =B15+0.001 -> 3.102 | C16: ICA (Ley 14 6 Jul 1983, Res 219 25 Feb 2004) | J16: =6.9/1000 -> 0.0069 | L16: =ROUND($E$9*J16,0) -> 195760
B17: =B16+0.001 -> 3.103 | C17: GMF (Ley 1739 23 Dic 2014 modifica el Estatuto Tributario) | J17: =(4/1000) -> 0.004 | L17: =ROUND($E$9*J17,0) -> 113484
B18: =B17+0.001 -> 3.104 | C18: Retefuente | J18: 0.02 | L18: =ROUND($E$9*J18,0) -> 567420
B19: =B18+0.001 -> 3.105 | C19: Estampilla Unipedagógica (Dec 584 de 19 Dic 2014) | J19: 0.005 | L19: =ROUND($E$9*J19,0) -> 141855
C20: SUBTOTAL IMPUESTOS | L20: =SUM(L15:L19) -> 2437069
B22: =B13+0.1 -> 3.2 | C22: GARANTIAS
B23: ÍTEM | C23: DESCRIPCIÓN | E23: VR. BASE | G23: % ASEGURADO | I23: VIGENCIA AMPARO (MESES) | J23: TASA ASEGURADORA | L23: VALOR ($)
B24: =B22+0.001 -> 3.201 | C24: Cumplimiento | D24: GARANTÍA ÚNICA | E24: =E9 -> 28370992 | G24: 0.3 | I24: 12 | J24: 0.004 | L24: =(((((E24*G24)*J24)/12)*I24)+2500)*1.19 -> 43488.777
B25: =B24+0.001 -> 3.202 | C25: Salarios y Prestaciones Sociales | E25: =E9 -> 28370992 | G25: 0.1 | I25: 42 | J25: 0.003 | L25: =(((((E25*G25)*J25)/12)*I25)+2500)*1.19 -> 38424.555
B26: =B25+0.001 -> 3.203 | C26: Estabilidad de la Obra | E26: =E9 -> 28370992 | G26: 0.3 | I26: 60 | J26: 0.004 | L26: =(((((E26*G26)*J26)/12)*I26)+2500)*1.19 -> 205543.88
B27: =B26+0.001 -> 3.204 | C27: Predios, labores y Operaciones- Vigencia (Decreto 1082 de 2015 Sección III) | D27: RESPONSABILIDAD CIVIL EXTRACONTRACTUAL | E27: =200*TABLAS!J37 -> 200000000 | G27: 200 SMMLV | I27: 4 | J27: 0.004 | L27: =((((E27*J27)/12)*I27)+2500)*1.19 -> 320308.33
C29: SUBTOTAL GARANTÍAS | L29: =ROUND((SUM(L24:L27)),0) -> 607766
C31: TOTAL IMPUESTOS Y GARANTÍAS | L31: =L20+L29 -> 3044835
C32: TOTAL IMPUESTOS Y GARANTÍAS EN PORCENTAJE DEL COSTO DIRECTO | L32: =L31/E9 -> 0.10732212
C34: A. ADMINISTRACIÓN (1 + 2 + 3) | L34: =L32 -> 0.10732212
C35: I. IMPREVISTOS | L35: ='AIU OBRA'!L66 -> 0.01
C36: U. UTILIDAD | L36: ='AIU OBRA'!L67 -> 0.09
C38: A.I.U. (ADMINISTRACIÓN, IMPREVISTOS Y UTILIDAD) | L38: =SUM(L34:L36) -> 0.20732212
C41: NOTA: | D41: LA EDICIÓN DE LAS FÓRMULAS COMPROMETE LA RESPONSABILIDAD DEL USUARIO DE LA MATRIZ.

Sheet PGS
C3: FORMATO | E3: CÓDIGO | F3: PROCESO | I3: VERSIÓN
F4: Proyectos
C5: ALCALDÍA MAYOR DE BOGOTÁ
C6: ALCALDÍA LOCAL DE KENNEDY
C7: ÁREA DE GESTIÓN DE DESARROLLO LOCAL KENNEDY
C8: OFICINA DE INFRAESTRUCTURA DEL FDLK | K8: ALCALDÍA LOCAL DE KENNEDY
C9: ='[9]D. ENTRADA'!B7 -> OBJETO DE LA LICITACIÓN: | E9: ='D. ENTRADA obra'!C7 -> "EJECUTAR A MONTO AGOTABLE POR EL SISTEMA DE PRECIOS UNITARIOS LAS OBRAS Y ACTIVIDADES PARA EL DIAGNOSTICO Y LA CONSERVACIÓN DE PUENTES VEHICULARES Y/O PEATONALES SOBRE CUERPOS DE AGUA DE LA LOCALIDAD DE KENNEDY”
H10: EJECUCIÓN DE OBRA | K10: ='AIU PGA Y SST'!E10 -> 3 | L10: MESES
C11: CONTROL DE INVERSIÓN GESTIÓN SOCIAL PARA OBRAS
C12: COMPONENTE | E12: Unidad | F12: Valor Unitario | G12: Factor Prestacional | H12: Cantidad | I12: Dedicación H/Mes | J12: Plazo (Meses) | K12: Dedicación Total (Meses) | L12: Subtotal
C13: Componente A. Personal Profesional de Gestión Social
B14: 9112 | C14: A.1 | D14: Residente Social (Categoria 6) | E14: MES | F14: =VLOOKUP(B14,TABLAS!$A$2:$E$34,4,FALSE) -> 5604000 | G14: =VLOOKUP(B14,TABLAS!$A$2:$E$34,5,FALSE) -> 1.5829 | H14: 1 | I14: 0.2 | J14: 3 | K14: =H14*I14*J14 -> 0.6 | L14: =ROUND((F14*G14*K14),0) -> 5322343
C15: GUÍA CÍVICO
B16: 9455 | C16: A.3 | D16: =VLOOKUP(B16,TABLAS!$A$2:$E$34,2,FALSE) -> TARIFA MES - PERSONAL DE OBRA - AYUDANTE (NO INCLUYE FACTOR DE PRESTACIONES) | E16: =VLOOKUP(B16,TABLAS!$A$2:$E$34,3,FALSE) -> MES | F16: =VLOOKUP(B16,TABLAS!$A$2:$E$34,4,FALSE) -> 1000000 | G16: =VLOOKUP(B16,TABLAS!$A$2:$E$34,5,FALSE) -> 1.6504 | H16: 1 | I16: 0.05 | J16: =$K$10 -> 3 | K16: =H16*I16*J16 -> 0.15 | L16: =ROUND((F16*G16*K16),0) -> 247560
C17: ACTAS DE VECINDAD
B18: 9112 | C18: A.4 | D18: Profesional Ingeniero o Arquitecto (Categoria 6) | E18: MES | F18: =VLOOKUP(B18,TABLAS!$A$2:$E$34,4,FALSE) -> 5604000 | G18: =VLOOKUP(B18,TABLAS!$A$2:$E$34,5,FALSE) -> 1.5829 | H18: 1 | I18: 0.05 | J18: =$K$10 -> 3 | K18: =H18*I18*J18 -> 0.15 | L18: =ROUND((F18*G18*K18),0) -> 1330586
K19: Subtotal Componente Personal Profesional | L19: =SUM(L14:L18) -> 6900489
C21: Componente B. Plan de Gestión Social
C22: COMPONENTE | E22: Unidad | F22: Valor Unitario | J22: Cantidad Obra | L22: Subtotal
C23: B.1 | D23: Programa de Información
B24: 7870 | C24: B.1.1 | D24: =VLOOKUP(B24,INSUMOS!$A$2:$D$3047,2,FALSE) -> VÍDEO BEAM - ALQUILER POR DIA | E24: =VLOOKUP(B24,INSUMOS!$A$2:$D$3047,3,FALSE) -> DIA | F24: =VLOOKUP(B24,INSUMOS!$A$2:$D$3047,4,FALSE) -> 107100 | J24: 4 | L24: =ROUND((F24*J24),0) -> 428400
K25: Subtotal Programa de Información | L25: =SUM(L24:L24) -> 428400
C26: B.2 | D26: Programa de Divulgación al Ciudadano
B27: 7897 | C27: B.2.1 | D27: =VLOOKUP(B27,INSUMOS!$A$2:$D$3047,2,FALSE) -> AFICHE TAMAÑO MEDIO PLIEGO A 4X0 TINTAS EN PROPALCOTE DE 115 GR. | E27: =VLOOKUP(B27,INSUMOS!$A$2:$D$3047,3,FALSE) -> UN | F27: =VLOOKUP(B27,INSUMOS!$A$2:$D$3047,4,FALSE) -> 1309 | J27: 150 | L27: =ROUND((F27*J27),0) -> 196350
B28: 7898 | C28: B.2.2 | D28: =VLOOKUP(B28,INSUMOS!$A$2:$D$3047,2,FALSE) -> PLEGABLES DE SOSTENIBILIDAD EN TRES CUERPOS TAMAÑO CARTA A 4X4 TINTAS EN PROPALCOTE. | E28: =VLOOKUP(B28,INSUMOS!$A$2:$D$3047,3,FALSE) -> UN | F28: =VLOOKUP(B28,INSUMOS!$A$2:$D$3047,4,FALSE) -> 500 | J28: 150 | L28: =ROUND((F28*J28),0) -> 75000
B29: 7896 | C29: B.2.3 | D29: =VLOOKUP(B29,INSUMOS!$A$2:$D$3047,2,FALSE) -> IMPRESIÓN HOJA CARTA, A 1X0 TINTAS EN PAPEL BOND DE 75 GR. | E29: =VLOOKUP(B29,INSUMOS!$A$2:$D$3047,3,FALSE) -> UN | F29: =VLOOKUP(B29,INSUMOS!$A$2:$D$3047,4,FALSE) -> 95 | J29: 100 | L29: =ROUND((F29*J29),0) -> 9500
K30: Subtotal Programa de Divulgación al Ciudadano | L30: =SUM(L27:L29) -> 280850
C32: B.3 | D32: Programa de Atención al Ciudadano
C33: COMPONENTE | E33: Unidad | F33: Valor Unitario | G33: Cantidad | I33: Dedicación Mes | J33: Plazo (Meses) | K33: Dedicación Total (Meses) | L33: Subtotal
C34: B.3.1 | D34: Adecuación del Punto - Atención al Ciudadano
B35: 9578 | C35: B.3.1.1 | D35: =VLOOKUP(B35,INSUMOS!$A$2:$D$3047,2,FALSE) -> GASTOS OFICINA (PAPELERIA, FOTOCOPIAS Y OTROS) | E35: =VLOOKUP(B35,INSUMOS!$A$2:$D$3047,3,FALSE) -> GLB/MS | F35: =VLOOKUP(B35,INSUMOS!$A$2:$D$3047,4,FALSE) -> 922582 | G35: 1 | I35: 0.1 | J35: =$K$10 -> 3 | K35: =G35*I35*J35 -> 0.3 | L35: =ROUND((F35*K35*J35),0) -> 830324
B36: 6170 | C36: B.3.1.2 | D36: =VLOOKUP(B36,ÍTEMS!$A$2:$D$3453,2,FALSE) -> ALQUILER DE SILLA PARA ESCRITORIO PARA PUESTO DE TRABAJO | E36: =VLOOKUP(B36,ÍTEMS!$A$2:$D$3453,3,FALSE) -> UN/MES | F36: =VLOOKUP(B36,ÍTEMS!$A$2:$D$3453,4,FALSE) -> 8795 | G36: 4 | I36: 0.25 | J36: =$K$10 -> 3 | K36: =G36*I36*J36 -> 3 | L36: =ROUND((F36*J36*K36),0) -> 79155
B37: 6169 | C37: B.3.1.3 | D37: =VLOOKUP(B37,ÍTEMS!$A$2:$D$3453,2,FALSE) -> ALQUILER DE PUESTO DE TRABAJO - ESCRITORIO 75X120X50CM | E37: =VLOOKUP(B37,ÍTEMS!$A$2:$D$3453,3,FALSE) -> UN/MES | F37: =VLOOKUP(B37,ÍTEMS!$A$2:$D$3453,4,FALSE) -> 9730 | G37: 2 | I37: 0.25 | J37: =$K$10 -> 3 | K37: =G37*I37*J37 -> 1.5 | L37: =ROUND((F37*J37*K37),0) -> 43785
B38: 6172 | C38: B.3.1.4 | D38: =VLOOKUP(B38,ÍTEMS!$A$2:$D$3453,2,FALSE) -> ALQUILER DE SILLA PLÁSTICA SIN BRAZOS | E38: =VLOOKUP(B38,ÍTEMS!$A$2:$D$3453,3,FALSE) -> UN/MES | F38: =VLOOKUP(B38,ÍTEMS!$A$2:$D$3453,4,FALSE) -> 1953 | G38: 5 | I38: 0.1 | J38: =$K$10 -> 3 | K38: =G38*I38*J38 -> 1.5 | L38: =ROUND((F38*J38*K38),0) -> 8789
B39: 9048 | C39: B.3.1.5 | D39: =VLOOKUP(B39,INSUMOS!$A$2:$D$3047,2,FALSE) -> CARTELERA CON MARCO EN ALUMINIO ANODIZADO, PAÑO COLOR GRIS CON CENEFA SUPERIOR, PUERTAS CORREDIZAS. Incl. transporte | E39: =VLOOKUP(B39,INSUMOS!$A$2:$D$3047,3,FALSE) -> UN | F39: =VLOOKUP(B39,INSUMOS!$A$2:$D$3047,4,FALSE) -> 478574 | G39: 1 | I39: 1 | J39: 1 | K39: =G39*I39*J39 -> 1 | L39: =ROUND((F39*K39*G39),0) -> 478574
B40: 7992 | C40: B.3.1.6 | D40: =VLOOKUP(B40,INSUMOS!$A$2:$D$3047,2,FALSE) -> AVISO PUNTO CREA 1.50m x 0.90m EN LÁMINA GALVANIZADA CAL. 24. INCLUYE SUMINISTRO E INSTALACIÓN | E40: =VLOOKUP(B40,INSUMOS!$A$2:$D$3047,3,FALSE) -> UN | F40: =VLOOKUP(B40,INSUMOS!$A$2:$D$3047,4,FALSE) -> 500000 | G40: 1 | I40: 1 | J40: 1 | K40: =G40*I40*J40 -> 1 | L40: =ROUND((F40*K40*G40),0) -> 500000
B41: 6318 | C41: B.3.1.7 | D41: =VLOOKUP(B41,ÍTEMS!$A$2:$D$3453,2,FALSE) -> ALQUILER DE PORTATIL. CARACTERÍSTICAS: PROCESADOR INTEL, CORE I3 4005U, CELERON O SIMILAR, MEMORIA RAM DE 4 GB ( 2 X 2048 MB)DISCO DURO DE 500GB A 7200 RPMPANTALLA LED HP BRIGHTVIEW WIDESCREEN DE ALTA DEFINICIÓN CON 35,6 CM (14") O SIMILAR, HD INTEL GRAPHIC HD4400UNIDAD DE DVD QUEMADORBLUETOOTH | E41: =VLOOKUP(B41,ÍTEMS!$A$2:$D$3453,3,FALSE) -> UN/MES | F41: =VLOOKUP(B41,ÍTEMS!$A$2:$D$3453,4,FALSE) -> 154700 | G41: 0.1 | I41: 1 | J41: =$K$10 -> 3 | K41: =G41*I41*J41 -> 0.3 | L41: =ROUND((F41*K41*J41),0) -> 139230
B42: 9576 | C42: B.3.1.8 | D42: =VLOOKUP(B42,INSUMOS!$A$2:$D$3047,2,FALSE) -> ALQUILER MES - ARRIENDO OFICINA INCL. ADMINISTRACIÓN, SERVICIOS PÚBLICOS, COMUNICACIONES | E42: =VLOOKUP(B42,INSUMOS!$A$2:$D$3047,3,FALSE) -> M2/MES | F42: =VLOOKUP(B42,INSUMOS!$A$2:$D$3047,4,FALSE) -> 32508 | G42: 5 | I42: 0.5 | J42: =$K$10 -> 3 | K42: =G42*I42*J42 -> 7.5 | L42: =ROUND((F42*K42*J42),0) -> 731430
B43: 9835 | C43: B.3.1.9 | D43: =VLOOKUP(B43,INSUMOS!$A$2:$D$3047,2,FALSE) -> SERVICIO TELEFONIA LOCAL ILIMITADA E INTERNET ILIMITADO VELOCIDAD PROMEDIO (80-500 MB) ESTRATO 3 | E43: =VLOOKUP(B43,INSUMOS!$A$2:$D$3047,3,FALSE) -> MES | F43: =VLOOKUP(B43,INSUMOS!$A$2:$D$3047,4,FALSE) -> 115900 | G43: 1 | I43: 0.1 | J43: =$K$10 -> 3 | K43: =G43*I43*J43 -> 0.3 | L43: =ROUND((F43*G43*K43),0) -> 34770
K44: Subtotal Programa de Atención al Ciudadano | L44: =SUM(L35:L43) -> 2846057
D46: SUBTOTAL COSTO DE PERSONAL PARA EL PLAN DE GESTIÓN SOCIAL | L46: =L19 -> 6900489
D47: SUBTOTAL COSTOS DE SUBPROGRAMAS DE PLAN DE GESTIÓN SOCIAL | L47: =L25+L30+L44 -> 3555307
D49: SUBTOTAL COSTO DEL PLAN DE GESTIÓN SOCIAL | L49: =L46+L47 -> 10455796
D51: AIU | K51: ='AIU PGS'!L38 -> 0.22720562 | L51: =L49*K51 -> 2375615.6
D52: TOTAL COSTO DEL PLAN DE GESTIÓN SOCIAL | L52: =ROUND((L49+L51),0) -> 12831412
L53: =L52/'D. ENTRADA obra'!D16 -> 0.034757328 | M53: =L53*100 -> 3.4757328

Sheet AIU PGS
B2: ALCALDÍA MAYOR DE BOGOTÁ
B3: ALCALDÍA LOCAL DE KENNEDY
B4: ÁREA DE GESTIÓN DE DESARROLLO LOCAL KENNEDY
B5: OFICINA DE INFRAESTRUCTURA DEL FDLK | J5: ALCALDÍA LOCAL DE KENNEDY
B6: OBJETO DE LA LICITACIÓN: | D6: ='D. ENTRADA obra'!C7 -> "EJECUTAR A MONTO AGOTABLE POR EL SISTEMA DE PRECIOS UNITARIOS LAS OBRAS Y ACTIVIDADES PARA EL DIAGNOSTICO Y LA CONSERVACIÓN DE PUENTES VEHICULARES Y/O PEATONALES SOBRE CUERPOS DE AGUA DE LA LOCALIDAD DE KENNEDY”
B8: MATRIZ PARA CÁLCULO DE AIU PLAN DE GESTIÓN SOCIAL
B9: SUBTOTAL COMPONENTES A+B+C+D+E | E9: =PGS!L49 -> 10455796 | I9: FECHA: | J9: =TODAY() -> 44865
B10: TERMINO ESTIMADO DE EJECUCIÓN DE OBRA | E10: 3 | F10: MESES | I10: CONTRATO No.
B12: 3. IMPUESTOS Y GARANTÍAS
B13: 3.1 | C13: IMPUESTOS
B14: ÍTEM | C14: DESCRIPCIÓN | J14: IMPUESTO | L14: VALOR ($)
B15: =B13+0.001 -> 3.101 | C15: Contribución Especial (Impuesto de Guerra Ley 1738 Dic 18-2014 Prórroga 4 años) | J15: 0.05 | L15: =ROUND($E$9*J15,0) -> 522790
B16: =B15+0.001 -> 3.102 | C16: ICA (Ley 14 6 Jul 1983, Res 219 25 Feb 2004) | J16: =6.9/1000 -> 0.0069 | L16: =ROUND($E$9*J16,0) -> 72145
B17: =B16+0.001 -> 3.103 | C17: GMF (Ley 1739 23 Dic 2014 modifica el Estatuto Tributario) | J17: =(4/1000) -> 0.004 | L17: =ROUND($E$9*J17,0) -> 41823
B18: =B17+0.001 -> 3.104 | C18: Retefuente | J18: 0.02 | L18: =ROUND($E$9*J18,0) -> 209116
B19: =B18+0.001 -> 3.105 | C19: Estampilla Unipedagógica (Dec 584 de 19 Dic 2014) | J19: 0.005 | L19: =ROUND($E$9*J19,0) -> 52279
C20: SUBTOTAL IMPUESTOS | L20: =SUM(L15:L19) -> 898153
B22: =B13+0.1 -> 3.2 | C22: GARANTIAS
B23: ÍTEM | C23: DESCRIPCIÓN | E23: VR. BASE | G23: % ASEGURADO | I23: VIGENCIA AMPARO (MESES) | J23: TASA ASEGURADORA | L23: VALOR ($)
B24: =B22+0.001 -> 3.201 | C24: Cumplimiento | D24: GARANTÍA ÚNICA | E24: =E9 -> 10455796 | G24: 0.3 | I24: 12 | J24: 0.004 | L24: =(((((E24*G24)*J24)/12)*I24)+2500)*1.19 -> 17905.877
B25: =B24+0.001 -> 3.202 | C25: Salarios y Prestaciones Sociales | E25: =E9 -> 10455796 | G25: 0.1 | I25: 42 | J25: 0.003 | L25: =(((((E25*G25)*J25)/12)*I25)+2500)*1.19 -> 16039.517
B26: =B25+0.001 -> 3.203 | C26: Estabilidad de la Obra | E26: =E9 -> 10455796 | G26: 0.3 | I26: 60 | J26: 0.004 | L26: =(((((E26*G26)*J26)/12)*I26)+2500)*1.19 -> 77629.383
B27: =B26+0.001 -> 3.204 | C27: Predios, labores y Operaciones- Vigencia (Decreto 1082 de 2015 Sección III) | D27: RESPONSABILIDAD CIVIL EXTRACONTRACTUAL | E27: =200*TABLAS!J37 -> 200000000 | G27: 200 SMMLV | I27: 4 | J27: 0.004 | L27: =((((E27*J27)/12)*I27)+2500)*1.19 -> 320308.33
C29: SUBTOTAL GARANTÍAS | L29: =ROUND((SUM(L24:L27)),0) -> 431883
C31: TOTAL IMPUESTOS Y GARANTÍAS | L31: =L20+L29 -> 1330036
C32: TOTAL IMPUESTOS Y GARANTÍAS EN PORCENTAJE DEL COSTO DIRECTO | L32: =L31/E9 -> 0.12720562
C34: A. ADMINISTRACIÓN (1 + 2 + 3) | L34: =L32 -> 0.12720562
C35: I. IMPREVISTOS | L35: ='AIU OBRA'!L66 -> 0.01
C36: U. UTILIDAD | L36: ='AIU OBRA'!L67 -> 0.09
C38: A.I.U. (ADMINISTRACIÓN, IMPREVISTOS Y UTILIDAD) | L38: =SUM(L34:L36) -> 0.22720562
C42: NOTA: | D42: LA EDICIÓN DE LAS FÓRMULAS COMPROMETE LA RESPONSABILIDAD DEL USUARIO DE LA MATRIZ.

Sheet PMT
C2: ALCALDÍA MAYOR DE BOGOTÁ
C3: ALCALDÍA LOCAL DE KENNEDY
C4: ÁREA DE GESTIÓN DE DESARROLLO LOCAL KENNEDY
C5: OFICINA DE INFRAESTRUCTURA | O5: ALCALDÍA LOCAL DE KENNEDY
C6: OBJETO DE LA LICITACIÓN: | E6: ='D. ENTRADA obra'!C7 -> "EJECUTAR A MONTO AGOTABLE POR EL SISTEMA DE PRECIOS UNITARIOS LAS OBRAS Y ACTIVIDADES PARA EL DIAGNOSTICO Y LA CONSERVACIÓN DE PUENTES VEHICULARES Y/O PEATONALES SOBRE CUERPOS DE AGUA DE LA LOCALIDAD DE KENNEDY”
C8: CONTROL DE INVERSIÓN PLAN DE MANEJO DE TRÁNSITO
E10: PLAZO: | G10: 5 | H10: MESES
C12: No. | D12: DESCRIPCIÓN | E12: TIEMPO | G12: CAT | H12: VALOR UNITARIO (MENSUAL) | I12: F.P. | J12: DIAGNÓSTICOS | L12: CONSERVACIÓN | O12: CANT TOTAL | P12: VR TOTAL
E13: Und | F13: Cant | J13: 1 | K13: 2 | L13: 3 | M13: 4 | N13: 5
C14: 1 | D14: PERSONAL
D15: PERSONAL PROFESIONAL
B16: 9110 | C16: 1.1 | D16: ESPECIALISTA EN TRÁNSITO Y TRANSPORTE | E16: MES | F16: 1 | G16: 4 | H16: =VLOOKUP(B16,TABLAS!$A$2:$E$34,4,FALSE) -> 6967000 | I16: =VLOOKUP(B16,TABLAS!$A$2:$E$34,5,FALSE) -> 1.5829 | J16: 0.3 | K16: 0.3 | L16: 0.1 | M16: 0.1 | N16: 0.1 | O16: =(SUM(J16:N16))*F16 -> 0.9 | P16: =ROUND((H16*I16*O16),0) -> 9925258
D17: AFORADOR
B18: 9455 | C18: 1.3 | D18: =VLOOKUP(B18,TABLAS!$A$2:$E$34,2,FALSE) -> TARIFA MES - PERSONAL DE OBRA - AYUDANTE (NO INCLUYE FACTOR DE PRESTACIONES) | E18: MES | F18: 1 | H18: =VLOOKUP(B18,TABLAS!$A$2:$E$34,4,FALSE) -> 1000000 | I18: =VLOOKUP(B18,TABLAS!$A$2:$E$34,5,FALSE) -> 1.6504 | L18: 0.3 | M18: 0.3 | N18: 0.3 | O18: =(SUM(J18:N18))*F18 -> 0.9 | P18: =ROUND((H18*I18*O18),0) -> 1485360
D19: PALETERO
B20: 9455 | C20: 1.4 | D20: =VLOOKUP(B20,TABLAS!$A$2:$E$34,2,FALSE) -> TARIFA MES - PERSONAL DE OBRA - AYUDANTE (NO INCLUYE FACTOR DE PRESTACIONES) | E20: MES | F20: 3 | H20: =VLOOKUP(B20,TABLAS!$A$2:$E$34,4,FALSE) -> 1000000 | I20: =VLOOKUP(B20,TABLAS!$A$2:$E$34,5,FALSE) -> 1.6504 | L20: 0.3 | M20: 0.3 | N20: 0.3 | O20: =(SUM(J20:N20))*F20 -> 2.7 | P20: =ROUND((H20*I20*O20),0) -> 4456080
O21: SUBTOTAL COSTOS PERSONAL | P21: =SUM(P16:P20) -> 15866698
C22: 2 | D22: OTROS
B23: 9578 | C23: 2.1 | D23: =VLOOKUP(B23,INSUMOS!$A$2:$D$3047,2,FALSE) -> GASTOS OFICINA (PAPELERIA, FOTOCOPIAS Y OTROS) | E23: =VLOOKUP(B23,INSUMOS!$A$2:$D$3047,3,FALSE) -> GLB/MS | F23: 1.5 | H23: =VLOOKUP(B23,INSUMOS!$A$2:$D$3047,4,FALSE) -> 922582 | J23: 0.25 | K23: 0.25 | L23: 0.25 | M23: 0.2 | N23: 0.25 | O23: 0.25 | P23: =ROUND((O23*H23),0) -> 230646
B24: 6318 | C24: 2.2 | D24: =VLOOKUP(B24,ÍTEMS!$A$2:$D$3453,2,FALSE) -> ALQUILER DE PORTATIL. CARACTERÍSTICAS: PROCESADOR INTEL, CORE I3 4005U, CELERON O SIMILAR, MEMORIA RAM DE 4 GB ( 2 X 2048 MB)DISCO DURO DE 500GB A 7200 RPMPANTALLA LED HP BRIGHTVIEW WIDESCREEN DE ALTA DEFINICIÓN CON 35,6 CM (14") O SIMILAR, HD INTEL GRAPHIC HD4400UNIDAD DE DVD QUEMADORBLUETOOTH | E24: =VLOOKUP(B24,ÍTEMS!$A$2:$D$3453,3,FALSE) -> UN/MES | F24: 1.5 | H24: 132433 | J24: 0.25 | K24: 0.25 | L24: 0.25 | M24: 0.25 | N24: 0.25 | O24: =(SUM(J24:N24))*F24 -> 1.875 | P24: =ROUND((O24*H24),0) -> 248312
D25: SEÑALIZACION TEMPORAL
B26: 4928 | C26: 2.3 | D26: =VLOOKUP(B26,ÍTEMS!$A$2:$D$3453,2,FALSE) -> CANALIZACIÓN DE TRÁFICO (INSTALACIÓN, MANTENIMIENTO Y DESINSTALACIÓN MENSUAL) CON SEÑALIZADORES TUBULARES COLOMBINA PLÁSTICA Y TRIPLE CINTA DE SEÑALIZACIÓN (INCLUYE ALQUILER DE SEÑALIZADORES TUBULARES). LONGITUD 3 METROS. | E26: =VLOOKUP(B26,ÍTEMS!$A$2:$D$3453,3,FALSE) -> UN/MES | F26: 6 | H26: =VLOOKUP(B26,ÍTEMS!$A$2:$D$3453,4,FALSE) -> 8352 | L26: 1 | M26: 1 | N26: 1 | O26: =(SUM(J26:N26))*F26 -> 18 | P26: =ROUND((O26*H26),0) -> 150336
B27: 6178 | C27: 2.4 | D27: =VLOOKUP(B27,ÍTEMS!$A$2:$D$3453,2,FALSE) -> ALQUILER SEÑAL VERTICAL GRUPO I (75X75CM) (INCLUYE SUMINISTRO E INSTALACIÓN) | E27: =VLOOKUP(B27,ÍTEMS!$A$2:$D$3453,3,FALSE) -> UN/MES | F27: 12 | H27: =VLOOKUP(B27,ÍTEMS!$A$2:$D$3453,4,FALSE) -> 14407 | L27: 1 | M27: 1 | N27: 1 | O27: =(SUM(J27:N27))*F27 -> 36 | P27: =ROUND((O27*H27),0) -> 518652
B28: 6186 | C28: 2.5 | D28: =VLOOKUP(B28,ÍTEMS!$A$2:$D$3453,2,FALSE) -> ALQUILER BARRERA RELLENABLE (2.00X0.55X1.00M) | E28: =VLOOKUP(B28,ÍTEMS!$A$2:$D$3453,3,FALSE) -> UN/MES | F28: 4 | H28: =VLOOKUP(B28,ÍTEMS!$A$2:$D$3453,4,FALSE) -> 15620 | L28: 1 | M28: 1 | N28: 1 | O28: =(SUM(J28:N28))*F28 -> 12 | P28: =ROUND(O28*H28,0) -> 187440
B29: 6187 | C29: 2.6 | D29: =VLOOKUP(B29,ÍTEMS!$A$2:$D$3453,2,FALSE) -> ALQUILER DE SEÑAL LUMINOSA BIDIRECCIONAL 1.50M X 0.50M (INCLUYE INSTALACIÓN, MANTENIMIENTO Y DESINSTALACIÓN). | E29: =VLOOKUP(B29,ÍTEMS!$A$2:$D$3453,3,FALSE) -> UN/MES | F29: 2 | H29: =VLOOKUP(B29,ÍTEMS!$A$2:$D$3453,4,FALSE) -> 169650 | L29: 0.25 | M29: 0.25 | N29: 0.25 | O29: =(SUM(J29:N29))*F29 -> 1.5 | P29: =ROUND(O29*H29,0) -> 254475
B30: 9211 | C30: 2.7 | D30: =VLOOKUP(B30,INSUMOS!$A$2:$D$3453,2,FALSE) -> PASACALLE IMPRESO EN LONA BANNER (7.00m x 1.00m) INCLUYE PALOS A LOS EXTREMOS | E30: =VLOOKUP(B30,INSUMOS!$A$2:$D$3453,3,FALSE) -> UN | F30: 6 | H30: =VLOOKUP(B30,INSUMOS!$A$2:$D$3453,4,FALSE) -> 285705 | L30: 1 | M30: 1 | N30: 1 | O30: =(SUM(J30:N30))*F30 -> 18 | P30: =ROUND(O30*H30,0) -> 5142690
B31: 6181 | C31: 2.9 | D31: =VLOOKUP(B31,ÍTEMS!$A$2:$D$3453,2,FALSE) -> ALQUILER DE PALETA PARE-SIGA EN POLIETILENO. | E31: =VLOOKUP(B31,ÍTEMS!$A$2:$D$3453,3,FALSE) -> UN/MES | F31: 12 | H31: =VLOOKUP(B31,ÍTEMS!$A$2:$D$3453,4,FALSE) -> 2470 | L31: 1 | M31: 1 | N31: 1 | O31: =(SUM(J31:N31))*F31 -> 36 | P31: =ROUND(O31*H31,0) -> 88920
O32: SUBTOTAL OTROS COSTOS DIRECTOS | P32: =SUM(P23:P31) -> 6821471
H34: SUB TOTAL | P34: =P21+P32 -> 22688169
H35: A.I.U | O35: ='AIU PMT'!L38 -> 0.21022868 | P35: =ROUND((P34*O35),0) -> 4769704
H36: VALOR TOTAL | P36: =ROUND(P34+P35,0) -> 27457873
P37: =P36/'D. ENTRADA obra'!D16 -> 0.074377029 | Q37: =P37*100 -> 7.4377029

Sheet AIU PMT
B2: ALCALDÍA MAYOR DE BOGOTÁ
B3: ALCALDÍA LOCAL DE KENNEDY
B4: ÁREA DE GESTIÓN DE DESARROLLO LOCAL KENNEDY
B5: OFICINA DE INFRAESTRUCTURA DEL FDLK | J5: ALCALDÍA LOCAL DE KENNEDY
B6: OBJETO DE LA LICITACIÓN: | D6: ='D. ENTRADA obra'!C7 -> "EJECUTAR A MONTO AGOTABLE POR EL SISTEMA DE PRECIOS UNITARIOS LAS OBRAS Y ACTIVIDADES PARA EL DIAGNOSTICO Y LA CONSERVACIÓN DE PUENTES VEHICULARES Y/O PEATONALES SOBRE CUERPOS DE AGUA DE LA LOCALIDAD DE KENNEDY”
B8: MATRIZ PARA CÁLCULO DE AIU PLAN DE MANEJO DE TRÁNSITO
B9: SUBTOTAL COMPONENTES A+B+C+D+E | E9: =PMT!P34 -> 22688169 | I9: FECHA: | J9: =TODAY() -> 44865
B10: TERMINO ESTIMADO DE EJECUCIÓN DE OBRA | E10: 3 | F10: MESES | I10: CONTRATO No.
B12: 3. IMPUESTOS Y GARANTÍAS
B13: 3.1 | C13: IMPUESTOS
B14: ÍTEM | C14: DESCRIPCIÓN | J14: IMPUESTO | L14: VALOR ($)
B15: =B13+0.001 -> 3.101 | C15: Contribución Especial (Impuesto de Guerra Ley 1738 Dic 18-2014 Prórroga 4 años) | J15: 0.05 | L15: =ROUND($E$9*J15,0) -> 1134408
B16: =B15+0.001 -> 3.102 | C16: ICA (Ley 14 6 Jul 1983, Res 219 25 Feb 2004) | J16: =6.9/1000 -> 0.0069 | L16: =ROUND($E$9*J16,0) -> 156548
B17: =B16+0.001 -> 3.103 | C17: GMF (Ley 1739 23 Dic 2014 modifica el Estatuto Tributario) | J17: =(4/1000) -> 0.004 | L17: =ROUND($E$9*J17,0) -> 90753
B18: =B17+0.001 -> 3.104 | C18: Retefuente | J18: 0.02 | L18: =ROUND($E$9*J18,0) -> 453763
B19: =B18+0.001 -> 3.105 | C19: Estampilla Unipedagógica (Dec 584 de 19 Dic 2014) | J19: 0.005 | L19: =ROUND($E$9*J19,0) -> 113441
C20: SUBTOTAL IMPUESTOS | L20: =SUM(L15:L19) -> 1948913
B22: =B13+0.1 -> 3.2 | C22: GARANTIAS
B23: ÍTEM | C23: DESCRIPCIÓN | E23: VR. BASE | G23: % ASEGURADO | I23: VIGENCIA AMPARO (MESES) | J23: TASA ASEGURADORA | L23: VALOR ($)
B24: =B22+0.001 -> 3.201 | C24: Cumplimiento | D24: GARANTÍA ÚNICA | E24: =E9 -> 22688169 | G24: 0.3 | I24: 12 | J24: 0.004 | L24: =(((((E24*G24)*J24)/12)*I24)+2500)*1.19 -> 35373.705
B25: =B24+0.001 -> 3.202 | C25: Salarios y Prestaciones Sociales | E25: =E9 -> 22688169 | G25: 0.1 | I25: 42 | J25: 0.003 | L25: =(((((E25*G25)*J25)/12)*I25)+2500)*1.19 -> 31323.867
B26: =B25+0.001 -> 3.203 | C26: Estabilidad de la Obra | E26: =E9 -> 22688169 | G26: 0.3 | I26: 60 | J26: 0.004 | L26: =(((((E26*G26)*J26)/12)*I26)+2500)*1.19 -> 164968.53
B27: =B26+0.001 -> 3.204 | C27: Predios, labores y Operaciones- Vigencia (Decreto 1082 de 2015 Sección III) | D27: RESPONSABILIDAD CIVIL EXTRACONTRACTUAL | E27: =200*TABLAS!J37 -> 200000000 | G27: 200 SMMLV | I27: 4 | J27: 0.004 | L27: =((((E27*J27)/12)*I27)+2500)*1.19 -> 320308.33
C29: SUBTOTAL GARANTÍAS | L29: =ROUND((SUM(L24:L27)),0) -> 551974
C31: TOTAL IMPUESTOS Y GARANTÍAS | L31: =L20+L29 -> 2500887
C32: TOTAL IMPUESTOS Y GARANTÍAS EN PORCENTAJE DEL COSTO DIRECTO | L32: =L31/E9 -> 0.11022868
C34: A. ADMINISTRACIÓN (1 + 2 + 3) | L34: =L32 -> 0.11022868
C35: I. IMPREVISTOS | L35: ='AIU OBRA'!L66 -> 0.01
C36: U. UTILIDAD | L36: ='AIU OBRA'!L67 -> 0.09
C38: A.I.U. (ADMINISTRACIÓN, IMPREVISTOS Y UTILIDAD) | L38: =SUM(L34:L36) -> 0.21022868
C42: NOTA: | D42: LA EDICIÓN DE LAS FÓRMULAS COMPROMETE LA RESPONSABILIDAD DEL USUARIO DE LA MATRIZ.

Sheet TABLAS
A1: COD | B1: CARGO | C1: CATEGORÍA | D1: TOPE MÁXIMO SALARIO | E1: FACTOR PRESTACIONAL 2022 - SIN EXTRAS
A2: 9084 | B2: TARIFA MES - PERSONAL TÉCNICO-TECNÓLOGO EN ÁREAS DE INGENIERÍA (NO INCLUYE FACTOR DE PRESTACIONES) | C2: MES | D2: 2622000 | E2: =VLOOKUP(A2,F.P!$B$7:$G$45,6,FALSE) -> 1.4569
A3: 9085 | B3: TARIFA MES - PERSONAL TÉCNICO - AUXILIAR DE INGENIERÍA (NO INCLUYE FACTOR DE PRESTACIONES) | C3: MES | D3: 2305000 | E3: =VLOOKUP(A3,F.P!$B$7:$G$45,6,FALSE) -> 1.4581
A4: 9086 | B4: TARIFA MES - PERSONAL TÉCNICO - DIBUJANTE 1 (NO INCLUYE FACTOR DE PRESTACIONES) | C4: MES | D4: 2417000 | E4: =VLOOKUP(A4,F.P!$B$7:$G$45,6,FALSE) -> 1.4576
A5: 9087 | B5: TARIFA MES - PERSONAL TÉCNICO - DIBUJANTE 2 (NO INCLUYE FACTOR DE PRESTACIONES) | C5: MES | D5: 1953000 | E5: =VLOOKUP(A5,F.P!$B$7:$G$45,6,FALSE) -> 1.46
A6: 9088 | B6: TARIFA MES - PERSONAL TÉCNICO - TOPÓGRAFO INSPECTOR (NO INCLUYE FACTOR DE PRESTACIONES) | C6: MES | D6: 2733000 | E6: =VLOOKUP(A6,F.P!$B$7:$G$45,6,FALSE) -> 1.4565
A7: 9089 | B7: TARIFA MES - PERSONAL TÉCNICO - LABORATORISTA INSPECTOR (NO INCLUYE FACTOR DE PRESTACIONES) | C7: MES | D7: 2421000 | E7: =VLOOKUP(A7,F.P!$B$7:$G$45,6,FALSE) -> 1.4576
A8: 9090 | B8: TARIFA MES - PERSONAL TÉCNICO - LABORATORISTA AUXILIAR (NO INCLUYE FACTOR DE PRESTACIONES) | C8: MES | D8: 1695000 | E8: =VLOOKUP(A8,F.P!$B$7:$G$45,6,FALSE) -> 1.5601
A9: 9091 | B9: TARIFA MES - PERSONAL TÉCNICO - OPERADOR EQUIPO PERFORACIÓN (INCLUYE FACTOR DE PRESTACIONES) | C9: MES | D9: 3174195 | E9: =VLOOKUP(A9,F.P!$B$7:$G$45,6,FALSE) -> 1.4587
A10: 9092 | B10: TARIFA MES - PERSONAL TÉCNICO - OPERADOR AUXILIAR DE EQUIPO (INCLUYE FACTOR DE PRESTACIONES) | C10: MES | D10: 2308952 | E10: =VLOOKUP(A10,F.P!$B$7:$G$45,6,FALSE) -> 1.5787
A11: 9093 | B11: TARIFA MES - PERSONAL TÉCNICO - INSPECTOR 1 (NO INCLUYE FACTOR DE PRESTACIONES) | C11: MES | D11: 1988000 | E11: =VLOOKUP(A11,F.P!$B$7:$G$45,6,FALSE) -> 1.4597
A12: 9094 | B12: TARIFA MES - PERSONAL TÉCNICO - INSPECTOR 2 (NO INCLUYE FACTOR DE PRESTACIONES) | C12: MES | D12: 1790000 | E12: =VLOOKUP(A12,F.P!$B$7:$G$45,6,FALSE) -> 1.5541
A13: 9095 | B13: TARIFA MES - PERSONAL TÉCNICO - TOPÓGRAFO AUXILIAR (NO INCLUYE FACTOR DE PRESTACIONES) | C13: MES | D13: 2242000 | E13: =VLOOKUP(A13,F.P!$B$7:$G$45,6,FALSE) -> 1.4585
... A22: 9104 | B22: TARIFA MES - PERSONAL ADMINISTRATIVO - SECRETARIA 1 (NO INCLUYE FACTOR DE PRESTACIONES) | C22: MES | D22: 1476000 | E22: =VLOOKUP(A22,F.P!$B$7:$G$45,6,FALSE) -> 1.5767
A23: 9105 | B23: TARIFA MES - PERSONAL ADMINISTRATIVO - SECRETARIA 2 (NO INCLUYE FACTOR DE PRESTACIONES) | C23: MES | D23: 1228000 | E23: =VLOOKUP(A23,F.P!$B$7:$G$45,6,FALSE) -> 1.6026 | H23: categoria | I23: PROFESIONAL (Años) | J23: EXPERIENCIA ESPECIFICA (Años)
A24: 9107 | B24: TARIFA MES - PROFESIONAL CATEGORÍA 1 (NO INCLUYE FACTOR DE PRESTACIONES) | C24: MES | D24: 12721000 | E24: =VLOOKUP(A24,F.P!$B$7:$G$45,6,FALSE) -> 1.5848 | H24: 1 | I24: Mínimo 12 | J24: Mínimo 5
A25: 9108 | B25: TARIFA MES - PROFESIONAL CATEGORÍA 2 (NO INCLUYE FACTOR DE PRESTACIONES) | C25: MES | D25: 9695000 | E25: =VLOOKUP(A25,F.P!$B$7:$G$45,6,FALSE) -> 1.5854 | H25: 2 | I25: Mínimo 10 | J25: Mínimo 4
A26: 9109 | B26: TARIFA MES - PROFESIONAL CATEGORÍA 3 (NO INCLUYE FACTOR DE PRESTACIONES) | C26: MES | D26: 8182000 | E26: =VLOOKUP(A26,F.P!$B$7:$G$45,6,FALSE) -> 1.4508 | H26: 3 | I26: Mínimo 8 | J26: Mínimo 3
A27: 9110 | B27: TARIFA MES - PROFESIONAL CATEGORÍA 4 (NO INCLUYE FACTOR DE PRESTACIONES) | C27: MES | D27: 6967000 | E27: =VLOOKUP(A27,F.P!$B$7:$G$45,6,FALSE) -> 1.5829 | H27: 4 | I27: Mínimo 6 | J27: Mínimo 2
A28: 9111 | B28: TARIFA MES - PROFESIONAL CATEGORÍA 5 (NO INCLUYE FACTOR DE PRESTACIONES) | C28: MES | D28: 6284000 | E28: =VLOOKUP(A28,F.P!$B$7:$G$45,6,FALSE) -> 1.4517 | H28: 5 | I28: Mínimo 4 | J28: Mínimo 2
A29: 9112 | B29: TARIFA MES - PROFESIONAL CATEGORÍA 6 (NO INCLUYE FACTOR DE PRESTACIONES) | C29: MES | D29: 5604000 | E29: =VLOOKUP(A29,F.P!$B$7:$G$45,6,FALSE) -> 1.5829 | H29: 6 | I29: Mínimo 2 | J29: Mínimo 1
A30: 9113 | B30: TARIFA MES - PROFESIONAL CATEGORÍA 7 (NO INCLUYE FACTOR DE PRESTACIONES) | C30: MES | D30: 4237000 | E30: =VLOOKUP(A30,F.P!$B$7:$G$45,6,FALSE) -> 1.5829 | H30: 7 | I30: Mínimo 2 | J30: Minimo 0
A31: 9114 | B31: TARIFA MES - PROFESIONAL CATEGORÍA 8 (NO INCLUYE FACTOR DE PRESTACIONES) | C31: MES | D31: 3998000 | E31: =VLOOKUP(A31,F.P!$B$7:$G$45,6,FALSE) -> 1.4538 | H31: 8 | I31: Hasta 2
A32: 9455 | B32: TARIFA MES - PERSONAL DE OBRA - AYUDANTE (NO INCLUYE FACTOR DE PRESTACIONES) | C32: MES | D32: 1000000 | E32: =VLOOKUP(A32,F.P!$B$7:$G$45,6,FALSE) -> 1.6504
A33: 9457 | B33: TARIFA MES - PERSONAL DE OBRA - INSPECTOR 1 HORARIO NOCTURNO (NO INCLUYE FACTOR DE PRESTACIONES) | C33: MES | D33: 2683800 | E33: =VLOOKUP(A33,F.P!$B$7:$G$45,6,FALSE) -> 1.4591839
A34: 9575 | B34: TARIFA MES - PERSONAL TÉCNICO - CELADOR ARMADO (24 horas por 30 dias dividos en 3 turnos de 8 horas diarias. Incluye prestaciones de ley, Administraciòn y servicios). | C34: MES | D34: 9460000
C37: VALOR DEL CONTRATO DE CONSTRUCCIÓN (SMMLV) | E37: UTILIDAD | I37: Valor SMMLV 2022 | J37: 1000000
C38: desde | D38: hasta
C39: 0 | D39: 1500 | E39: 0.09 | I39: =$J$37*C39 -> 0 | J39: =$J$37*D39 -> 1500000000
C40: 1501 | D40: 30000 | E40: 0.07 | I40: =$J$37*C40 -> 1501000000 | J40: =$J$37*D40 -> 30000000000
C41: 30001 | D41: 60000 | E41: 0.06 | I41: =$J$37*C41 -> 30001000000 | J41: =$J$37*D41 -> 60000000000
C42: 60001 | D42: 200000 | E42: 0.05 | I42: =$J$37*C42 -> 60001000000 | J42: =$J$37*D42 -> 200000000000
C43: 200001 | D43: en adelante | E43: 0.045 | I43: =$J$37*C43 -> 200001000000
C47: VALOR DEL CONTRATO DE OBRA EN SMMLV | E47: CATEGORIA PROFESIONALES OBRA
E48: DIRECTOR | F48: COORDINADOR/ | G48: ESPECIALISTA | I48: DESDE | J48: HASTA
C49: DESDE | D49: HASTA | F49: RESIDENTE/
F50: SUPERVISOR
C51: 2 | D51: 23057 | E51: 4 | F51: 6 | G51: 4 | I51: =$J$37*C51 -> 2000000 | J51: =$J$37*D51 -> 23057000000
C52: 23058 | D52: 46115 | E52: 3 | F52: 5 | G52: 3 | I52: =$J$37*C52 -> 23058000000 | J52: =$J$37*D52 -> 46115000000
C53: 46116 | D53: 115287 | E53: 3 | F53: 4 | G53: 3 | I53: =$J$37*C53 -> 46116000000 | J53: =$J$37*D53 -> 115287000000
C54: 115288 | D54: En Adelante | E54: 2 | F54: 4 | G54: 3 | I54: =$J$37*C54 -> 115288000000
C56: SOLO PARA ESTUDIOS Y DISEÑOS E INTERV DE EYD
C57: Presupuesto. Oficial Estudios y Diseños DESDE SMMLV | D57: HASTA SMMLV | E57: CATEGORIAS PROFESIONALES | I57: DESDE | J57: HASTA
E58: DIRECTOR | F58: COORDINADOR/SUPERVISOR/ ESPECIALISTA | G58: ESPECIALISTA
C59: 0 | D59: 2305 | E59: 4 | F59: 6 | G59: 4 | I59: =$J$37*C59 -> 0 | J59: =$J$37*D59 -> 2305000000
C60: 2306 | D60: 4611 | E60: 3 | F60: 5 | G60: 3 | I60: =$J$37*C60 -> 2306000000 | J60: =$J$37*D60 -> 4611000000
C61: 4612 | D61: 11528 | E61: 3 | F61: 4 | G61: 3 | I61: =$J$37*C61 -> 4612000000 | J61: =$J$37*D61 -> 11528000000
C62: 11529 | D62: En adelante | E62: 2 | F62: 4 | G62: 3 | I62: =$J$37*C62 -> 11529000000
C65: Decreto 1082 de 2015 SECCION III GARANTIAS
C66: Suficiencia del seguro de responsabilidad civil extracontractual. El valor asegurado por los contratos de seguro que amparan la RCE No debe ser inferior a:
C68: ITEM | D68: CONTRATOS | E68: SMLMV | F68: VALOR ASEGURABLE NO INFERIOR A: | I68: DESDE | J68: HASTA
C69: 1 | D69: <=1,500 SMLMV | E69: 200 | F69: 137891000 | J69: =1500*J37 -> 1500000000
C70: 2 | D70: >1,500 A 2,500 SMLMV | E70: 300 | F70: 206836500 | I70: =1500*J37 -> 1500000000 | J70: =2500*J37 -> 2500000000
C71: 3 | D71: >2,500 A 5,000 SMLMV | E71: 400 | F71: 275782000 | I71: =2500*J37 -> 2500000000 | J71: =5000*J37 -> 5000000000
C72: 4 | D72: >5,000 A 10,000 SMLMV | E72: 500 | F72: 344727500 | I72: =5000*J37 -> 5000000000 | J72: =10000*J37 -> 10000000000
C73: 5 | D73: >10,000 SMLMV | E73: 0.05 | F73: DEL VALOR DEL CONTRATO | G73: Minimo | I73: =10000*J37 -> 10000000000
E74: 75000 | F74: 51709125000 | G74: Maximo
H76: SMMLV 2022 | I76: =J37 -> 1000000
